Workbook
Name _1__Common_Acronyms: General_Instructions!$A$2
Name _1__Explanation_of_Acceptable_EUM_Expenses: Equipment_FAQs!$A$2
Name _1__General: Eligibility_Summary!$A$2
Name _1__General_Guidance: Screening_Instructions!$A$2
Name _2__Deadlines: General_Instructions!$A$4
Name _2__Enrollment_Threshold: Screening_Instructions!$A$4
Name _2__Explanation_of_Unacceptable_EUM_Expenses: Equipment_FAQs!$A$4
Name _2__Program: Eligibility_Summary!$A$4
Name _2A._Applicant_Information__School_Districts_Only: '2A_District_Applicant_Info'!$B$1
Name _2A._Applicant_Information__School_Districts_Only: #REF!
Name _2B._Applicant_Information___State_Colleges_Only: '2B_StateCollege_Applicant_Info'!$B$1
Name _2B._Applicant_Information___State_Colleges_Only: #REF!
Name _3__Career_Clusters: Eligibility_Summary!$A$6
Name _3__Grant_Summary: General_Instructions!$A$6
Name _3__Software: Equipment_FAQs!$A$6
Name _4__Expenses: Eligibility_Summary!$A$8
Name _4__General_Examples_of_Acceptable_and_Unacceptable_Equipment_Requests_for_2024–25: Equipment_FAQs!$A$8
Name _4__Summary_of_Workbook_Contents: General_Instructions!$A$8
Name _5__Attention: General_Instructions!$A$10
Name _5__Specific_Equipment_Examples_—_Acceptable: Equipment_FAQs!$A$10
Name _6__Concept_Pitch_Proposal_Review: General_Instructions!$A$12
Name _6__Specific_Equipment_Examples_—_Acceptable__Continued: Equipment_FAQs!$A$12
Name _7__Instructions: General_Instructions!$A$14
Name _7__Specific_Equipment_Examples_—_Unacceptable: Equipment_FAQs!$A$14
Name _8__Resources: General_Instructions!$A$19
Name A__Name_of_Eligible_Recipient_Fiscal_Agent: #REF!
Name A_Line_Number: #REF!
Name A_Line_Number: #REF!
Name A_Line_Number: Table2[[#Headers],[A Line Number]]
Name Account_Title: #REF!
Name Account_Title: #REF!
Name Account_Title: Table2[[#Headers],[D Account Title]]
Name Account_Title_2: Table2[[#Headers],[D Account Title]]
Name ACCOUNT_TITLE_AND_NARRATIVE: #REF!
Name ALLOCATED_TO_THIS_PROJECT: #REF!
Name AMOUNT: #REF!
Name B__Project_Number__FDOE_Use_Only: #REF!
Name B_Function_Code: #REF!
Name B_Function_Code: #REF!
Name B_Function_Code: Table2[[#Headers],[B Function Code]]
Name C__TAPS_Number: #REF!
Name C_Object_Code: #REF!
Name C_Object_Code: #REF!
Name C_Object_Code: Table2[[#Headers],[C Object Code]]
Name Career_Cluster: Teach_Out_Programs!$E$3
Name Career_Cluster_2: Career_Clusters_District!$D$3
Name Career_Cluster_3: Career_Clusters_StateCollege!$D$3
Name Category: #REF!
Name Category: #REF!
Name Category: Table1619[[#Headers],[Category]]
Name Category_2: Table1619[[#Headers],[Category]]
Name CIP_Number: Teach_Out_Programs!$A$3
Name CIP_Number_20202: Teach_Out_Programs!$A$3
Name CIP_Number_Text: Career_Clusters_StateCollege!$A$3
Name D_Account_Title: #REF!
Name D_Account_Title: #REF!
Name D_Account_Title: Table2[[#Headers],[D Account Title]]
Name Description: #REF!
Name Description: #REF!
Name Description: Table2[[#Headers],[E Description]]

Sheet Title Page
A2: Career and Technical Education 2026–27 Equipment Upgrade and Modernization (EUM) Grant Project Concept Workbook, TAPS #27B143
A3: Governor Ron DeSantis
A4: Henry Mack, Ed.D. Commissioner of Education

Sheet General_Instructions
A1: Equipment Upgrade and Modernization (EUM) Grant Project Concept Workbook General Instructions
A2: 1)Common Acronyms
A3: • Career and Technical Education (CTE) • Classification of Instructional Program (CIP) • Comprehensive Local Needs Assessment (CLNA) • Division of Career and Adult Education (DCAE) • Florida Department of Education (FDOE) • Request for Application (RFA) • Program Improvement Plans (PIPs) • Standard Occupational Classification (SOC)
A4: 2)Deadline and Reminders
A5: • Complete this project concept workbook and submit it only by e-mail to the Florida Department Education at Perkins@fldoe.org by Friday August 28, 2026, at 5:00 PM (Eastern Time). Please include "EUM 2026–27" in the subject line. Early submissions are welcome. Late submissions will not be accepted. A maximum of two project concepts per agency may be submitted. • If a project concept is designated, at the discretion of FDOE leadership, to receive an award allocation, FDOE will notify agencies with RFA instructions at a later time. Refer to the EUM memo for details about the online tutorial. • For EUM, equipment must be purchased, received, installed, and used for the benefit of students by June 30, 2027. • No late submissions no amendments and no extensions are accepted. • When submitting a Project Concept, name your files in the following way: "Agency Number-Agency Name-<TAPs Number>-Short Program Title-PC#." For example, 999-SunshineCSD-27B143-Machinery-PC2. "SunshineCSD" would be for "Sunshine County School District." "PC2" means "Project Concept #2."
A6: 3)Grant Summary
A7: • The EUM Grant is an opportunity for Florida school districts and state colleges that have a current need for equipment upgrades and modernization for an established postsecondary CTE program. Funds will assist agencies in meeting industry standards, which will better equip students for job opportunities in high-demand fields. The EUM Grant seeks to meet needs not readily addressed by other funding sources. Only Perkins-fundable, postsecondary programs in certain career clusters are allowed. See the Eligibility Summary for details. • Funds are NOT intended for the creation of new programs or the expansion of programs. • EUM may supplement but may not supplant other funding sources. If unsure, contact your agency's finance office. • There is no longer a distinction between an "upgrade" and "modernization." • Efficiency, cost-effectiveness and impact are important elements of the EUM Grant. • Only two project concepts per agency (Florida school district or state college), each in a separate workbook and with a total of $75,000–$250,000 in expenses per project concept, may be submitted for FDOE consideration. • Agencies should focus on one "main" program when completing the project concept but may also list two additional, optional programs that will substantially benefit students. • The minimum enrollment threshold is ten students. See Screening Instructions for details. • Equipment must have a per-unit value of $5,000 with a useful lifespan of at least one year. There is a limited number of potential exceptions. See the Equipment Frequently Asked Questions (FAQs). • Reasonable shipping and non-construction installation costs are permitted. Materials and supplies, as well as services — for example training, certifications, instructional software and materials, extended warranties and service contracts — are generally not accepted. The Equipment FAQs clarify which expenses are acceptable. • Please read the Eligibility Requirements sheet in this workbook for additional guidance.
A8: 4)Summary of Workbook Contents
A9: • Please read the instructions before completing the workbook. • There are six instruction sheets: 1)New for 2026–27, 2)General Instructions, 3)Eligibility Requirements, 4)Equipment FAQs, 5)Screening Instructions for the Screening Questionnaire, and 6)Projected Equipment Instructions for the Projected Equipment Form. • There are four reference sheets to help you complete the forms: 1)A Quick Reference to help you find needs stated on your Perkins V Entitlement Grant application, 2)a Teach-Out Programs list of programs (school district and college) ineligible for EUM because they are scheduled for teach-out or deletion, 3)a Career Clusters reference for districts (postsecondary program numbers only) to identify how programs are classified and 4)a Career Clusters reference for state colleges (credit and clock hours). • There are four forms required for a complete project concept: 1)Screening Questionnaire, 2)Applicant Info (district or state college), 3)Postsecondary Questionnaire, and 4)Projected Equipment Form. IMPORTANT: The budget form is now its own workbook.
A10: 5)Attention
A11: Please note the following: • Do not spend EUM funds unless you receive an EUM Project Award Notification. • Refer to the Chancellor's EUM memo for webinar training details.
A12: 6)Project Concept Review
... A30: F) Please contact Perkins@fldoe.org with any questions about the EUM Grant.

Sheet Eligibility_Summary
A1: EUM Grant Eligibility Summary
A2: 1)General
A3: • Applicant must be a Florida school district or state college that has received a postsecondary Perkins grant allocation. • A Perkins V Entitlement Grant application for the current year must be marked received by FDOE, and all required PIPs (if applicable) must be approved prior to submitting an EUM project concept. • EUM funds must address needs identified in the CLNA process and reported in the Perkins V Entitlement Grant application. See the Quick Reference sheet in this workbook. • Project concepts must be submitted by e-mail to Perkins@fldoe.org by the deadline. Late submissions are not accepted. See General Instructions. No more than two project concepts per agency, each in a separate EUM workbook. • In the current program year, there is no distinction between "upgrading" and "modernization." • The agency will evaluate funding sources to ensure that the amount requested cannot be provided by another source. EUM funds may be used in conjunction with other funds, but may not used as a substitute funding source for items listed on the Perkins V Entitlement Grant application. In other words, the amount received from this grant may be combined with other sources, but it must supplement and not supplant. When in doubt, consult your agency's finance office. • The agency understands that the EUM grant is a one-time, non-recurring grant to be used for the upgrade or modernization of equipment for existing career and technical education programs. • The agency must research equipment availability through the vendor and ensure that it will be purchased, installed and available for use by students before June 30 of the current program year. • There will be no extensions for the use of grant funds after June 30 of the current program year. • Amendments will not be accepted. For concerns regarding the project concept, contact Perkins@fldoe.org during the review process.
A4: 2)Program
A5: • EUM is for established, Perkins-fundable, postsecondary programs only. The focus of this grant is maintaining industry standards for existing programs, not establishing new programs or expanding programs. Programs that had no enrollment prior to the current program year are ineligible. The program(s) funded with the EUM grant must be marked as "fundable" in the Perkins Entitlement Grant application for the current program year. • Agencies should focus on one "main" program when completing the project concept, but may list up to two additional EUM-eligible programs that would substantially benefit from the EUM Grant. Listing additional programs is optional. Enrollment in each listed program must be at least ten students. (See Screening Instructions for guidance.) • Programs that have been "scheduled for deletion or teach-out" are not eligible. Refer to the Teach-Out Programs sheet in this workbook.
A6: 3)Career Clusters
A7: • To be eligible, postsecondary programs must be within one of the clusters below. See the Career Clusters sheet appropriate for your agency in this workbook. This list was developed by balancing many factors, including the following: student and state-wide needs; jobs that are high demand high wage or high skill; and availability of other grant funding. Some clusters will receive priority consideration. Although it is not the only factor considered, certain clusters are a priority. However, no project concept, even for a priority cluster, is guaranteed to receive funding. • The eligible clusters are: • Agriculture, Food & Natural Resources • Architecture & Construction [Priority] • Arts, A/V Technology & Communication • Business, Management & Administration • Education & Training • Energy [Priority] • Information Technology • Manufacturing [Priority] • Law, Public Safety & Security • Transportation, Distribution & Logistics [Priority]
A8: 4)Expenses
A9: • The minimum request for each project concept is $75,000. The maximum request per project concept is $250,000. • See Equipment FAQs in this workbook for details.

Sheet Equipment_FAQs
A1: EUM Grant Equipment Frequently Asked Questions
A2: 1)Explanation of Acceptable EUM Expenses
A3: • EUM covers expenses for the 2026–27 program year. • Expenses must be reasonable, allowable and allocable to an identified need. • Object codes. Typically, district object codes for equipment are 64X (e.g., 641). For state colleges, they are typically 7XXXX (e.g., 71001). In certain cases, it may be appropriate to list multiple purchases on a single line item in the budget form. See the Projected Equipment Instructions in this workbook. If unsure, contact your agency's finance office, or contact the FDOE Grants Manager assigned to your Perkins Entitlement Grant. While other codes may be possible, it must be clear that they are for EUM-acceptable expenses. In the Postsecondary Questionnaire, please explain why lines in the budget forms (DOE101S, Projected Equipment Form) that are not classified under these codes should be approved. • The focus of EUM is Perkins-allowable capitalized equipment. These tangible Items have a projected value of $5,000 or more per unit, and have a useful life of one year or more. • "Minor equipment" items are generally no longer accepted for EUM. These are tangible items with a useful life at least one year and a projected value of less than $5,000. • Fixed capital expenses, such as land or buildings, are not permitted. However, vehicles used for CTE training are typically acceptable. See the Specific Examples — Acceptable, Continued section below. • Vehicles must be for instructional purposes only. If invited to submit an RFA, the grants manager may require a vehicle purchase form. • EUM requests should not include consumables, but reasonable shipping and Perkins-allowable (non-construction) installation costs may be listed. • In general, an item that is a basic part of a vendor bundle, or is a non-consumable necessary for the essential function of equipment, may be listed even if it has a value of under $5,000. For example, a $150 3-D AutoCAD mouse necessary to operate a $6,000 AutoCAD workstation would be acceptable. A $150 mouse alone would not. • In some cases, it may be acceptable if multiple items of minor equipment worth less than $5,000 must be combined to make one functional unit worth at least $5,000. In this case, please make clear they must be combined to form a functional unit. The cost must be reasonable. This is generally acceptable with a clear and direct explanation. • Note: Although a firefighter self-contained breathing system may require a $750 blue cylinder, a $300 mask and other components to make a functional unit, remember that for this year, the value per functional unit must be at least $5,000, and this cost must be reasonable.
A4: 2)Explanation of Unacceptable EUM Expenses
A5: • No administrative or indirect costs. • No personnel or travel expenses. • Various non-equipment purchases. See below for examples.
A6: 3)Software
A7: • An operating system or software license necessary for fundamental equipment function would be acceptable. For example, a robotic arm may require software licenses to operate. • Remember: EUM only covers expenses for the current program year. Software purchased for a fixed term (such as a one-year license or one-year subscription) must be pro-rated to June 30 of the current program year. • When making an equipment purchase, if the basic operating system or license will not meet needs, an upgrade may be purchased with the equipment. • The intent of EUM is not for curriculum software. If the software comes pre-loaded, or a vendor automatically includes this with a basic equipment purchase, this is typically acceptable provided that this is explained in the Postsecondary Questionnaire. Software not essential for the fundamental, functional operation of the equipment, such as curriculum software, that is available as an option or "add-on" purchase with equipment, or is available separately, is typically not accepted. • If in doubt, contact Perkins@fldoe.org. For specific guidance about pro-rated grants expenses, contact the FDOE Grants Manager assigned to your Perkins Entitlement Grant. Please ask before submitting a concept pitch proposal and allow time for a response.
A8: 4)General Examples of Acceptable and Unacceptable Equipment Requests
A9: Examples of Acceptable Expenses • Capitalized equipment. • Items required to make equipment function are generally accepted. This may include, for example, the purchase of fundamental software necessary for machinery to run for the program year (but not optional instructional software, textbooks or consumable printer supplies). See the Software section above. Another example is a controller necessary to operate a machine. • Reasonable installation costs that do not involve building improvements or construction. Examples of Unacceptable Expenses • Optional instructional software, instructor guides, software rental, student portals, curriculum subscriptions, or other curriculum materials. • Training or certifications. • Consultation fees or assessment registration fees. • Textbooks. • Generic office furniture or other Perkins-unallowable expenses. • Indirect or administrative costs. • Personnel costs. • Land, buildings or building improvements. No construction. No walk-in freezers or installation that requires construction on a building. • Livestock. • Supplies and consumables, such as copper wire used for instruction, refrigerant or raw materials for 3-D printers. • Service contracts. • Maintenance plans. • Extended warranties or services. This does not refer to basic warranties automatically included with purchase.
A10: 5)Specific Equipment Examples — Acceptable
A11: Examples of Acceptable Expenses • A robotic arm requires a patented software license to operate. In this case, the license is available for one year at a time. For some reason, the operating software license is not included with the purchase of the equipment. In this case, it is acceptable to purchase the license because it is fundamentally necessary for the equipment to function. However, because the license is valid only for a set period of time, the amount must be pro-rated to June 30. • As long all other criteria listed in the EUM instruction are followed, and the items below have a useful life of one year or more, the following would generally be acceptable expenses because they meet the definition of capitalized equipment: • A simulator worth $75,000. • Four machining centers that cost $20,000 per unit. • An ambulance costs $300,000. EUM may cover up to $250,000 of the cost. EUM may be combined with other funds, but may not replace (supplant) other existing sources of funding. Contact your finance office if unsure.
A12: 6)Specific Equipment Examples — Acceptable, Continued
... A17: • When providing a narrative/description of purchases on the budget and projected equipment forms, provide a clear description without being overly specific. • For example, instead of requesting "5 Polaris-North brand, 32GB, SSD auto-CAD computers," request "5 auto-CAD computers."

Sheet Screening_Instructions
A1: EUM Grant Screening Questionnaire Instructions
A2: 1)General Guidance
A3: • There are three sections: General eligibility check, enrollment threshold and needs and impact. Answer all questions. Remember to select the career cluster for the main program that will be most affected by this EUM Project Concept. Additional guidance on the enrollment threshold may be found below. • The "main program" is the FDOE-recognized CTE program that most benefits from the equipment used. Equipment must be used for instructional purposes. The "main program" is the focus of the EUM project concept. • It is permissible for equipment to be used, for instructional purposes, by other FDOE-recognized CTE programs. You may optionally list a maximum of two additional programs that will benefit from the equipment. List only programs that meet eligibility requirements (enrollment threshold, eligible career cluster). In your narrative responses, these additional programs may be discussed briefly as a minor factor. Focus on the main program. Be honest about which is your main program. • The enrollment data are one consideration during review. That said, EUM is more concerned with cost effectiveness than the total number of students, as long as the minimum enrollment threshold is met.
A4: 2)Enrollment Threshold
A5: • EUM is not for establishing new programs. In other words, programs must have had enrollment prior to the 2026–2027 program year. • The main program and optional additional programs must have had at least ten students enrolled in 2024–25 (or 2025–26 if that was the first year with enrolled students). This is part of the ongoing effort to ensure effective and efficient use of funds. Do not use 2026–27 enrollment numbers. Do not add multiple program years together to increase a program's enrollment. • Agencies must indicate the number of students enrolled on the Screening Questionnaire. Agencies report this data to FDOE. Due to reporting timeframes, the most recently reported data are from 2024–25. You must use the enrollment numbers from 2024–25 if the program had enrollment that year. • If a program had fewer than ten students in 2024–25, but at least ten students in 2025–26, you must receive permission prior to submitting the concept pitch proposal by e-mailing Perkins@fldoe.org. Allow processing time to consider the request. • If a 2025–26 enrollment number is used and is approximate, be able to explain efforts to arrive at an accurate number, if requested. Make a thorough and reasonable effort to arrive at an accurate number. Failure to do so may result in disqualification of the project concept.
A6: • On the Screening Questionnaire, list the number of students enrolled in the main program. This refers to all students, not just concentrators. Example: Advanced Manufacturing and Production Technology (34). • In your project concept you may optionally list up to two additional programs that will substantially benefit from the EUM grant. List the enrollment for each by program name. For example:, Advanced Composites (10). Do not include any programs that had fewer than ten students enrolled or are not within EUM-eligible clusters.

Sheet 1_Screening_Questionnaire
B1: 1. Screening Questionnaire
A2: Prompt Number | B2: General Eligibility Check | C2: Dropdown Menu/Character Count
A3: 1 | B3: Dropdown menu. Proof of CLNA and compliance for postsecondary funding.
B4: Have you submitted your postsecondary Perkins V Entitlement Grant (XXB005) application and submitted any required Program Improvement Plans?
A5: 2 | B5: Dropdown menu. Reserve Fund Check. Mark "yes" for all that apply. At least one must be marked as "yes." For items that do not apply, select "No," or leave blank if unsure. If you cannot mark at least one of these as "yes," then stop — this pitch does not qualify.
B6: Rural area
B7: High CTE Population
B8: High percentage of CTE population
B9: Agency has subpopulation performance gaps
A10: 3 | B10: Dropdown menu. Career Clusters. Determine one "main" program in this concept pitch proposal that will be the most affected by EUM funding. Then, use the attached, state-defined Career Clusters sheet to determine how the program is classified. Do not rely on local career cluster designations. If the program's cluster cannot be found on this dropdown list, you must write a pitch for a different program. Contact Perkins@fldoe.org with questions or concerns.
B11: Please select the career cluster of the main program. Do not forget this step.
B12: Enrollment Threshold. (See General Instructions for Additional Guidance.)
A13: 4 | B13: Write the name of your main program and list the number of students enrolled in the main program in 2024–25. For example: Aerospace Technology (50). Be able to document if requested. If 2024–25 data are unavailable, write that 2025–26 data were used, and provide as accurate a number as possible. Important: If fewer than ten students were enrolled, then stop — this project concept does not qualify.
A15: 5 | B15: If you list additional programs (up to two) on the Applicant Info form, write the program names and the number of students enrolled for each in 2024–2025, separated by program name in the space below. Be able to document if requested. If 2024–25 data are unavailable, write that 2025–26 data were used. Do not include any programs that had fewer than ten students enrolled. Write "N/A" if not applicable.
B18: FDOE Use only: Record the average number of students enrolled the main program and additional programs. This average must be at least ten.
B19: Needs and Impact
A20: 6 | B20: Drop-down menu. Select the main county served. For example, this may be your main campus.
A22: 7 | B22: Auto-populate. Workforce Development Area for the main county served.
B23: =INDEX(Lookup!H2:H68, MATCH(B21, Lookup!I2:I68, 0)) -> #N/A
A24: 8 | B24: List additional counties served. For example, this may be where you have additional campuses.
A26: 9 | B26: Describe how this project will support one or more goals in the State Board of Education's K–20 Strategic Plan. Please limit your response to a maximum of 4000 characters.
B27: http://www.fldoe.org/policy/state-board-of-edu/strategic-plan.stml
C28: =LEN(B28) -> 0
A29: 10 | B29: List each need of the CLNA, as stated in your Entitlement Grant application, that this grant would address. Include both the text and the location of the need as found on your Entitlement RFA by section, part, prompt and number. For example: Text (1-E-ii-1). Use the Quick Reference sheet to help. If N/A, then stop — this project concept does not qualify.
A31: 11 | B31: Describe the key purchases in a few words (e.g., "portable electrical learning system" or "robotic arm trainer and controller").
A33: 12 | B33: Briefly describe the equipment requested and what it does. Please limit your response to a maximum of about 2500 characters (character count to the right).
C34: =LEN(B34) -> 0
A35: 13 | B35: Summarize why this equipment upgrade or modernization is necessary. Include a short description of how the equipment will be used for instruction and the expected overall impact of an EUM grant award (for example, how it will prepare students to succeed in their fields). Please limit your response to a maximum of about 4000 characters (character count to the right).
C36: =LEN(B36) -> 0
A37: 14 | B37: Optional. Please explain if anything did not populate correctly above.

Sheet Quick_Reference
A1: Perkins V Entitlement Grant Program Narrative Prompts Quick Reference Yellow = Excel, Purple = PDF, Bold = Needs
A2: Sec. | B2: Part | C2: Prompt | D2: Description
A3: 1 | B3: A | C3: i–iii | D3: Process Description
A4: 1 | B4: B | D4: Stakeholder Consultation Table
A5: 1 | B5: C | C5: i | D5: SSQ Section of Worksheet
A6: 1 | B6: C | C6: ii | D6: SSQ Narrative Table(s) (For Secondary, Check Excel Workbook to See Whether Middle Grades Table Applies)
A7: 1 | B7: C | C7: iii | D7: List: SSQ High-Priority Needs
A8: 1 | B8: D | C8: i | D8: LMA Section of Worksheet
A9: 1 | B9: D | C9: ii | D9: Phase-Out Programs (Might Be N/A)
A10: 1 | B10: D | C10: iii | D10: Programs for Development (Might Be N/A)
A11: 1 | B11: E | C11: i | D11: Table: Identify High-Priority CTE Programs/Programs-of-Study Needs
A12: 1 | B12: E | C12: ii | D12: List: High-Priority CTE Programs/Programs-of-Study Needs
A13: 1 | B13: F | C13: i | D13: Table: Faculty and Staff
A14: 1 | B14: F | C14: ii | D14: List: High-Priority Faculty & Staff Needs
A15: 1 | B15: G | C15: i | D15: Table: Perkins Accountability Performance
A16: 1 | B16: G | C16: ii | D16: List: High-Priority Performance Needs
... A19: 1 | B19: I | C19: i | D19: List: Other High-Priority Needs
A20: 2 | B20: A | D20: Fundable-Programs Column of Worksheet (Response for Each Program)
A21: 2 | B21: B | D21: Program-of-Study Column of Worksheet
A22: 2 | B22: C | D22: Primary Program-of-Study Form
A23: 2 | B23: D | D23: List: Program of Study Advisory Council Members
A24: 2 | B24: E | D24: Info Dissemination
A25: 3 | B25: A | C25: i–iii | D25: Career-Exploration & Development Narrative
A26: 4 | B26: A | C26: i–ii | D26: Academic Continuous-Improvement Narrative
A27: 5 | B27: A | C27: i–iv | D27: Special-Populations Narrative
A28: 6 | B28: A | C28: i–ii | D28: Opportunities for Work-Based Learning Narrative
A29: 7 | B29: A | D29: Early Postsecondary-Credit Narrative
A30: 8 | B30: A | C30: i-ii | D30: CTE Personnel-Support Narrative
A31: 9 | B31: A | C31: - | D31: Special Population Performance Narrative
A32: 10 | B32: A | C32: - | D32: Accountability and Performance Narrative (Data Management)
A33: 11 | B33: A | C33: - | D33: Reading/Strategic-Imperatives Narrative
A34: 12 | B34: A | C34: - | D34: General Education Provisions Act (GEPA)
A35: Updated 02/26/25, JN | B35: Revised 4/23/2026 BH

Sheet 2A_District_Applicant_Info
B1: 2A. Applicant Information (School Districts Only)
A2: Prompt Number
A3: 1 | B3: Agency Name (Technical Colleges Must Submit Under a School District Name)
A5: 2 | B5: Physical Site Location for Equipment Upgrade or Modernization (Technical Colleges May Be Identified Here)
A7: 3 | B7: Primary Contact
A9: 4 | B9: Phone Number
A11: 5 | B11: Email Address
A13: 6 | B13: School Districts Only: Type the Postsecondary Program Code. List ONLY ONE Main program. Although many programs may be affected, identify the program that will most benefit. Use the attached Career Clusters sheet.
A15: 7 | B15: Program that Has Been Scheduled for Deletion or Is in Teach-out? (Auto-populates. If "yes," program does not qualify.)
B16: =IF($B14<>"", IF(COUNTIF(PSDag!$I:$I, ('2A_District_Applicant_Info'!$B14)),"Yes","No"),"")
A17: 9 | B17: Eligible Program Name (Auto-populates)
B18: =IF($B14<>"",INDEX(Career_D!$G:$G,MATCH($B14,Career_D!$I:$I,0),0),"")
A19: 9 | B19: Eligible Program Cluster (Auto-populates)
B20: =IF($B14<>"",INDEX(Career_D!$M:$M,MATCH($B14,Career_D!$I:$I,0),0),"")
A21: 10 | B21: Optional: Additional Programs. Type the Program Code, Program Name and Career Cluster in this format: "Code/Name/Cluster." You may list up to two additional programs, if any, that will be substantially affected by the purchase of this equipment (see instructions). If asked, you must be able to document how a program is substantially affected. Use the "Career Clusters" sheet to list only programs from EUM-eligible clusters.
A24: 11 | B24: Amount Requested (from $75,000 to $250,000). List only the total amount for this project concept.
A26: 12 | B26: Optional. Please add notes here if something above does not appear to populate correctly.

Sheet 2B_StateCollege_Applicant_Info
B1: 2B. Applicant Information (Florida College System (FCS) Institutions only
A2: Prompt Number
A3: 1 | B3: Agency Name (Technical Colleges: Use the District Applicant form 2A and Submit Under a District Name)
A5: 2 | B5: Physical Site Location for Equipment Upgrade or Modernization
A7: 3 | B7: Primary Contact
A9: 4 | B9: Phone Number
A11: 5 | B11: Email Address
A13: 6 | B13: State Colleges Only: Type the Postsecondary CIP Code. Enter ten digits. You must include the leading zero if applicable. (Do not change formatting from text to number, even if prompted by Excel, because this will break the auto-populate function.) Use the 2020 Code instead of the 2010 Code (even for agricultural programs on the "FDACS" list, which may have appeared under the 2010 number on the Perkins Entitlement CLNA and Budget Excel Workbook). List ONLY ONE main program. Although many programs may be affected, identify the program that will most benefit students. Use the attached Career Clusters sheet.
A15: 7 | B15: Program that Has Been Scheduled for Deletion or Is in Teach-out? (Auto-populates. If yes, program does not qualify.)
B16: =IF($B14<>"", IF(COUNTIF(PSDag!$D:$D, ('2B_StateCollege_Applicant_Info'!$B14)),"Yes","No"),"")
A17: 8 | B17: Eligible Program Name (Auto-populates)
B18: {=IF($B14<>"",INDEX(Career_FCS!$G:$G,MATCH($B14,Career_FCS!$D:$D,0),0),"")}
A19: 9 | B19: Eligible Program Cluster (Auto-populates)
B20: {=IF($B14<>"",INDEX(Career_FCS!$M:$M,MATCH($B14,Career_FCS!$D:$D,0),0),"")}
A21: 10 | B21: Additional Programs. Type the CIP Code, Program Name and Career Cluster in this format: "Code/Name/Cluster." You may list up to two additional programs, if any, that will be substantially affected by the purchase of this equipment (see instructions). If asked, you must be able to document how a program is substantially affected. Use the "Career Clusters" sheet to list only programs from EUM-eligible clusters.
A23: 11 | B23: Amount Requested (from $75,000 to $250,000). List only the total amount for this concept pitch proposal.
A25: 12 | B25: Optional. Please add notes here if something above does not appear to populate correctly.

Sheet Teach_Out_Programs
A1: Postsecondary Programs Scheduled for Teach-Out or Deletion (School District and FCS)
A2: Updated 07/30/26 based on the 7/27/26 Database. Programs in ineligible clusters have been excluded. If a program has been scheduled for teach-out or deletion, it is ineligible for EUM. If such a program is marked as "true" in the "Replaced" column, then check the "Replaces Old CIP" column to locate the new CIP. Contact Perkins@fldoe.org with questions. If needed, the Florida CIP-SOC Crosswalk (FL XWalk) is here: https://www.fldoe.org/academics/career-adult-edu/career-tech-edu/program-resources.stml
A3: CIP_Number_20202 | B3: FDOE_Program_Title | C3: Program_Type | D3: Postsecondary_Program_Number | E3: Career_Cluster | F3: NonTrad | G3: SOC_Code | H3: SOC_Title | I3: Teach_Out_Programs | J3: Year_Daggered | K3: Last_Reportable_Year | L3: Replaced | M3: Replacement | N3: Replaces_Old_CIP | O3: Perkins_Fundable
A4: 0450040804 | B4: Interior Decorating Services | C4: CAR | D4: V200600 | E4: Arts, A/V Technology & Communication | F4: X | G4: See (MCL) | H4: See current Master Credentials List (MCL) | I4: TRUE | J4: 25-26 | K4: 28-29 | L4: TRUE | M4: 0450040808 | O4: TRUE
A5: 0511100302 | B5: Applied Cybersecurity | C5: CAR | D5: Y100300 | E5: Information Technology | F5: F | G5: See (MCL) | H5: See current Master Credentials List (MCL) | I5: TRUE | J5: 26-27 | K5: 27-28 | L5: TRUE | M5: 0511100316 | O5: TRUE
A6: 0552030202 | B6: Accounting Operations | C6: CAR | D6: B070110 | E6: Business Management and Administration | F6: M | G6: See (MCL) | H6: See current Master Credentials List (MCL) | I6: TRUE | J6: 25-26 | K6: 27-28 | L6: TRUE | M6: 0552030207 | O6: TRUE
A7: 0552040103 | B7: Administrative Office Specialist | C7: CAR | D7: B070330 | E7: Business Management and Administration | F7: M | G7: See (MCL) | H7: See current Master Credentials List (MCL) | I7: TRUE | J7: 25-26 | K7: 27-28 | L7: TRUE | M7: 0552040104 | O7: TRUE
A8: 0609070208 | B8: Digital Media/Multimedia Design | C8: CAR | D8: K100200 | E8: Arts, A/V Technology & Communication | F8: X | G8: See (MCL) | H8: See current Master Credentials List (MCL) | I8: TRUE | J8: 26-27 | K8: 28-29 | L8: TRUE | M8: 0650010219 | O8: TRUE
A9: 0610010524 | B9: Digital Video Technology | C9: CAR | D9: K100400 | E9: Arts, A/V Technology & Communication | F9: F | G9: See (MCL) | H9: See current Master Credentials List (MCL) | I9: TRUE | J9: 26-27 | K9: 28-29 | L9: TRUE | M9: 0610010525 | N9: 0610010522 | O9: TRUE
A10: 0646010103 | B10: Brick and Block Masonry | C10: CAR | D10: I463112 | E10: Architecture & Construction | F10: F | G10: See (MCL) | H10: See current Master Credentials List (MCL) | I10: TRUE | J10: 25-26 | K10: 28-29 | L10: TRUE | M10: 0646010107 | O10: TRUE
A11: 0647060703 | B11: Aviation Airframe Mechanics | C11: CAR | D11: T640300 | E11: Transportation, Distribution & Logistics | F11: F | G11: See (MCL) | H11: See current Master Credentials List (MCL) | I11: TRUE | J11: 26-27 | K11: 28-29 | L11: TRUE | M11: 0647060705 | N11: 0647060700 | O11: TRUE
A12: 0647060801 | B12: Aviation Powerplant Mechanics | C12: CAR | D12: T640400 | E12: Transportation, Distribution & Logistics | F12: F | G12: See (MCL) | H12: See current Master Credentials List (MCL) | I12: TRUE | J12: 26-27 | K12: 28-29 | L12: TRUE | M12: 0647060802 | N12: 0647060800 | O12: TRUE
A13: 0648070303 | B13: Cabinetmaking | C13: CAR | D13: C410400 | E13: Architecture & Construction | F13: F | G13: See (MCL) | H13: See current Master Credentials List (MCL) | I13: TRUE | J13: 26-27 | K13: 27-28 | L13: FALSE | O13: TRUE
A14: 0650060211 | B14: Digital Cinema Production | C14: CAR | D14: K100100 | E14: Arts, A/V Technology & Communication | F14: F | G14: See (MCL) | H14: See current Master Credentials List (MCL) | I14: TRUE | J14: 26-27 | K14: 28-29 | L14: TRUE | M14: 0650060227 | O14: TRUE
A15: 0743010200 | B15: Correctional Officer (Traditional Correctional BRTP) | C15: CAR | D15: P430102 | E15: Law, Public Safety & Security | F15: F | G15: See (MCL) | H15: See current Master Credentials List (MCL) | I15: TRUE | J15: 25-26 | K15: 29-30 | L15: FALSE | M15: 0743010213 | O15: TRUE
A16: 0743010203 | B16: Crossover from Correctional Officer to Correctional Probation Officer | C16: CAR | D16: P430132 | E16: Law, Public Safety & Security | F16: F | G16: See (MCL) | H16: See current Master Credentials List (MCL) | I16: TRUE | J16: 25-26 | K16: 29-30 | L16: TRUE | M16: 0743010215 | O16: TRUE
A17: 0743010204 | B17: Crossover from Correctional Probation Officer to Correctional BRTP | C17: CAR | D17: P430142 | E17: Law, Public Safety & Security | F17: F | G17: See (MCL) | H17: See current Master Credentials List (MCL) | I17: TRUE | J17: 25-26 | K17: 29-30 | L17: TRUE | M17: 0743010216 | O17: TRUE
A18: 0743010205 | B18: Crossover from Law Enforcement Officer to Correctional Officer | C18: CAR | D18: P430152 | E18: Law, Public Safety & Security | F18: F | G18: See (MCL) | H18: See current Master Credentials List (MCL) | I18: TRUE | J18: 25-26 | K18: 29-30 | L18: TRUE | M18: 0743010214 | O18: TRUE
A19: 0743010210 | B19: FBRTP: Corrections Basic Recruit Training for Special Operations Recruits | C19: CAR | D19: P430255 | E19: Law, Public Safety & Security | F19: F | G19: See (MCL) | H19: See current Master Credentials List (MCL) | I19: TRUE | J19: 25-26 | K19: 29-30 | L19: TRUE | M19: 0743010217 | O19: TRUE
A20: 0743010703 | B20: Crossover from Correctional Probation Officer to Law Enforcement Officer | C20: CAR | D20: P430107 | E20: Law, Public Safety & Security | F20: F | G20: See (MCL) | H20: See current Master Credentials List (MCL) | I20: TRUE | J20: 25-26 | K20: 29-30 | L20: TRUE | M20: 0743010712 | O20: TRUE
A21: 1615061307 | B21: Manufacturing Technology | C21: AS | E21: Manufacturing | F21: F | G21: See (MCL) | H21: See current Master Credentials List (MCL) | I21: TRUE | J21: 26-27 | K21: 28-29 | L21: FALSE | O21: TRUE
A22: 1615080101 | B22: Simulation Technology | C22: AS | E22: Manufacturing | F22: F | G22: See (MCL) | H22: See current Master Credentials List (MCL) | I22: TRUE | J22: 26-27 | K22: 26-27 | L22: FALSE | O22: TRUE
A23: 1649010404 | B23: Aviation Operations | C23: AS | E23: Transportation, Distribution & Logistics | F23: F | G23: See (MCL) | H23: See current Master Credentials List (MCL) | I23: TRUE | J23: 26-27 | K23: 26-27 | L23: FALSE | O23: TRUE

Sheet Career_Clusters_District
A1: Career Clusters for Perkins-Fundable Postsecondary Programs (School Districts)
A2: Updated 07/30/26 based on the 7/27/26 Database. Programs in ineligible clusters have been excluded. If a program has been scheduled for teach-out or deletion, it is ineligible for EUM and has been excluded here. Contact Perkins@fldoe.org with questions.
A3: FDOE_Program_Title | B3: Program_Type | C3: Postsecondary_Program_Number | D3: Career_Cluster | E3: NonTrad | F3: SOC_Code | G3: SOC_Title | H3: Replaces_Old_CIP | I3: Perkins_Fundable
A4: Nursery Management | B4: CAR | C4: A010616 | D4: Agriculture, Food, and Natural Resources | E4: F | F4: See (MCL) | G4: See current Master Credentials List (MCL) | I4: TRUE
A5: Landscape & Turf Management | B5: CAR | C5: A200100 | D5: Agriculture, Food, and Natural Resources | E5: F | F5: See (MCL) | G5: See current Master Credentials List (MCL) | I5: TRUE
A6: Veterinary Assisting | B6: CAR | C6: A010512 | D6: Agriculture, Food, and Natural Resources | E6: M | F6: See (MCL) | G6: See current Master Credentials List (MCL) | I6: TRUE
A7: Child Care Center Operations | B7: CAR | C7: V200206 | D7: Education & Training | E7: M | F7: See (MCL) | G7: See current Master Credentials List (MCL) | I7: TRUE
A8: Family Child Care Training | B8: CAR | C8: V200410 | D8: Education & Training | E8: M | F8: See (MCL) | G8: See current Master Credentials List (MCL) | I8: TRUE
A9: Early Childhood Education | B9: CAR | C9: E300100 | D9: Education & Training | E9: M | F9: See (MCL) | G9: See current Master Credentials List (MCL) | I9: TRUE
A10: School Age Professional Certificate | B10: CAR | C10: V200310 | D10: Education & Training | E10: M | F10: See (MCL) | G10: See current Master Credentials List (MCL) | I10: TRUE
A11: Interior Decorating Services | B11: CAR | C11: V700100 | D11: Arts, A/V Technology & Communication | E11: X | F11: See (MCL) | G11: See current Master Credentials List (MCL) | H11: 0450040804 | I11: TRUE
A12: Digital Media Technology | B12: CAR | C12: Y500100 | D12: Information Technology | E12: X | F12: See (MCL) | G12: See current Master Credentials List (MCL) | I12: TRUE
A13: Digital Design | B13: CAR | C13: B070600 | D13: Arts, A/V Technology & Communication | E13: X | F13: See (MCL) | G13: See current Master Credentials List (MCL) | I13: TRUE
A14: Digital Design 1 | B14: CAR | C14: K700100 | D14: Arts, A/V Technology & Communication | E14: X | F14: See (MCL) | G14: See current Master Credentials List (MCL) | I14: TRUE
A15: Digital Design 2 | B15: CAR | C15: K700200 | D15: Arts, A/V Technology & Communication | E15: X | F15: See (MCL) | G15: See current Master Credentials List (MCL) | I15: TRUE
A16: Applied Information Technology | B16: CAR | C16: Y300400 | D16: Information Technology | E16: F | F16: See (MCL) | G16: See current Master Credentials List (MCL) | I16: TRUE
A17: Web Application Development & Programming | B17: CAR | C17: Y700500 | D17: Information Technology | E17: F | F17: See (MCL) | G17: See current Master Credentials List (MCL) | I17: TRUE
A18: Java Development & Programming | B18: CAR | C18: Y700200 | D18: Information Technology | E18: F | F18: See (MCL) | G18: See current Master Credentials List (MCL) | I18: TRUE
A19: .NET Application Development and Programming | B19: CAR | C19: Y700400 | D19: Information Technology | E19: F | F19: See (MCL) | G19: See current Master Credentials List (MCL) | I19: TRUE
A20: Database Application Development & Programming | B20: CAR | C20: Y700300 | D20: Information Technology | E20: F | F20: See (MCL) | G20: See current Master Credentials List (MCL) | I20: TRUE
A21: Web Development | B21: CAR | C21: Y700100 | D21: Information Technology | E21: X | F21: See (MCL) | G21: See current Master Credentials List (MCL) | I21: TRUE
A22: Modeling Simulation Production | B22: CAR | C22: Y500200 | D22: Information Technology | E22: F | F22: See (MCL) | G22: See current Master Credentials List (MCL) | I22: TRUE
A23: Modeling Simulation Design | B23: CAR | C23: Y500300 | D23: Information Technology | E23: F | F23: See (MCL) | G23: See current Master Credentials List (MCL) | I23: TRUE
... A29: Enterprise Desktop and Mobile Support Technology | B29: CAR | C29: Y300600 | D29: Information Technology | E29: F | F29: See (MCL) | G29: See current Master Credentials List (MCL) | I29: TRUE
A30: Applied Cybersecurity | B30: CAR | C30: Y100500 | D30: Information Technology | E30: F | F30: See (MCL) | G30: See current Master Credentials List (MCL) | H30: 0511100302 | I30: TRUE
A31: Technology Support Services | B31: CAR | C31: Y100100 | D31: Information Technology | E31: F | F31: See (MCL) | G31: See current Master Credentials List (MCL) | I31: TRUE
A32: Legal Administrative Specialist | B32: CAR | C32: B072000 | D32: Business Management and Administration | E32: M | F32: See (MCL) | G32: See current Master Credentials List (MCL) | I32: TRUE
A33: Court Reporting 2 | B33: CAR | C33: B700600 | D33: Business Management and Administration | E33: X | F33: See (MCL) | G33: See current Master Credentials List (MCL) | I33: TRUE
A34: Court Reporting 3 | B34: CAR | C34: B700700 | D34: Business Management and Administration | E34: X | F34: See (MCL) | G34: See current Master Credentials List (MCL) | I34: TRUE
A35: Court Reporting Technology | B35: CAR | C35: B600100 | D35: Business Management and Administration | E35: X | F35: See (MCL) | G35: See current Master Credentials List (MCL) | H35: 0522030300 | I35: TRUE
A36: Game/Simulation/Animation Visual Design | B36: CAR | C36: B082100 | D36: Information Technology | E36: X | F36: See (MCL) | G36: See current Master Credentials List (MCL) | I36: TRUE
A37: Game/Simulation/Animation Audio/Video Effects | B37: CAR | C37: B082200 | D37: Information Technology | E37: X | F37: See (MCL) | G37: See current Master Credentials List (MCL) | I37: TRUE
A38: Game/Simulation/Animation Programming | B38: CAR | C38: B082300 | D38: Information Technology | E38: X | F38: See (MCL) | G38: See current Master Credentials List (MCL) | I38: TRUE
A39: Medical Administrative Specialist | B39: CAR | C39: B070300 | D39: Business Management and Administration | E39: M | F39: See (MCL) | G39: See current Master Credentials List (MCL) | I39: TRUE
A40: Business Management and Analysis | B40: CAR | C40: B060200 | D40: Business Management and Administration | E40: F | F40: See (MCL) | G40: See current Master Credentials List (MCL) | H40: 0506040101 | I40: TRUE
A41: Accounting Operations | B41: CAR | C41: B200100 | D41: Business Management and Administration | E41: M | F41: See (MCL) | G41: See current Master Credentials List (MCL) | H41: 0552030202 | I41: TRUE
A42: Administrative Office Specialist | B42: CAR | C42: B600200 | D42: Business Management and Administration | E42: M | F42: See (MCL) | G42: See current Master Credentials List (MCL) | H42: 0552040103 | I42: TRUE
A43: Digital Video Technology | B43: CAR | C43: V100300 | D43: Arts, A/V Technology & Communication | E43: F | F43: See (MCL) | G43: See current Master Credentials List (MCL) | H43: 0610010524 | I43: TRUE
A44: Stage Production | B44: CAR | C44: K200200 | D44: Arts, A/V Technology & Communication | E44: F | F44: See (MCL) | G44: See current Master Credentials List (MCL) | I44: TRUE
A45: Television Production Technology | B45: CAR | C45: K300300 | D45: Arts, A/V Technology & Communication | E45: F | F45: See (MCL) | G45: See current Master Credentials List (MCL) | H45: 0610020203 | I45: TRUE
A46: 3 D Animation Technology | B46: CAR | C46: I480200 | D46: Arts, A/V Technology & Communication | E46: X | F46: See (MCL) | G46: See current Master Credentials List (MCL) | I46: TRUE
A47: Digital Printing Technology | B47: CAR | C47: I480205 | D47: Arts, A/V Technology & Communication | E47: F | F47: See (MCL) | G47: See current Master Credentials List (MCL) | I47: TRUE
A48: Electronic Technology | B48: CAR | C48: I150303 | D48: Manufacturing | E48: F | F48: See (MCL) | G48: See current Master Credentials List (MCL) | I48: TRUE
A49: Electronic Technology 1 | B49: CAR | C49: J540100 | D49: Manufacturing | E49: F | F49: See (MCL) | G49: See current Master Credentials List (MCL) | I49: TRUE
A50: Electronic Technology 2 | B50: CAR | C50: J540200 | D50: Manufacturing | E50: F | F50: See (MCL) | G50: See current Master Credentials List (MCL) | I50: TRUE
A51: Electronic Systems Technician | B51: CAR | C51: J540300 | D51: Manufacturing | E51: F | F51: See (MCL) | G51: See current Master Credentials List (MCL) | I51: TRUE
A52: Biomedical Equipment Repair Technology | B52: CAR | C52: J400100 | D52: Manufacturing | E52: F | F52: See (MCL) | G52: See current Master Credentials List (MCL) | I52: TRUE
A53: Electrical and Instrumentation Technology | B53: CAR | C53: I150404 | D53: Manufacturing | E53: F | F53: See (MCL) | G53: See current Master Credentials List (MCL) | I53: TRUE
A54: Electrical and Instrumentation Technology 1 | B54: CAR | C54: J110100 | D54: Manufacturing | E54: F | F54: See (MCL) | G54: See current Master Credentials List (MCL) | I54: TRUE
A55: Electrical and Instrumentation Technology 2 | B55: CAR | C55: J110200 | D55: Manufacturing | E55: F | F55: See (MCL) | G55: See current Master Credentials List (MCL) | I55: TRUE
A56: Advanced Manufacturing and Production Technology | B56: CAR | C56: J100200 | D56: Manufacturing | E56: F | F56: See (MCL) | G56: See current Master Credentials List (MCL) | H56: 0615040603 | I56: TRUE
A57: Industrial Machinery and Controls Technician | B57: CAR | C57: J100300 | D57: Manufacturing | E57: F | F57: See (MCL) | G57: See current Master Credentials List (MCL) | I57: TRUE
A58: Mechatronics Technology | B58: CAR | C58: J200200 | D58: Manufacturing | E58: F | F58: See (MCL) | G58: See current Master Credentials List (MCL) | I58: TRUE
A59: Certified Production Technology | B59: CAR | C59: J200400 | D59: Manufacturing | E59: F | F59: See (MCL) | G59: See current Master Credentials List (MCL) | I59: TRUE
A60: Heating, Ventilation, Air-Conditioning/Refrigeration (HVAC/R) | B60: CAR | C60: C400400 | D60: Architecture & Construction | E60: F | F60: See (MCL) | G60: See current Master Credentials List (MCL) | H60: 0647020106 | I60: TRUE
A61: Heating, Ventilation, Air-Conditioning/Refrigeration (HVAC/R)1 | B61: CAR | C61: C400410 | D61: Architecture & Construction | E61: F | F61: See (MCL) | G61: See current Master Credentials List (MCL) | H61: 0647020107 | I61: TRUE
A62: Heating, Ventilation, Air-Conditioning/Refrigeration (HVAC/R)2 | B62: CAR | C62: C400420 | D62: Architecture & Construction | E62: F | F62: See (MCL) | G62: See current Master Credentials List (MCL) | H62: 0647020108 | I62: TRUE
A63: Industrial Engineering Technology | B63: CAR | C63: J200500 | D63: Manufacturing | E63: F | F63: See (MCL) | G63: See current Master Credentials List (MCL) | I63: TRUE
A64: Advanced Composites | B64: CAR | C64: J100400 | D64: Manufacturing | E64: F | F64: See (MCL) | G64: See current Master Credentials List (MCL) | I64: TRUE
A65: Drafting | B65: CAR | C65: C100200 | D65: Architecture & Construction | E65: F | F65: See (MCL) | G65: See current Master Credentials List (MCL) | I65: TRUE
A66: Computer Aided Drawing and Modeling | B66: CAR | C66: C100300 | D66: Architecture & Construction | E66: F | F66: See (MCL) | G66: See current Master Credentials List (MCL) | I66: TRUE
A67: Solar Photovoltaic System Design, Installation and Maintenance - Entry Level | B67: CAR | C67: X600400 | D67: Energy | E67: F | F67: See (MCL) | G67: See current Master Credentials List (MCL) | I67: TRUE
A68: Brick and Block Masonry | B68: CAR | C68: C400600 | D68: Architecture & Construction | E68: F | F68: See (MCL) | G68: See current Master Credentials List (MCL) | H68: 0646010103 | I68: TRUE
A69: Carpentry | B69: CAR | C69: C510300 | D69: Architecture & Construction | E69: F | F69: See (MCL) | G69: See current Master Credentials List (MCL) | I69: TRUE
A70: Electricity | B70: CAR | C70: I460312 | D70: Architecture & Construction | E70: F | F70: See (MCL) | G70: See current Master Credentials List (MCL) | I70: TRUE
A71: Electrician | B71: CAR | C71: I460314 | D71: Architecture & Construction | E71: F | F71: See (MCL) | G71: See current Master Credentials List (MCL) | I71: TRUE
A72: Electricity 1 | B72: CAR | C72: C400500 | D72: Architecture & Construction | E72: F | F72: See (MCL) | G72: See current Master Credentials List (MCL) | I72: TRUE
A73: Electrical Lineworker | B73: CAR | C73: X100100 | D73: Energy | E73: F | F73: See (MCL) | G73: See current Master Credentials List (MCL) | H73: 0646030300 | I73: TRUE
A74: Building Maintenance and Management | B74: CAR | C74: C700200 | D74: Architecture & Construction | E74: F | F74: See (MCL) | G74: See current Master Credentials List (MCL) | I74: TRUE
A75: Building Construction Technologies | B75: CAR | C75: I460401 | D75: Architecture & Construction | E75: F | F75: See (MCL) | G75: See current Master Credentials List (MCL) | I75: TRUE
A76: Building Trades and Construction Design Technology | B76: CAR | C76: C100100 | D76: Architecture & Construction | E76: F | F76: See (MCL) | G76: See current Master Credentials List (MCL) | I76: TRUE
A77: Industrial Pipefitter | B77: CAR | C77: I460514 | D77: Architecture & Construction | E77: F | F77: See (MCL) | G77: See current Master Credentials List (MCL) | H77: 0646050303 | I77: TRUE
A78: Plumbing | B78: CAR | C78: C500500 | D78: Architecture & Construction | E78: F | F78: See (MCL) | G78: See current Master Credentials List (MCL) | H78: 0646050302 | I78: TRUE
A79: Natural Gas Operations and Distribution | B79: CAR | C79: X500200 | D79: Energy | E79: F | F79: See (MCL) | G79: See current Master Credentials List (MCL) | I79: TRUE
A80: Electronic Systems Integration and Automation | B80: CAR | C80: C700100 | D80: Architecture & Construction | E80: F | F80: See (MCL) | G80: See current Master Credentials List (MCL) | I80: TRUE
A81: Telecommunications and Fiber Optics Technician | B81: CAR | C81: K600300 | D81: Arts, A/V Technology & Communication | E81: F | F81: See (MCL) | G81: See current Master Credentials List (MCL) | I81: TRUE
A82: Major Appliance and Refrigeration Technician | B82: CAR | C82: J620300 | D82: Manufacturing | E82: F | F82: See (MCL) | G82: See current Master Credentials List (MCL) | I82: TRUE
A83: Heavy Equipment Service Technician | B83: CAR | C83: T440100 | D83: Transportation, Distribution & Logistics | E83: F | F83: See (MCL) | G83: See current Master Credentials List (MCL) | H83: 0647030200 | I83: TRUE
A84: Industrial Machinery Maintenance & Repair | B84: CAR | C84: I470303 | D84: Manufacturing | E84: F | F84: See (MCL) | G84: See current Master Credentials List (MCL) | I84: TRUE
A85: Millwright | B85: CAR | C85: I470313 | D85: Manufacturing | E85: F | F85: See (MCL) | G85: See current Master Credentials List (MCL) | I85: TRUE
A86: Industrial Machinery Maintenance 1 | B86: CAR | C86: J590100 | D86: Manufacturing | E86: F | F86: See (MCL) | G86: See current Master Credentials List (MCL) | I86: TRUE
A87: Industrial Machinery Maintenance 2 | B87: CAR | C87: J590200 | D87: Manufacturing | E87: F | F87: See (MCL) | G87: See current Master Credentials List (MCL) | I87: TRUE
A88: Millwright 1 | B88: CAR | C88: J590400 | D88: Manufacturing | E88: F | F88: See (MCL) | G88: See current Master Credentials List (MCL) | I88: TRUE
A89: Millwright 2 | B89: CAR | C89: J590500 | D89: Manufacturing | E89: F | F89: See (MCL) | G89: See current Master Credentials List (MCL) | I89: TRUE
A90: Jewelry Design and Repair 1 | B90: CAR | C90: J450600 | D90: Manufacturing | E90: F | F90: See (MCL) | G90: See current Master Credentials List (MCL) | H90: 0647040804, 0647040806 | I90: TRUE
A91: Jewelry Design and Repair 2 | B91: CAR | C91: J450700 | D91: Manufacturing | E91: F | F91: See (MCL) | G91: See current Master Credentials List (MCL) | H91: 0647040805, 0647040806 | I91: TRUE
A92: Automotive Collision Technology Technician | B92: CAR | C92: T401300 | D92: Transportation, Distribution & Logistics | E92: F | F92: See (MCL) | G92: See current Master Credentials List (MCL) | H92: 0647060300, 0647060303, 0647060304 | I92: TRUE
A93: Master Automotive Service Technology | B93: CAR | C93: I470608 | D93: Transportation, Distribution & Logistics | E93: F | F93: See (MCL) | G93: See current Master Credentials List (MCL) | I93: TRUE
A94: Manufacturer Specific Automotive Service Technology | B94: CAR | C94: I470604 | D94: Transportation, Distribution & Logistics | E94: F | F94: See (MCL) | G94: See current Master Credentials List (MCL) | I94: TRUE
A95: Master Automotive Service Technology 1 | B95: CAR | C95: T400700 | D95: Transportation, Distribution & Logistics | E95: F | F95: See (MCL) | G95: See current Master Credentials List (MCL) | I95: TRUE
A96: Master Automotive Service Technology 2 | B96: CAR | C96: T400800 | D96: Transportation, Distribution & Logistics | E96: F | F96: See (MCL) | G96: See current Master Credentials List (MCL) | I96: TRUE
A97: Manufacturer Specific Automotive Service Technology 1 | B97: CAR | C97: T600100 | D97: Transportation, Distribution & Logistics | E97: F | F97: See (MCL) | G97: See current Master Credentials List (MCL) | I97: TRUE
A98: Manufacturer Specific Automotive Service Technology 2 | B98: CAR | C98: T600200 | D98: Transportation, Distribution & Logistics | E98: F | F98: See (MCL) | G98: See current Master Credentials List (MCL) | I98: TRUE
A99: Automotive Maintenance and Light Repair Technician | B99: CAR | C99: T404100 | D99: Transportation, Distribution & Logistics | E99: F | F99: See (MCL) | G99: See current Master Credentials List (MCL) | I99: TRUE
A100: Automotive Electrical Technician | B100: CAR | C100: T400720 | D100: Transportation, Distribution & Logistics | E100: F | F100: See (MCL) | G100: See current Master Credentials List (MCL) | I100: TRUE
A101: Automotive General Service Technician | B101: CAR | C101: T400730 | D101: Transportation, Distribution & Logistics | E101: F | F101: See (MCL) | G101: See current Master Credentials List (MCL) | I101: TRUE
A102: Diesel Systems Technician | B102: CAR | C102: I470605 | D102: Transportation, Distribution & Logistics | E102: F | F102: See (MCL) | G102: See current Master Credentials List (MCL) | I102: TRUE
A103: Diesel Maintenance Technician | B103: CAR | C103: T440400 | D103: Transportation, Distribution & Logistics | E103: F | F103: See (MCL) | G103: See current Master Credentials List (MCL) | I103: TRUE
A104: Power Equipment Technologies | B104: CAR | C104: T410300 | D104: Transportation, Distribution & Logistics | E104: F | F104: See (MCL) | G104: See current Master Credentials List (MCL) | H104: 0647060600 | I104: TRUE
A105: Aviation Airframe Mechanics | B105: CAR | C105: T640500 | D105: Transportation, Distribution & Logistics | E105: F | F105: See (MCL) | G105: See current Master Credentials List (MCL) | H105: 0647060703 | I105: TRUE
...

Sheet Career_Clusters_StateCollege
A1: Career Clusters for Perkins-Fundable Postsecondary Programs (FCS)
A2: Updated 07/30/26 based on the 7/27/26 Database. Programs in ineligible clusters have been excluded. If a program has been scheduled for teach-out or deletion, it is ineligible for EUM and has been excluded here. Contact Perkins@fldoe.org with questions.
A3: CIP_Number_Text | B3: FDOE_Program_Title | C3: Program_Type | D3: Career_Cluster | E3: Career_Areas_Abbrev | F3: Program_area | G3: NonTrad | H3: SOC_Code | I3: SOC_Title | J3: Replaces_Old_CIP | K3: Perkins_Fundable
A4: 0101030200 | B4: Livestock Production Management | C4: CCC | D4: Agriculture, Food, and Natural Resources | E4: Ag Food & Nat R | F4: AGRISCIENCE AND NATURAL RESOURCES | G4: F | H4: See (MCL) | I4: See current Master Credentials List (MCL) | K4: TRUE
A5: 0101030302 | B5: Aquaculture Technology | C5: CCC | D5: Agriculture, Food, and Natural Resources | E5: Ag Food & Nat R | F5: AGRISCIENCE AND NATURAL RESOURCES | G5: F | H5: See (MCL) | I5: See current Master Credentials List (MCL) | K5: TRUE
A6: 0101030304 | B6: Tropical Ornamental Mariculture Technician | C6: CCC | D6: Agriculture, Food, and Natural Resources | E6: Ag Food & Nat R | F6: AGRISCIENCE AND NATURAL RESOURCES | G6: F | H6: See (MCL) | I6: See current Master Credentials List (MCL) | K6: TRUE
A7: 0101050501 | B7: Marine Mammal Behavior and Training | C7: CCC | D7: Agriculture, Food, and Natural Resources | E7: Ag Food & Nat R | F7: AGRISCIENCE AND NATURAL RESOURCES | G7: X | H7: See (MCL) | I7: See current Master Credentials List (MCL) | K7: TRUE
A8: 0101050701 | B8: Equine Assistant Management | C8: CCC | D8: Agriculture, Food, and Natural Resources | E8: Ag Food & Nat R | F8: AGRISCIENCE AND NATURAL RESOURCES | G8: X | H8: See (MCL) | I8: See current Master Credentials List (MCL) | K8: TRUE
A9: 0101050703 | B9: Equine Technician | C9: CCC | D9: Agriculture, Food, and Natural Resources | E9: Ag Food & Nat R | F9: AGRISCIENCE AND NATURAL RESOURCES | G9: X | H9: See (MCL) | I9: See current Master Credentials List (MCL) | K9: TRUE
A10: 0101060503 | B10: Landscape & Horticulture Specialist | C10: CCC | D10: Agriculture, Food, and Natural Resources | E10: Ag Food & Nat R | F10: AGRISCIENCE AND NATURAL RESOURCES | G10: F | H10: See (MCL) | I10: See current Master Credentials List (MCL) | K10: TRUE
A11: 0101060504 | B11: Landscape & Horticulture Professional | C11: CCC | D11: Agriculture, Food, and Natural Resources | E11: Ag Food & Nat R | F11: AGRISCIENCE AND NATURAL RESOURCES | G11: F | H11: See (MCL) | I11: See current Master Credentials List (MCL) | K11: TRUE
A12: 0101060505 | B12: Landscape & Horticulture Technician | C12: CCC | D12: Agriculture, Food, and Natural Resources | E12: Ag Food & Nat R | F12: AGRISCIENCE AND NATURAL RESOURCES | G12: F | H12: See (MCL) | I12: See current Master Credentials List (MCL) | K12: TRUE
A13: 0101060602 | B13: Nursery Management | C13: CAR | D13: Agriculture, Food, and Natural Resources | E13: Ag Food & Nat R | F13: AGRISCIENCE AND NATURAL RESOURCES | G13: F | H13: See (MCL) | I13: See current Master Credentials List (MCL) | K13: TRUE
A14: 0101060703 | B14: Landscape & Turf Management | C14: CAR | D14: Agriculture, Food, and Natural Resources | E14: Ag Food & Nat R | F14: AGRISCIENCE AND NATURAL RESOURCES | G14: F | H14: See (MCL) | I14: See current Master Credentials List (MCL) | K14: TRUE
A15: 0101830100 | B15: Veterinary Assisting | C15: CAR | D15: Agriculture, Food, and Natural Resources | E15: Ag Food & Nat R | F15: AGRISCIENCE AND NATURAL RESOURCES | G15: M | H15: See (MCL) | I15: See current Master Credentials List (MCL) | K15: TRUE
... A28: 0450040807 | B28: Home Staging Specialist | C28: CCC | D28: Arts, A/V Technology & Communication | E28: Arts AV & Comm | F28: FAMILY AND CONSUMER SCIENCES | G28: X | H28: See (MCL) | I28: See current Master Credentials List (MCL) | K28: TRUE
A29: 0450040808 | B29: Interior Decorating Services | C29: CAR | D29: Arts, A/V Technology & Communication | E29: Arts AV & Comm | F29: FAMILY AND CONSUMER SCIENCES | G29: X | H29: See (MCL) | I29: See current Master Credentials List (MCL) | J29: 0450040804 | K29: TRUE
A30: 0509070200 | B30: Digital Media Technology | C30: CAR | D30: Information Technology | E30: Information Tec | F30: INDUSTRIAL | G30: X | H30: See (MCL) | I30: See current Master Credentials List (MCL) | K30: TRUE
A31: 0510030306 | B31: Digital Design | C31: CAR | D31: Arts, A/V Technology & Communication | E31: Arts AV & Comm | F31: BUSINESS TECHNOLOGY | G31: X | H31: See (MCL) | I31: See current Master Credentials List (MCL) | K31: TRUE
A32: 0510030307 | B32: Digital Design 1 | C32: CAR | D32: Arts, A/V Technology & Communication | E32: Arts AV & Comm | F32: BUSINESS TECHNOLOGY | G32: X | H32: See (MCL) | I32: See current Master Credentials List (MCL) | K32: TRUE
A33: 0510030308 | B33: Digital Design 2 | C33: CAR | D33: Arts, A/V Technology & Communication | E33: Arts AV & Comm | F33: BUSINESS TECHNOLOGY | G33: X | H33: See (MCL) | I33: See current Master Credentials List (MCL) | K33: TRUE
A34: 0511010200 | B34: Artificial Intelligence Practitioner | C34: CCC | D34: Information Technology | E34: Information Tec | F34: INFORMATION TECHNOLOGY | G34: F | H34: See (MCL) | I34: See current Master Credentials List (MCL) | K34: TRUE
A35: 0511010302 | B35: Applied Information Technology | C35: CAR | D35: Information Technology | E35: Information Tec | F35: BUSINESS TECHNOLOGY | G35: F | H35: See (MCL) | I35: See current Master Credentials List (MCL) | K35: TRUE
A36: 0511010307 | B36: Information Technology Administration | C36: CCC | D36: Information Technology | E36: Information Tec | F36: BUSINESS TECHNOLOGY | G36: F | H36: See (MCL) | I36: See current Master Credentials List (MCL) | K36: TRUE
A37: 0511010311 | B37: Information Technology Support Specialist | C37: CCC | D37: Information Technology | E37: Information Tec | F37: BUSINESS TECHNOLOGY | G37: F | H37: See (MCL) | I37: See current Master Credentials List (MCL) | K37: TRUE
A38: 0511010312 | B38: Information Technology Analysis | C38: CCC | D38: Information Technology | E38: Information Tec | F38: BUSINESS TECHNOLOGY | G38: F | H38: See (MCL) | I38: See current Master Credentials List (MCL) | K38: TRUE
A39: 0511010313 | B39: Help Desk Support Technician | C39: CCC | D39: Information Technology | E39: Information Tec | F39: INDUSTRIAL | G39: F | H39: See (MCL) | I39: See current Master Credentials List (MCL) | K39: TRUE
A40: 0511020102 | B40: Web Application Development & Programming | C40: CAR | D40: Information Technology | E40: Information Tec | F40: BUSINESS TECHNOLOGY | G40: F | H40: See (MCL) | I40: See current Master Credentials List (MCL) | K40: TRUE
A41: 0511020103 | B41: Software Development Specialist | C41: CCC | D41: Information Technology | E41: Information Tec | F41: BUSINESS TECHNOLOGY | G41: F | H41: See (MCL) | I41: See current Master Credentials List (MCL) | K41: TRUE
... A73: 0511100314 | B73: Cybersecurity Analyst | C73: CCC | D73: Information Technology | E73: Information Tec | F73: INFORMATION TECHNOLOGY | G73: F | H73: See (MCL) | I73: See current Master Credentials List (MCL) | K73: TRUE
A74: 0511100316 | B74: Applied Cybersecurity | C74: CAR | D74: Information Technology | E74: Information Tec | F74: INFORMATION TECHNOLOGY | G74: F | H74: See (MCL) | I74: See current Master Credentials List (MCL) | J74: 0511100302 | K74: TRUE
A75: 0511100501 | B75: Project Management Associate | C75: CCC | D75: Information Technology | E75: Information Tec | F75: BUSINESS TECHNOLOGY | G75: X | H75: See (MCL) | I75: See current Master Credentials List (MCL) | K75: TRUE
A76: 0511100502 | B76: Technology Project Manager | C76: CCC | D76: Information Technology | E76: Information Tec | F76: BUSINESS TECHNOLOGY | G76: X | H76: See MCL | I76: See current Master Credentials List (MCL) | K76: TRUE
A77: 0515120200 | B77: Technology Support Services | C77: CAR | D77: Information Technology | E77: Information Tec | F77: INDUSTRIAL | G77: F | H77: See (MCL) | I77: See current Master Credentials List (MCL) | K77: TRUE
A78: 0522030103 | B78: Legal Administrative Specialist | C78: CAR | D78: Business Management and Administration | E78: Bus Man & Adm | F78: BUSINESS TECHNOLOGY | G78: M | H78: See (MCL) | I78: See current Master Credentials List (MCL) | K78: TRUE
A79: 0522030305 | B79: Court Reporting 2 | C79: CAR | D79: Business Management and Administration | E79: Bus Man & Adm | F79: BUSINESS TECHNOLOGY | G79: X | H79: See (MCL) | I79: See current Master Credentials List (MCL) | K79: TRUE
A80: 0522030306 | B80: Court Reporting 3 | C80: CAR | D80: Business Management and Administration | E80: Bus Man & Adm | F80: BUSINESS TECHNOLOGY | G80: X | H80: See (MCL) | I80: See current Master Credentials List (MCL) | K80: TRUE
A81: 0522030311 | B81: Court Reporting Technology | C81: CAR | D81: Business Management and Administration | E81: Bus Man & Adm | F81: BUSINESS TECHNOLOGY | G81: X | H81: See (MCL) | I81: See current Master Credentials List (MCL) | J81: 0522030300 | K81: TRUE
A82: 0530700100 | B82: Data Science Technician | C82: CCC | D82: Information Technology | E82: Information Tec | F82: INFORMATION TECHNOLOGY | G82: F | H82: See (MCL) | I82: See current Master Credentials List (MCL) | K82: TRUE
A83: 0530710400 | B83: FinTech Technician | C83: CCC | D83: Information Technology | E83: Information Tec | F83: INFORMATION TECHNOLOGY | G83: X | H83: See (MCL) | I83: See current Master Credentials List (MCL) | K83: TRUE
A84: 0531050400 | B84: Athletic Coaching and Leadership | C84: CCC | D84: Business Management and Administration | E84: Gov Pub Adm | F84: BUSINESS TECHNOLOGY | G84: X | H84: See (MCL) | I84: See current Master Credentials List (MCL) | K84: TRUE
A85: 0531050401 | B85: Esports Management Operations | C85: CCC | D85: Business Management and Administration | E85: Information Tec | F85: BUSINESS TECHNOLOGY | G85: X | H85: See MCL | I85: See current Master Credentials List (MCL) | K85: TRUE
A86: 0545070213 | B86: Geographic Information System | C86: CCC | D86: Information Technology | E86: Information Tec | F86: BUSINESS TECHNOLOGY | G86: F | H86: See (MCL) | I86: See current Master Credentials List (MCL) | K86: TRUE
A87: 0550041114 | B87: Game/Simulation/Animation Visual Design | C87: CAR | D87: Information Technology | E87: Information Tec | F87: BUSINESS TECHNOLOGY | G87: X | H87: See (MCL) | I87: See current Master Credentials List (MCL) | K87: TRUE
A88: 0550041115 | B88: Game/Simulation/Animation Audio/Video Effects | C88: CAR | D88: Information Technology | E88: Information Tec | F88: BUSINESS TECHNOLOGY | G88: X | H88: See (MCL) | I88: See current Master Credentials List (MCL) | K88: TRUE
A89: 0550041116 | B89: Game/Simulation/Animation Programming | C89: CAR | D89: Information Technology | E89: Bus Man & Adm | F89: BUSINESS TECHNOLOGY | G89: X | H89: See (MCL) | I89: See current Master Credentials List (MCL) | K89: TRUE
A90: 0550041118 | B90: Virtual & Augmented Reality Technologies | C90: CCC | D90: Information Technology | E90: Bus Man & Adm | F90: BUSINESS TECHNOLOGY | G90: X | H90: See (MCL) | I90: See current Master Credentials List (MCL) | K90: TRUE
A91: 0551070500 | B91: Medical Office Management | C91: CCC | D91: Business Management and Administration | E91: Bus Man & Adm | F91: BUSINESS TECHNOLOGY | G91: X | H91: See (MCL) | I91: See current Master Credentials List (MCL) | K91: TRUE
A92: 0551071001 | B92: Medical Office Specialist | C92: CCC | D92: Business Management and Administration | E92: Bus Man & Adm | F92: BUSINESS TECHNOLOGY | G92: M | H92: See (MCL) | I92: See current Master Credentials List (MCL) | K92: TRUE
A93: 0551071603 | B93: Medical Administrative Specialist | C93: CAR | D93: Business Management and Administration | E93: Bus Man & Adm | F93: BUSINESS TECHNOLOGY | G93: M | H93: See (MCL) | I93: See current Master Credentials List (MCL) | K93: TRUE
A94: 0552020101 | B94: Business Management and Analysis | C94: CAR | D94: Business Management and Administration | E94: Bus Man & Adm | F94: BUSINESS TECHNOLOGY | G94: F | H94: See (MCL) | I94: See current Master Credentials List (MCL) | J94: 0506040101 | K94: TRUE
A95: 0552020103 | B95: Business Specialist | C95: CCC | D95: Business Management and Administration | E95: Bus Man & Adm | F95: BUSINESS TECHNOLOGY | G95: F | H95: See (MCL) | I95: See current Master Credentials List (MCL) | K95: TRUE
A96: 0552020104 | B96: Business Operations | C96: CCC | D96: Business Management and Administration | E96: Bus Man & Adm | F96: BUSINESS TECHNOLOGY | G96: F | H96: See (MCL) | I96: See current Master Credentials List (MCL) | K96: TRUE
A97: 0552020105 | B97: Human Resources Administrator | C97: CCC | D97: Business Management and Administration | E97: Bus Man & Adm | F97: BUSINESS TECHNOLOGY | G97: F | H97: See (MCL) | I97: See current Master Credentials List (MCL) | K97: TRUE
A98: 0552020107 | B98: Applied Management | C98: AAS | D98: Business Management and Administration | E98: Bus Man & Adm | F98: BUSINESS TECHNOLOGY | G98: F | H98: See (MCL) | I98: See current Master Credentials List (MCL) | K98: TRUE
A99: 0552020113 | B99: Real Estate Specialist | C99: CCC | D99: Business Management and Administration | E99: Bus Man & Adm | F99: BUSINESS TECHNOLOGY | G99: F | H99: See (MCL) | I99: See current Master Credentials List (MCL) | K99: TRUE
A100: 0552020117 | B100: Sport Management Operations | C100: CCC | D100: Business Management and Administration | E100: Bus Man & Adm | F100: BUSINESS TECHNOLOGY | G100: F | H100: See (MCL) | I100: See current Master Credentials List (MCL) | K100: TRUE
A101: 0552020401 | B101: Office Management | C101: CCC | D101: Business Management and Administration | E101: Bus Man & Adm | F101: BUSINESS TECHNOLOGY | G101: X | H101: See (MCL) | I101: See current Master Credentials List (MCL) | K101: TRUE
A102: 0552020403 | B102: Office Support | C102: CCC | D102: Business Management and Administration | E102: Bus Man & Adm | F102: BUSINESS TECHNOLOGY | G102: X | H102: See (MCL) | I102: See current Master Credentials List (MCL) | K102: TRUE
A103: 0552021500 | B103: Risk Management and Insurance Operations | C103: CCC | D103: Business Management and Administration | E103: Bus Man & Adm | F103: BUSINESS TECHNOLOGY | G103: X | H103: See (MCL) | I103: See current Master Credentials List (MCL) | K103: TRUE
A104: 0552021501 | B104: Risk Management and Insurance Management | C104: CCC | D104: Business Management and Administration | E104: Bus Man & Adm | F104: BUSINESS TECHNOLOGY | G104: X | H104: See (MCL) | I104: See current Master Credentials List (MCL) | K104: TRUE
A105: 0552030203 | B105: Accounting Technology Operations | C105: CCC | D105: Business Management and Administration | E105: Bus Man & Adm | F105: BUSINESS TECHNOLOGY | G105: M | H105: See (MCL) | I105: See current Master Credentials List (MCL) | K105: TRUE
A106: 0552030204 | B106: Accounting Technology Specialist | C106: CCC | D106: Business Management and Administration | E106: Bus Man & Adm | F106: BUSINESS TECHNOLOGY | G106: M | H106: See (MCL) | I106: See current Master Credentials List (MCL) | K106: TRUE
A107: 0552030205 | B107: Accounting Technology Management | C107: CCC | D107: Business Management and Administration | E107: Bus Man & Adm | F107: BUSINESS TECHNOLOGY | G107: M | H107: See (MCL) | I107: See current Master Credentials List (MCL) | K107: TRUE
A108: 0552030207 | B108: Accounting Operations | C108: CAR | D108: Business Management and Administration | E108: Bus Man & Adm | F108: BUSINESS TECHNOLOGY | G108: M | H108: See (MCL) | I108: See current Master Credentials List (MCL) | J108: 0552030202 | K108: TRUE
A109: 0552040104 | B109: Administrative Office Specialist | C109: CAR | D109: Business Management and Administration | E109: Bus Man & Adm | F109: BUSINESS TECHNOLOGY | G109: M | H109: See (MCL) | I109: See current Master Credentials List (MCL) | J109: 0552040103 | K109: TRUE
A110: 0552040704 | B110: Office Specialist | C110: CCC | D110: Business Management and Administration | E110: Bus Man & Adm | F110: BUSINESS TECHNOLOGY | G110: X | H110: See (MCL) | I110: See current Master Credentials List (MCL) | K110: TRUE
A111: 0552070101 | B111: Business Management | C111: CCC | D111: Business Management and Administration | E111: Bus Man & Adm | F111: BUSINESS TECHNOLOGY | G111: X | H111: See (MCL) | I111: See current Master Credentials List (MCL) | K111: TRUE
A112: 0552070303 | B112: Business Entrepreneurship Operations | C112: CCC | D112: Business Management and Administration | E112: Bus Man & Adm | F112: MARKETING | G112: X | H112: See (MCL) | I112: See current Master Credentials List (MCL) | K112: TRUE
A113: 0552070306 | B113: Business Development and Entrepreneurship | C113: CCC | D113: Business Management and Administration | E113: Information Tec | F113: INDUSTRIAL | G113: X | H113: See (MCL) | I113: See current Master Credentials List (MCL) | K113: TRUE
A114: 0552070308 | B114: Business Entrepreneurship | C114: CCC | D114: Business Management and Administration | E114: Bus Man & Adm | F114: BUSINESS TECHNOLOGY | G114: X | H114: See (MCL) | I114: See current Master Credentials List (MCL) | K114: TRUE
A115: 0552130101 | B115: Business Intelligence Professional | C115: CCC | D115: Information Technology | E115: Arts AV & Comm | F115: BUSINESS TECHNOLOGY | G115: X | H115: See (MCL) | I115: See current Master Credentials List (MCL) | K115: TRUE
A116: 0552150101 | B116: Property Management Specialist | C116: CCC | D116: Business Management and Administration | E116: Arts AV & Comm | F116: INDUSTRIAL | G116: X | H116: See (MCL) | I116: See current Master Credentials List (MCL) | K116: TRUE
A117: 0609070209 | B117: Digital Media/Multimedia Authoring | C117: CCC | D117: Arts, A/V Technology & Communication | E117: Arts AV & Comm | F117: INDUSTRIAL | G117: X | H117: See (MCL) | I117: See current Master Credentials List (MCL) | K117: TRUE
A118: 0609070210 | B118: Digital Media/Multimedia Video Production | C118: CCC | D118: Arts, A/V Technology & Communication | E118: Arts AV & Comm | F118: INDUSTRIAL | G118: X | H118: See (MCL) | I118: See current Master Credentials List (MCL) | K118: TRUE
A119: 0609070211 | B119: Digital Media/Multimedia Instructional Technology | C119: CCC | D119: Arts, A/V Technology & Communication | E119: Arts AV & Comm | F119: INDUSTRIAL | G119: X | H119: See (MCL) | I119: See current Master Credentials List (MCL) | K119: TRUE
A120: 0609070219 | B120: Digital Media/Multimedia Presentation | C120: CCC | D120: Arts, A/V Technology & Communication | E120: Arts AV & Comm | F120: INDUSTRIAL | G120: X | H120: See (MCL) | I120: See current Master Credentials List (MCL) | K120: TRUE
A121: 0609090200 | B121: Communication Leadership | C121: CCC | D121: Arts, A/V Technology & Communication | E121: Arts AV & Comm | F121: INDUSTRIAL | G121: X | H121: See (MCL) | I121: See current Master Credentials List (MCL) | K121: TRUE
A122: 0610010507 | B122: Digital Media/Multimedia Production | C122: CCC | D122: Arts, A/V Technology & Communication | E122: Arts AV & Comm | F122: INDUSTRIAL | G122: F | H122: See (MCL) | I122: See current Master Credentials List (MCL) | K122: TRUE
A123: 0610010525 | B123: Digital Video Technology | C123: CAR | D123: Arts, A/V Technology & Communication | E123: Arts AV & Comm | F123: INDUSTRIAL | G123: F | H123: See (MCL) | I123: See current Master Credentials List (MCL) | J123: 0610010524 | K123: TRUE
A124: 0610020100 | B124: Stage Production | C124: CAR | D124: Arts, A/V Technology & Communication | E124: Arts AV & Comm | F124: INDUSTRIAL | G124: F | H124: See (MCL) | I124: See current Master Credentials List (MCL) | K124: TRUE
A125: 0610020200 | B125: Television Studio Production | C125: CCC | D125: Arts, A/V Technology & Communication | E125: Arts AV & Comm | F125: INDUSTRIAL | G125: F | H125: See (MCL) | I125: See current Master Credentials List (MCL) | K125: TRUE
A126: 0610020205 | B126: Digital Video Fundamentals | C126: CCC | D126: Arts, A/V Technology & Communication | E126: Arts AV & Comm | F126: INDUSTRIAL | G126: F | H126: See (MCL) | I126: See current Master Credentials List (MCL) | K126: TRUE
A127: 0610020216 | B127: Broadcast Production | C127: CCC | D127: Arts, A/V Technology & Communication | E127: Arts AV & Comm | F127: INDUSTRIAL | G127: F | H127: See (MCL) | I127: See current Master Credentials List (MCL) | K127: TRUE
A128: 0610020218 | B128: Television Production Technology | C128: CAR | D128: Arts, A/V Technology & Communication | E128: Arts AV & Comm | F128: INDUSTRIAL | G128: F | H128: See (MCL) | I128: See current Master Credentials List (MCL) | J128: 0610020203 | K128: TRUE
A129: 0610020301 | B129: Audio Electronics Specialist | C129: CCC | D129: Arts, A/V Technology & Communication | E129: Arts AV & Comm | F129: INDUSTRIAL | G129: F | H129: See (MCL) | I129: See current Master Credentials List (MCL) | K129: TRUE
A130: 0610020303 | B130: Audio Technology | C130: CCC | D130: Arts, A/V Technology & Communication | E130: Arts AV & Comm | F130: INDUSTRIAL | G130: F | H130: See (MCL) | I130: See current Master Credentials List (MCL) | K130: TRUE
A131: 0610020304 | B131: Digital Music Production | C131: CCC | D131: Arts, A/V Technology & Communication | E131: Arts AV & Comm | F131: INDUSTRIAL | G131: F | H131: See (MCL) | I131: See current Master Credentials List (MCL) | K131: TRUE
A132: 0610030400 | B132: 3 D Animation Technology | C132: CAR | D132: Arts, A/V Technology & Communication | E132: Arts AV & Comm | F132: INDUSTRIAL | G132: X | H132: See (MCL) | I132: See current Master Credentials List (MCL) | K132: TRUE
A133: 0610030501 | B133: Digital Printing Technology | C133: CAR | D133: Arts, A/V Technology & Communication | E133: Information Tec | F133: BUSINESS TECHNOLOGY | G133: F | H133: See (MCL) | I133: See current Master Credentials List (MCL) | K133: TRUE
A134: 0611050101 | B134: Computer Information Data Specialist | C134: CCC | D134: Information Technology | E134: Information Tec | F134: INDUSTRIAL | G134: F | H134: See (MCL) | I134: See current Master Credentials List (MCL) | K134: TRUE
A135: 0611080302 | B135: Graphic Design Support | C135: CCC | D135: Arts, A/V Technology & Communication | E135: Information Tec | F135: INDUSTRIAL | G135: X | H135: See (MCL) | I135: See current Master Credentials List (MCL) | K135: TRUE
A136: 0611080303 | B136: Graphic Design Production | C136: CCC | D136: Arts, A/V Technology & Communication | E136: Information Tec | F136: INDUSTRIAL | G136: X | H136: See (MCL) | I136: See current Master Credentials List (MCL) | K136: TRUE
A137: 0611080304 | B137: Interactive Media Production | C137: CCC | D137: Arts, A/V Technology & Communication | E137: Information Tec | F137: INDUSTRIAL | G137: X | H137: See (MCL) | I137: See current Master Credentials List (MCL) | K137: TRUE
A138: 0611080305 | B138: Interactive Media Support | C138: CCC | D138: Arts, A/V Technology & Communication | E138: Arts AV & Comm | F138: INDUSTRIAL | G138: X | H138: See (MCL) | I138: See current Master Credentials List (MCL) | K138: TRUE
A139: 0611100206 | B139: Network Communications (LAN) | C139: CCC | D139: Arts, A/V Technology & Communication | E139: Arts AV & Comm | F139: INDUSTRIAL | G139: F | H139: See (MCL) | I139: See current Master Credentials List (MCL) | K139: TRUE
A140: 0611100207 | B140: Network Communications (WAN) | C140: CCC | D140: Arts, A/V Technology & Communication | E140: Manufacturing | F140: INDUSTRIAL | G140: F | H140: See (MCL) | I140: See current Master Credentials List (MCL) | K140: TRUE
... A161: 0615040601 | B161: Automation | C161: CCC | D161: Manufacturing | E161: Manufacturing | F161: INDUSTRIAL | G161: F | H161: See (MCL) | I161: See current Master Credentials List (MCL) | K161: TRUE
A162: 0615040606 | B162: Advanced Manufacturing and Production Technology | C162: CAR | D162: Manufacturing | E162: Manufacturing | F162: INDUSTRIAL | G162: F | H162: See (MCL) | I162: See current Master Credentials List (MCL) | J162: 0615040603 | K162: TRUE
A163: 0615040607 | B163: Industrial Machinery and Controls Technician | C163: CAR | D163: Manufacturing | E163: Tran Dist Log | F163: INDUSTRIAL | G163: F | H163: See (MCL) | I163: See current Master Credentials List (MCL) | K163: TRUE
...

Sheet 3_Postsecondary_Questionnaire
B1: 3. Postsecondary Questionnaire Instructions: Enter your responses in the spaces below. Respond to all questions, using N/A if not applicable.
A2: Prompt Number | B2: Please limit responses to a maximum of 5500 characters.
A3: 1 | B3: Type "N/A" if this is your only project concept. If submitting two, please provide a priority rank for this pitch, with “1” as the highest. Submit a separate workbook for each pitch.
A5: 2 | B5: Describe your agency's current need to upgrade equipment. As part of your explanation, discuss how the equipment purchase will align with the need(s) identified your agency’s CLNA.
A7: 3 | B7: Describe how upgraded equipment may lead to improved student performance.
A9: 4 | B9: Describe how upgraded equipment would cut operating costs, improve productivity, or reduce downtime for your agency.
A11: 5 | B11: Does the equipment now being used by your agency meet current industry standards?
A13: 6a | B13: If you answered "no" for prompt 5, describe how the upgraded equipment will assist your agency in meeting industry standards and improving student outcomes.
A15: 6b | B15: If you answered "yes" for prompt 5, describe why spending funds to upgrade equipment is necessary. If "yes," there is only a limited number of circumstances under which EUM funding may be possible (for example, industry standards are changing and equipment soon will be outdated.)
A17: 7 | B17: Describe how equipment will better prepare students for future job opportunities in their fields.
A19: 8 | B19: Equipment codes. Important: Do not skip this. Typically, district object codes for equipment are 64X (e.g., 641). For state colleges, they are usually 7XXXX (e.g., 71001) . If any lines in your budget forms (Budget Form, Projected Equipment Form) use different codes, please explain why those expenses should be approved. See the Equipment FAQs for guidance on acceptable expenses (such as reasonable shipping), as well as on unacceptable expenses. Note that in some cases, it may be appropriate to list multiple expenses on one line under a single code. Ask your agency's finance office or the FDOE Grants Manager assigned to your Perkins Entitlement Grant if unsure.
A21: 9 | B21: If you propose any items worth less than $5,000, please explain either how they are necessary for the operation of another item that meets this threshold, or how lesser items combine to form a functional unit. See the Equipment FAQs for guidance. Write "N/A" if not applicable.
A23: 0 | B23: Please explain any software expenses. Please read the "software" section of the Equipment FAQs sheet in this workbook before answering. Software expenses are only accepted under specific circumstances. Write "N/A" if not applicable.

Sheet Projected_Equip_Instructions
A1: FLORIDA DEPARTMENT OF EDUCATION
A2: Perkins V Projected Equipment Form (EUM) Instructions
A3: This information is required for all equipment projected to be purchased from this grant.
A4: Category | B4: Group | C4: Directions
A5: Inventory Guidelines | B5: All applicants | C5: The elements listed are required on the inventory of all equipment purchased. 1)2 C.F.R. 200, Uniform Guidance, 200.313 Equipment: Property records must be maintained that include a description of the property, a serial number or other identification number, the source funding for the property, who holds title, the acquisition date, and cost of the property, percentage of Federal participation in the cost of the property, the location, use and condition of the property, and any ultimate disposition data including the date of disposal and sale price of the property. 2)State Requirements for inventory elements are located in Rule 69I-72.003, Florida Administrative Code, Recording of Property.
A6: General | B6: All applicants | C6: This form should be completed based on the instructions outlined below, unless instructed otherwise in the RFA. Use multiple forms if needed.
A7: Item A. | B7: All applicants | C7: Enter name of eligible recipient (fiscal agent, e.g., school district or college)
A8: Item B. | B8: All applicants | C8: FDOE use only
A9: Column A — Function Code | B9: School districts only | C9: Use the four-digit function codes as required in the Financial and Program Cost Accounting and Reporting for Florida Schools Manual (the Red Book).
A10: Column B — Object Code | B10: School districts only | C10: Use the three-digit object codes as required in the Financial and Program Cost Accounting and Reporting for Florida Schools Manual (the Red Book).
A11: Column B — Object Code | B11: Florida College System Institutions | C11: Use the five-digit code listed in the Florida College System Accounting Manual.
A12: Column B — Object Code | B12: Universities and State Agencies | C12: Use the five-digit code listed in the Florida Accounting Information Resource Manual.
A13: Column B — Object Code | B13: Other Agencies | C13: Use the object codes as required in the agency’s expenditure chart of accounts.
A14: Column C — Account Title | B14: All applicants | C14: Use the account title that applies to the object code listed in the accordance with the agency’s accounting system.
A15: Column D — Description | B15: All applicants | C15: Provide detailed descriptions/specifications of all equipment items to be purchased that have a projected unit value of $5,000 (State’s threshold) or more with a useful life of one year or more. EUM: Costs bundled or directly related to a piece of equipment, such as shipping or non-construction installation, generally may be listed on the same line as a piece of equipment. Provide details in the description. For example, a $150,000 semi-truck with a $1,000 shipping cost may be listed as $151,000. That said, please refer to your finance office's policies. An item listed on the Projected Equipment form must be listed the same way on the DOE101S.
... A19: Column H — Total Cost | B19: All applicants | C19: Provide the total projected cost for all items listed on this form.

Sheet 5_Projected_Equipment
A1: FLORIDA DEPARTMENT OF EDUCATION
A2: Perkins V Projected Equipment Form
I3: TAPS #27B143
G4: A)Name of Eligible Recipient/Fiscal Agent
G5: B)Project Number (DOE Use Only)
A6: Please Note:
A7: • Agencies are accountable for all equipment purchased using grant funds.
A8: • Show all amounts in whole dollars only. Amounts should be in agreement with relevant sections of the budget form.
A9: • EUM: Use this form for capitalized equipment with a projected value of $5,000 or more. Include bundled or items otherwise directly related to a piece of capitalized equipment on the same
A10: line, such as non-construction installation. These should be listed in the description and included in the total item cost.
A11: • List capitalized equipment on both the budget form and Projected Equipment Form.
A12: • Distinct items of minor equipment should be listed on the budget form, not on the Projected Equipment Form.
A14: A Line Number | B14: B Function Code | C14: C Object Code | D14: D Account Title | E14: E Description | F14: F Location Name/ Program | G14: G Number of Items | H14: H Item Cost ($) | I14: I Total Amount ($)
A15: =ROW(A15)-14 -> 1 | I15: =IF(SUM(G15*H15)=0,"",SUM(G15*H15))
A16: =ROW(A16)-14 -> 2 | I16: =IF(SUM(G16*H16)=0,"",SUM(G16*H16))
A17: =ROW(A17)-14 -> 3 | I17: =IF(SUM(G17*H17)=0,"",SUM(G17*H17))
A18: =ROW(A18)-14 -> 4 | I18: =IF(SUM(G18*H18)=0,"",SUM(G18*H18))
A19: =ROW(A19)-14 -> 5 | I19: =IF(SUM(G19*H19)=0,"",SUM(G19*H19))
A20: =ROW(A20)-14 -> 6 | I20: =IF(SUM(G20*H20)=0,"",SUM(G20*H20))
A21: =ROW(A21)-14 -> 7 | I21: =IF(SUM(G21*H21)=0,"",SUM(G21*H21))
A22: =ROW(A22)-14 -> 8 | I22: =IF(SUM(G22*H22)=0,"",SUM(G22*H22))
A23: =ROW(A23)-14 -> 9 | I23: =IF(SUM(G23*H23)=0,"",SUM(G23*H23))
A24: =ROW(A24)-14 -> 10 | I24: =IF(SUM(G24*H24)=0,"",SUM(G24*H24))
A25: =ROW(A25)-14 -> 11 | I25: =IF(SUM(G25*H25)=0,"",SUM(G25*H25))
A26: =ROW(A26)-14 -> 12 | I26: =IF(SUM(G26*H26)=0,"",SUM(G26*H26))
... A34: =ROW(A34)-14 -> 20 | I34: =IF(SUM(G34*H34)=0,"",SUM(G34*H34))
H35: Total | I35: =SUM(H15:H34) -> 0
A37: Does the agency’s inventory system contain all required federal and state elements listed in the Inventory Guidelines in the instructions?
A38: Mark one of these answers with an "X."
F39: Yes? | I39: No?
A40: EUM version updated April 2025.

Sheet Career_D
D1: Career Clusters for Perkins-Fundable Postsecondary Programs (Districts)
D2: Updated 07/30/26 based on the 7/27/26 Database. Programs in ineligible clusters have been excluded. If a program has been scheduled for teach-out or deletion, it is ineligible for EUM and has been excluded here. Contact Perkins@fldoe.org with questions.
A3: CIP_Number_2020 | B3: Leading Zero | C3: Concatenate | D3: CIP_Number_20202 | E3: CIP_Number_2010 | F3: Federal_6_Digit_CIP_2020 | G3: FDOE_Program_Title | H3: Program_Type | I3: Postsecondary_Program_Number | J3: Postsecondary_Hours | K3: College_Credit_Hours | L3: New_Pgm_Length_Change | M3: Career_Cluster | N3: Career_Areas_Abbrev | O3: Program_area | P3: NonTrad | Q3: SOC_Code | R3: SOC_Title | S3: Teach_Out_Programs | T3: Year_Daggered | U3: Last_Reportable_Year | V3: Replaced | W3: Replacement | X3: Replacement_2 | Y3: Replaces_Old_CIP | Z3: Single_Course_Program | AA3: New_Program | AB3: Year of Inception | AC3: Perkins_Fundable
A4: 0101060602 | C4: =CONCATENATE(B4,A4) -> 0101060602 | D4: 0101060602 | E4: 0101060602 | F4: 010606 | G4: Nursery Management | H4: CAR | I4: A010616 | J4: 0900 | L4: FALSE | M4: Agriculture, Food, and Natural Resources | N4: Ag Food & Nat R | O4: AGRISCIENCE AND NATURAL RESOURCES | P4: F | Q4: See (MCL) | R4: See current Master Credentials List (MCL) | S4: FALSE | V4: FALSE | Z4: FALSE | AA4: FALSE | AC4: TRUE
A5: 0101060703 | C5: =CONCATENATE(B5,A5) -> 0101060703 | D5: 0101060703 | E5: 0101060703 | F5: 010607 | G5: Landscape & Turf Management | H5: CAR | I5: A200100 | J5: 0900 | L5: FALSE | M5: Agriculture, Food, and Natural Resources | N5: Ag Food & Nat R | O5: AGRISCIENCE AND NATURAL RESOURCES | P5: F | Q5: See (MCL) | R5: See current Master Credentials List (MCL) | S5: FALSE | V5: FALSE | Z5: FALSE | AA5: FALSE | AB5: 2015-16 | AC5: TRUE
A6: 0101830100 | C6: =CONCATENATE(B6,A6) -> 0101830100 | D6: 0101830100 | E6: 0151080810 | F6: 018301 | G6: Veterinary Assisting | H6: CAR | I6: A010512 | J6: 0750 | L6: FALSE | M6: Agriculture, Food, and Natural Resources | N6: Ag Food & Nat R | O6: AGRISCIENCE AND NATURAL RESOURCES | P6: M | Q6: See (MCL) | R6: See current Master Credentials List (MCL) | S6: FALSE | V6: FALSE | Z6: FALSE | AA6: FALSE | AC6: TRUE
A7: 0419070802 | C7: =CONCATENATE(B7,A7) -> 0419070802 | D7: 0419070802 | E7: 0419070802 | F7: 190708 | G7: Child Care Center Operations | H7: CAR | I7: V200206 | J7: 0045 | L7: FALSE | M7: Education & Training | N7: Ed & Train | O7: FAMILY AND CONSUMER SCIENCES | P7: M | Q7: See (MCL) | R7: See current Master Credentials List (MCL) | S7: FALSE | V7: FALSE | Z7: TRUE | AA7: FALSE | AC7: TRUE
A8: 0419070905 | C8: =CONCATENATE(B8,A8) -> 0419070905 | D8: 0419070905 | E8: 0419070905 | F8: 190709 | G8: Family Child Care Training | H8: CAR | I8: V200410 | J8: 0030 | L8: FALSE | M8: Education & Training | N8: Ed & Train | O8: FAMILY AND CONSUMER SCIENCES | P8: M | Q8: See (MCL) | R8: See current Master Credentials List (MCL) | S8: FALSE | V8: FALSE | Z8: TRUE | AA8: FALSE | AC8: TRUE
A9: 0419070913 | C9: =CONCATENATE(B9,A9) -> 0419070913 | D9: 0419070913 | E9: 0419070913 | F9: 190709 | G9: Early Childhood Education | H9: CAR | I9: E300100 | J9: 0600 | L9: FALSE | M9: Education & Training | N9: Ed & Train | O9: FAMILY AND CONSUMER SCIENCES | P9: M | Q9: See (MCL) | R9: See current Master Credentials List (MCL) | S9: FALSE | V9: FALSE | Z9: FALSE | AA9: FALSE | AB9: 2011-12 | AC9: TRUE
A10: 0419070914 | C10: =CONCATENATE(B10,A10) -> 0419070914 | D10: 0419070914 | E10: 0419070914 | F10: 190709 | G10: School Age Professional Certificate | H10: CAR | I10: V200310 | J10: 0120 | L10: FALSE | M10: Education & Training | N10: Ed & Train | O10: FAMILY AND CONSUMER SCIENCES | P10: M | Q10: See (MCL) | R10: See current Master Credentials List (MCL) | S10: FALSE | V10: FALSE | Z10: FALSE | AA10: FALSE | AC10: TRUE
A11: 0450040808 | C11: =CONCATENATE(B11,A11) -> 0450040808 | D11: 0450040808 | E11: NewPgm2526 | F11: 500408 | G11: Interior Decorating Services | H11: CAR | I11: V700100 | J11: 1250 | L11: FALSE | M11: Arts, A/V Technology & Communication | N11: Arts AV & Comm | O11: FAMILY AND CONSUMER SCIENCES | P11: X | Q11: See (MCL) | R11: See current Master Credentials List (MCL) | S11: FALSE | V11: FALSE | Y11: 0450040804 | Z11: FALSE | AA11: TRUE | AB11: 2025-26 | AC11: TRUE
A12: 0509070200 | C12: =CONCATENATE(B12,A12) -> 0509070200 | D12: 0509070200 | E12: 0509070200 | F12: 090702 | G12: Digital Media Technology | H12: CAR | I12: Y500100 | J12: 0750 | L12: FALSE | M12: Information Technology | N12: Information Tec | O12: INDUSTRIAL | P12: X | Q12: See (MCL) | R12: See current Master Credentials List (MCL) | S12: FALSE | V12: FALSE | Z12: FALSE | AA12: FALSE | AB12: 2013-14 | AC12: TRUE
A13: 0510030306 | C13: =CONCATENATE(B13,A13) -> 0510030306 | D13: 0510030306 | E13: 0510030306 | F13: 100303 | G13: Digital Design | H13: CAR | I13: B070600 | J13: 1200 | L13: FALSE | M13: Arts, A/V Technology & Communication | N13: Arts AV & Comm | O13: BUSINESS TECHNOLOGY | P13: X | Q13: See (MCL) | R13: See current Master Credentials List (MCL) | S13: FALSE | V13: FALSE | Z13: FALSE | AA13: FALSE | AB13: 2012-13 | AC13: TRUE
A14: 0510030307 | C14: =CONCATENATE(B14,A14) -> 0510030307 | D14: 0510030307 | E14: 0510030307 | F14: 100303 | G14: Digital Design 1 | H14: CAR | I14: K700100 | J14: 0600 | L14: FALSE | M14: Arts, A/V Technology & Communication | N14: Arts AV & Comm | O14: BUSINESS TECHNOLOGY | P14: X | Q14: See (MCL) | R14: See current Master Credentials List (MCL) | S14: FALSE | V14: FALSE | Z14: FALSE | AA14: FALSE | AC14: TRUE
A15: 0510030308 | C15: =CONCATENATE(B15,A15) -> 0510030308 | D15: 0510030308 | E15: 0510030308 | F15: 100303 | G15: Digital Design 2 | H15: CAR | I15: K700200 | J15: 0600 | L15: FALSE | M15: Arts, A/V Technology & Communication | N15: Arts AV & Comm | O15: BUSINESS TECHNOLOGY | P15: X | Q15: See (MCL) | R15: See current Master Credentials List (MCL) | S15: FALSE | V15: FALSE | Z15: FALSE | AA15: FALSE | AC15: TRUE
A16: 0511010302 | C16: =CONCATENATE(B16,A16) -> 0511010302 | D16: 0511010302 | E16: 0511010302 | F16: 110103 | G16: Applied Information Technology | H16: CAR | I16: Y300400 | J16: 0600 | L16: FALSE | M16: Information Technology | N16: Information Tec | O16: BUSINESS TECHNOLOGY | P16: F | Q16: See (MCL) | R16: See current Master Credentials List (MCL) | S16: FALSE | V16: FALSE | Z16: FALSE | AA16: FALSE | AB16: 2012-13 | AC16: TRUE
A17: 0511020102 | C17: =CONCATENATE(B17,A17) -> 0511020102 | D17: 0511020102 | E17: 0511020102 | F17: 110201 | G17: Web Application Development & Programming | H17: CAR | I17: Y700500 | J17: 1050 | L17: FALSE | M17: Information Technology | N17: Information Tec | O17: BUSINESS TECHNOLOGY | P17: F | Q17: See (MCL) | R17: See current Master Credentials List (MCL) | S17: FALSE | V17: FALSE | Z17: FALSE | AA17: FALSE | AC17: TRUE
A18: 0511020313 | C18: =CONCATENATE(B18,A18) -> 0511020313 | D18: 0511020313 | E18: 0511020313 | F18: 110203 | G18: Java Development & Programming | H18: CAR | I18: Y700200 | J18: 1200 | L18: FALSE | M18: Information Technology | N18: Information Tec | O18: BUSINESS TECHNOLOGY | P18: F | Q18: See (MCL) | R18: See current Master Credentials List (MCL) | S18: FALSE | V18: FALSE | Z18: FALSE | AA18: FALSE | AC18: TRUE
A19: 0511020314 | C19: =CONCATENATE(B19,A19) -> 0511020314 | D19: 0511020314 | E19: 0511020314 | F19: 110203 | G19: .NET Application Development and Programming | H19: CAR | I19: Y700400 | J19: 1050 | L19: FALSE | M19: Information Technology | N19: Information Tec | O19: BUSINESS TECHNOLOGY | P19: F | Q19: See (MCL) | R19: See current Master Credentials List (MCL) | S19: FALSE | V19: FALSE | Z19: FALSE | AA19: FALSE | AC19: TRUE
A20: 0511020315 | C20: =CONCATENATE(B20,A20) -> 0511020315 | D20: 0511020315 | E20: 0511020315 | F20: 110203 | G20: Database Application Development & Programming | H20: CAR | I20: Y700300 | J20: 1200 | L20: FALSE | M20: Information Technology | N20: Information Tec | O20: BUSINESS TECHNOLOGY | P20: F | Q20: See (MCL) | R20: See current Master Credentials List (MCL) | S20: FALSE | V20: FALSE | Z20: FALSE | AA20: FALSE | AB20: 2012-13 | AC20: TRUE
A21: 0511080100 | C21: =CONCATENATE(B21,A21) -> 0511080100 | D21: 0511080100 | E21: 0511080100 | F21: 110801 | G21: Web Development | H21: CAR | I21: Y700100 | J21: 1050 | L21: FALSE | M21: Information Technology | N21: Information Tec | O21: INDUSTRIAL | P21: X | Q21: See (MCL) | R21: See current Master Credentials List (MCL) | S21: FALSE | V21: FALSE | Z21: FALSE | AA21: FALSE | AB21: 2011-12 | AC21: TRUE
A22: 0511080402 | C22: =CONCATENATE(B22,A22) -> 0511080402 | D22: 0511080402 | E22: 0511080402 | F22: 110804 | G22: Modeling Simulation Production | H22: CAR | I22: Y500200 | J22: 1500 | L22: FALSE | M22: Information Technology | N22: Information Tec | O22: BUSINESS TECHNOLOGY | P22: F | Q22: See (MCL) | R22: See current Master Credentials List (MCL) | S22: FALSE | V22: FALSE | Z22: FALSE | AA22: FALSE | AB22: 2017-18 | AC22: TRUE
A23: 0511080403 | C23: =CONCATENATE(B23,A23) -> 0511080403 | D23: 0511080403 | E23: 0511080403 | F23: 110804 | G23: Modeling Simulation Design | H23: CAR | I23: Y500300 | J23: 1500 | L23: FALSE | M23: Information Technology | N23: Information Tec | O23: BUSINESS TECHNOLOGY | P23: F | Q23: See (MCL) | R23: See current Master Credentials List (MCL) | S23: FALSE | V23: FALSE | Z23: FALSE | AA23: FALSE | AB23: 2017-18 | AC23: TRUE
A24: 0511090102 | C24: =CONCATENATE(B24,A24) -> 0511090102 | D24: 0511090102 | E24: 0511090102 | F24: 110901 | G24: Network Support Services | H24: CAR | I24: B078000 | J24: 1050 | L24: FALSE | M24: Information Technology | N24: Information Tec | O24: BUSINESS TECHNOLOGY | P24: F | Q24: See (MCL) | R24: See current Master Credentials List (MCL) | S24: FALSE | V24: FALSE | Z24: FALSE | AA24: FALSE | AC24: TRUE
A25: 0511090105 | C25: =CONCATENATE(B25,A25) -> 0511090105 | D25: 0511090105 | E25: 0511090105 | F25: 110901 | G25: Network Systems Administration | H25: CAR | I25: B079300 | J25: 1050 | L25: FALSE | M25: Information Technology | N25: Information Tec | O25: BUSINESS TECHNOLOGY | P25: F | Q25: See (MCL) | R25: See current Master Credentials List (MCL) | S25: FALSE | V25: FALSE | Z25: FALSE | AA25: FALSE | AB25: 2005-06 | AC25: TRUE
A26: 0511090107 | C26: =CONCATENATE(B26,A26) -> 0511090107 | D26: 0511090107 | E26: 0511090107 | F26: 110901 | G26: Computer Systems & Information Technology (CSIT) | H26: CAR | I26: Y100200 | J26: 0900 | L26: FALSE | M26: Information Technology | N26: Information Tec | O26: BUSINESS TECHNOLOGY | P26: F | Q26: See (MCL) | R26: See current Master Credentials List (MCL) | S26: FALSE | V26: FALSE | Z26: FALSE | AA26: FALSE | AB26: 2012-13 | AC26: TRUE
A27: 0511090200 | C27: =CONCATENATE(B27,A27) -> 0511090200 | D27: 0511090200 | E27: 0511100303 | F27: 110902 | G27: Cloud Computing & Virtualization | H27: CAR | I27: Y100400 | J27: 0900 | L27: FALSE | M27: Information Technology | N27: Information Tec | O27: INDUSTRIAL | P27: F | Q27: See (MCL) | R27: See current Master Credentials List (MCL) | S27: FALSE | V27: FALSE | Z27: FALSE | AA27: FALSE | AB27: 2014-15 | AC27: TRUE
A28: 0511100123 | C28: =CONCATENATE(B28,A28) -> 0511100123 | D28: 0511100123 | E28: 0511100123 | F28: 111001 | G28: Enterprise Network and Server Support Technology | H28: CAR | I28: Y300500 | J28: 0750 | L28: FALSE | M28: Information Technology | N28: Information Tec | O28: BUSINESS TECHNOLOGY | P28: F | Q28: See (MCL) | R28: See current Master Credentials List (MCL) | S28: FALSE | V28: FALSE | Z28: FALSE | AA28: FALSE | AB28: 2017-18 | AC28: TRUE
A29: 0511100124 | C29: =CONCATENATE(B29,A29) -> 0511100124 | D29: 0511100124 | E29: 0511100124 | F29: 111001 | G29: Enterprise Desktop and Mobile Support Technology | H29: CAR | I29: Y300600 | J29: 1050 | L29: FALSE | M29: Information Technology | N29: Information Tec | O29: BUSINESS TECHNOLOGY | P29: F | Q29: See (MCL) | R29: See current Master Credentials List (MCL) | S29: FALSE | V29: FALSE | Z29: FALSE | AA29: FALSE | AB29: 2017-18 | AC29: TRUE
A30: 0511100316 | C30: =CONCATENATE(B30,A30) -> 0511100316 | D30: 0511100316 | E30: NewPgm2627 | F30: 111003 | G30: Applied Cybersecurity | H30: CAR | I30: Y100500 | J30: 0750 | L30: FALSE | M30: Information Technology | N30: Information Tec | O30: BUSINESS TECHNOLOGY | P30: F | Q30: See (MCL) | R30: See current Master Credentials List (MCL) | S30: FALSE | V30: FALSE | Y30: 0511100302 | Z30: FALSE | AA30: TRUE | AB30: 2026-27 | AC30: TRUE
A31: 0515120200 | C31: =CONCATENATE(B31,A31) -> 0515120200 | D31: 0515120200 | E31: 0515120200 | F31: 151202 | G31: Technology Support Services | H31: CAR | I31: Y100100 | J31: 0600 | L31: FALSE | M31: Information Technology | N31: Information Tec | O31: INDUSTRIAL | P31: F | Q31: See (MCL) | R31: See current Master Credentials List (MCL) | S31: FALSE | V31: FALSE | Z31: TRUE | AA31: FALSE | AB31: 2013-14 | AC31: TRUE
A32: 0522030103 | C32: =CONCATENATE(B32,A32) -> 0522030103 | D32: 0522030103 | E32: 0522030103 | F32: 220301 | G32: Legal Administrative Specialist | H32: CAR | I32: B072000 | J32: 1050 | L32: FALSE | M32: Business Management and Administration | N32: Bus Man & Adm | O32: BUSINESS TECHNOLOGY | P32: M | Q32: See (MCL) | R32: See current Master Credentials List (MCL) | S32: FALSE | V32: FALSE | Z32: FALSE | AA32: FALSE | AC32: TRUE
A33: 0522030305 | C33: =CONCATENATE(B33,A33) -> 0522030305 | D33: 0522030305 | E33: 0522030305 | F33: 220303 | G33: Court Reporting 2 | H33: CAR | I33: B700600 | J33: 0600 | L33: FALSE | M33: Business Management and Administration | N33: Bus Man & Adm | O33: BUSINESS TECHNOLOGY | P33: X | Q33: See (MCL) | R33: See current Master Credentials List (MCL) | S33: FALSE | V33: FALSE | Z33: TRUE | AA33: FALSE | AC33: TRUE
A34: 0522030306 | C34: =CONCATENATE(B34,A34) -> 0522030306 | D34: 0522030306 | E34: 0522030306 | F34: 220303 | G34: Court Reporting 3 | H34: CAR | I34: B700700 | J34: 1500 | L34: FALSE | M34: Business Management and Administration | N34: Bus Man & Adm | O34: BUSINESS TECHNOLOGY | P34: X | Q34: See (MCL) | R34: See current Master Credentials List (MCL) | S34: FALSE | V34: FALSE | Z34: FALSE | AA34: FALSE | AC34: TRUE
A35: 0522030311 | C35: =CONCATENATE(B35,A35) -> 0522030311 | D35: 0522030311 | E35: 0522030311 | F35: 220303 | G35: Court Reporting Technology | H35: CAR | I35: B600100 | J35: 0750 | L35: FALSE | M35: Business Management and Administration | N35: Bus Man & Adm | O35: BUSINESS TECHNOLOGY | P35: X | Q35: See (MCL) | R35: See current Master Credentials List (MCL) | S35: FALSE | V35: FALSE | Y35: 0522030300 | Z35: FALSE | AA35: FALSE | AB35: 2014-15 | AC35: TRUE
A36: 0550041114 | C36: =CONCATENATE(B36,A36) -> 0550041114 | D36: 0550041114 | E36: 0550041114 | F36: 500411 | G36: Game/Simulation/Animation Visual Design | H36: CAR | I36: B082100 | J36: 0600 | L36: FALSE | M36: Information Technology | N36: Information Tec | O36: BUSINESS TECHNOLOGY | P36: X | Q36: See (MCL) | R36: See current Master Credentials List (MCL) | S36: FALSE | V36: FALSE | Z36: FALSE | AA36: FALSE | AB36: 2008-09 | AC36: TRUE
A37: 0550041115 | C37: =CONCATENATE(B37,A37) -> 0550041115 | D37: 0550041115 | E37: 0550041115 | F37: 500411 | G37: Game/Simulation/Animation Audio/Video Effects | H37: CAR | I37: B082200 | J37: 0600 | L37: FALSE | M37: Information Technology | N37: Information Tec | O37: BUSINESS TECHNOLOGY | P37: X | Q37: See (MCL) | R37: See current Master Credentials List (MCL) | S37: FALSE | V37: FALSE | Z37: FALSE | AA37: FALSE | AB37: 2008-09 | AC37: TRUE
A38: 0550041116 | C38: =CONCATENATE(B38,A38) -> 0550041116 | D38: 0550041116 | E38: 0550041116 | F38: 500411 | G38: Game/Simulation/Animation Programming | H38: CAR | I38: B082300 | J38: 0600 | L38: FALSE | M38: Information Technology | N38: Information Tec | O38: BUSINESS TECHNOLOGY | P38: X | Q38: See (MCL) | R38: See current Master Credentials List (MCL) | S38: FALSE | V38: FALSE | Z38: FALSE | AA38: FALSE | AB38: 2008-09 | AC38: TRUE
A39: 0551071603 | C39: =CONCATENATE(B39,A39) -> 0551071603 | D39: 0551071603 | E39: 0551071603 | F39: 510716 | G39: Medical Administrative Specialist | H39: CAR | I39: B070300 | J39: 1050 | L39: FALSE | M39: Business Management and Administration | N39: Bus Man & Adm | O39: BUSINESS TECHNOLOGY | P39: M | Q39: See (MCL) | R39: See current Master Credentials List (MCL) | S39: FALSE | V39: FALSE | Z39: FALSE | AA39: FALSE | AC39: TRUE
A40: 0552020101 | C40: =CONCATENATE(B40,A40) -> 0552020101 | D40: 0552020101 | E40: 0552020101 | F40: 520201 | G40: Business Management and Analysis | H40: CAR | I40: B060200 | J40: 0900 | L40: FALSE | M40: Business Management and Administration | N40: Bus Man & Adm | O40: BUSINESS TECHNOLOGY | P40: F | Q40: See (MCL) | R40: See current Master Credentials List (MCL) | S40: FALSE | V40: FALSE | Y40: 0506040101 | Z40: FALSE | AA40: FALSE | AC40: TRUE
A41: 0552030207 | C41: =CONCATENATE(B41,A41) -> 0552030207 | D41: 0552030207 | E41: NewPgm2526 | F41: 520302 | G41: Accounting Operations | H41: CAR | I41: B200100 | J41: 1050 | L41: FALSE | M41: Business Management and Administration | N41: Bus Man & Adm | O41: BUSINESS TECHNOLOGY | P41: M | Q41: See (MCL) | R41: See current Master Credentials List (MCL) | S41: FALSE | V41: FALSE | Y41: 0552030202 | Z41: FALSE | AA41: TRUE | AB41: 2025-26 | AC41: TRUE
A42: 0552040104 | C42: =CONCATENATE(B42,A42) -> 0552040104 | D42: 0552040104 | E42: NewPgm2526 | F42: 520401 | G42: Administrative Office Specialist | H42: CAR | I42: B600200 | J42: 1050 | L42: FALSE | M42: Business Management and Administration | N42: Bus Man & Adm | O42: BUSINESS TECHNOLOGY | P42: M | Q42: See (MCL) | R42: See current Master Credentials List (MCL) | S42: FALSE | V42: FALSE | Y42: 0552040103 | Z42: FALSE | AA42: TRUE | AB42: 2025-26 | AC42: TRUE
A43: 0610010525 | C43: =CONCATENATE(B43,A43) -> 0610010525 | D43: 0610010525 | E43: NewPgm2627 | F43: 100105 | G43: Digital Video Technology | H43: CAR | I43: V100300 | J43: 0900 | L43: FALSE | M43: Arts, A/V Technology & Communication | N43: Arts AV & Comm | O43: INDUSTRIAL | P43: F | Q43: See (MCL) | R43: See current Master Credentials List (MCL) | S43: FALSE | V43: FALSE | Y43: 0610010524 | Z43: FALSE | AA43: TRUE | AB43: 2026-27 | AC43: TRUE
A44: 0610020100 | C44: =CONCATENATE(B44,A44) -> 0610020100 | D44: 0610020100 | E44: 0647010305 | F44: 100201 | G44: Stage Production | H44: CAR | I44: K200200 | J44: 0300 | L44: FALSE | M44: Arts, A/V Technology & Communication | N44: Arts AV & Comm | O44: INDUSTRIAL | P44: F | Q44: See (MCL) | R44: See current Master Credentials List (MCL) | S44: FALSE | V44: FALSE | Z44: FALSE | AA44: FALSE | AB44: 2013-14 | AC44: TRUE
A45: 0610020218 | C45: =CONCATENATE(B45,A45) -> 0610020218 | D45: 0610020218 | E45: 0610020218 | F45: 100202 | G45: Television Production Technology | H45: CAR | I45: K300300 | J45: 1200 | L45: FALSE | M45: Arts, A/V Technology & Communication | N45: Arts AV & Comm | O45: INDUSTRIAL | P45: F | Q45: See (MCL) | R45: See current Master Credentials List (MCL) | S45: FALSE | V45: FALSE | Y45: 0610020203 | Z45: FALSE | AA45: FALSE | AB45: 2017-18 | AC45: TRUE
A46: 0610030400 | C46: =CONCATENATE(B46,A46) -> 0610030400 | D46: 0610030400 | E46: 0610030400 | F46: 100304 | G46: 3 D Animation Technology | H46: CAR | I46: I480200 | J46: 1050 | L46: FALSE | M46: Arts, A/V Technology & Communication | N46: Arts AV & Comm | O46: INDUSTRIAL | P46: X | Q46: See (MCL) | R46: See current Master Credentials List (MCL) | S46: FALSE | V46: FALSE | Z46: FALSE | AA46: FALSE | AB46: 2006-07 | AC46: TRUE
A47: 0610030501 | C47: =CONCATENATE(B47,A47) -> 0610030501 | D47: 0610030501 | E47: 0610030501 | F47: 100305 | G47: Digital Printing Technology | H47: CAR | I47: I480205 | J47: 0990 | L47: FALSE | M47: Arts, A/V Technology & Communication | N47: Arts AV & Comm | O47: INDUSTRIAL | P47: F | Q47: See (MCL) | R47: See current Master Credentials List (MCL) | S47: FALSE | V47: FALSE | Z47: FALSE | AA47: FALSE | AC47: TRUE
A48: 0615030300 | C48: =CONCATENATE(B48,A48) -> 0615030300 | D48: 0615030300 | E48: 0615030300 | F48: 150303 | G48: Electronic Technology | H48: CAR | I48: I150303 | J48: 1400 | L48: FALSE | M48: Manufacturing | N48: Manufacturing | O48: INDUSTRIAL | P48: F | Q48: See (MCL) | R48: See current Master Credentials List (MCL) | S48: FALSE | V48: FALSE | Z48: FALSE | AA48: FALSE | AC48: TRUE
A49: 0615030315 | C49: =CONCATENATE(B49,A49) -> 0615030315 | D49: 0615030315 | E49: 0615030315 | F49: 150303 | G49: Electronic Technology 1 | H49: CAR | I49: J540100 | J49: 0650 | L49: FALSE | M49: Manufacturing | N49: Manufacturing | O49: INDUSTRIAL | P49: F | Q49: See (MCL) | R49: See current Master Credentials List (MCL) | S49: FALSE | V49: FALSE | Z49: FALSE | AA49: FALSE | AC49: TRUE
A50: 0615030316 | C50: =CONCATENATE(B50,A50) -> 0615030316 | D50: 0615030316 | E50: 0615030316 | F50: 150303 | G50: Electronic Technology 2 | H50: CAR | I50: J540200 | J50: 0750 | L50: FALSE | M50: Manufacturing | N50: Manufacturing | O50: INDUSTRIAL | P50: F | Q50: See (MCL) | R50: See current Master Credentials List (MCL) | S50: FALSE | V50: FALSE | Z50: FALSE | AA50: FALSE | AC50: TRUE
A51: 0615030332 | C51: =CONCATENATE(B51,A51) -> 0615030332 | D51: 0615030332 | E51: 0615030332 | F51: 150303 | G51: Electronic Systems Technician | H51: CAR | I51: J540300 | J51: 0900 | L51: FALSE | M51: Manufacturing | N51: Manufacturing | O51: INDUSTRIAL | P51: F | Q51: See (MCL) | R51: See current Master Credentials List (MCL) | S51: FALSE | V51: FALSE | Z51: FALSE | AA51: FALSE | AB51: 2017-18 | AC51: TRUE
A52: 0615040106 | C52: =CONCATENATE(B52,A52) -> 0615040106 | D52: 0615040106 | E52: 0615040106 | F52: 150401 | G52: Biomedical Equipment Repair Technology | H52: CAR | I52: J400100 | J52: 1140 | L52: FALSE | M52: Manufacturing | N52: Manufacturing | O52: INDUSTRIAL | P52: F | Q52: See (MCL) | R52: See current Master Credentials List (MCL) | S52: FALSE | V52: FALSE | Z52: FALSE | AA52: FALSE | AC52: TRUE
A53: 0615040400 | C53: =CONCATENATE(B53,A53) -> 0615040400 | D53: 0615040400 | E53: 0615040400 | F53: 150404 | G53: Electrical and Instrumentation Technology | H53: CAR | I53: I150404 | J53: 1800 | L53: FALSE | M53: Manufacturing | N53: Manufacturing | O53: INDUSTRIAL | P53: F | Q53: See (MCL) | R53: See current Master Credentials List (MCL) | S53: FALSE | V53: FALSE | Z53: FALSE | AA53: FALSE | AC53: TRUE
A54: 0615040401 | C54: =CONCATENATE(B54,A54) -> 0615040401 | D54: 0615040401 | E54: 0615040401 | F54: 150404 | G54: Electrical and Instrumentation Technology 1 | H54: CAR | I54: J110100 | J54: 1000 | L54: FALSE | M54: Manufacturing | N54: Manufacturing | O54: INDUSTRIAL | P54: F | Q54: See (MCL) | R54: See current Master Credentials List (MCL) | S54: FALSE | V54: FALSE | Z54: FALSE | AA54: FALSE | AC54: TRUE
A55: 0615040402 | C55: =CONCATENATE(B55,A55) -> 0615040402 | D55: 0615040402 | E55: 0615040402 | F55: 150404 | G55: Electrical and Instrumentation Technology 2 | H55: CAR | I55: J110200 | J55: 0800 | L55: FALSE | M55: Manufacturing | N55: Manufacturing | O55: INDUSTRIAL | P55: F | Q55: See (MCL) | R55: See current Master Credentials List (MCL) | S55: FALSE | V55: FALSE | Z55: FALSE | AA55: FALSE | AC55: TRUE
A56: 0615040606 | C56: =CONCATENATE(B56,A56) -> 0615040606 | D56: 0615040606 | E56: 0615040606 | F56: 150406 | G56: Advanced Manufacturing and Production Technology | H56: CAR | I56: J100200 | J56: 0600 | L56: FALSE | M56: Manufacturing | N56: Manufacturing | O56: INDUSTRIAL | P56: F | Q56: See (MCL) | R56: See current Master Credentials List (MCL) | S56: FALSE | V56: FALSE | Y56: 0615040603 | Z56: FALSE | AA56: FALSE | AB56: 2017-18 | AC56: TRUE
A57: 0615040607 | C57: =CONCATENATE(B57,A57) -> 0615040607 | D57: 0615040607 | E57: NewPgm2122 | F57: 150406 | G57: Industrial Machinery and Controls Technician | H57: CAR | I57: J100300 | J57: 1200 | L57: FALSE | M57: Manufacturing | N57: Manufacturing | O57: INDUSTRIAL | P57: F | Q57: See (MCL) | R57: See current Master Credentials List (MCL) | S57: FALSE | V57: FALSE | Z57: FALSE | AA57: FALSE | AB57: 2021-22 | AC57: TRUE
A58: 0615049901 | C58: =CONCATENATE(B58,A58) -> 0615049901 | D58: 0615049901 | E58: 0615049901 | F58: 150499 | G58: Mechatronics Technology | H58: CAR | I58: J200200 | J58: 1550 | L58: FALSE | M58: Manufacturing | N58: Manufacturing | O58: INDUSTRIAL | P58: F | Q58: See (MCL) | R58: See current Master Credentials List (MCL) | S58: FALSE | V58: FALSE | Z58: FALSE | AA58: FALSE | AB58: 2016-17 | AC58: TRUE
A59: 0615049905 | C59: =CONCATENATE(B59,A59) -> 0615049905 | D59: 0615049905 | E59: NewPgm2122 | F59: 150499 | G59: Certified Production Technology | H59: CAR | I59: J200400 | J59: 0300 | L59: FALSE | M59: Manufacturing | N59: Manufacturing | O59: INDUSTRIAL | P59: F | Q59: See (MCL) | R59: See current Master Credentials List (MCL) | S59: FALSE | V59: FALSE | Z59: TRUE | AA59: FALSE | AB59: 2021-22 | AC59: TRUE
A60: 0615050110 | C60: =CONCATENATE(B60,A60) -> 0615050110 | D60: 0615050110 | E60: 0615050110 | F60: 150501 | G60: Heating, Ventilation, Air-Conditioning/Refrigeration (HVAC/R) | H60: CAR | I60: C400400 | J60: 1350 | L60: FALSE | M60: Architecture & Construction | N60: Archit & Const | O60: INDUSTRIAL | P60: F | Q60: See (MCL) | R60: See current Master Credentials List (MCL) | S60: FALSE | V60: FALSE | Y60: 0647020106 | Z60: FALSE | AA60: FALSE | AB60: 2019-20 | AC60: TRUE
A61: 0615050111 | C61: =CONCATENATE(B61,A61) -> 0615050111 | D61: 0615050111 | E61: 0615050111 | F61: 150501 | G61: Heating, Ventilation, Air-Conditioning/Refrigeration (HVAC/R)1 | H61: CAR | I61: C400410 | J61: 0750 | L61: FALSE | M61: Architecture & Construction | N61: Archit & Const | O61: INDUSTRIAL | P61: F | Q61: See (MCL) | R61: See current Master Credentials List (MCL) | S61: FALSE | V61: FALSE | Y61: 0647020107 | Z61: FALSE | AA61: FALSE | AB61: 2019-20 | AC61: TRUE
A62: 0615050112 | C62: =CONCATENATE(B62,A62) -> 0615050112 | D62: 0615050112 | E62: 0615050112 | F62: 150501 | G62: Heating, Ventilation, Air-Conditioning/Refrigeration (HVAC/R)2 | H62: CAR | I62: C400420 | J62: 0600 | L62: FALSE | M62: Architecture & Construction | N62: Archit & Const | O62: INDUSTRIAL | P62: F | Q62: See (MCL) | R62: See current Master Credentials List (MCL) | S62: FALSE | V62: FALSE | Y62: 0647020108 | Z62: FALSE | AA62: FALSE | AB62: 2019-20 | AC62: TRUE
A63: 0615061204 | C63: =CONCATENATE(B63,A63) -> 0615061204 | D63: 0615061204 | E63: NewPgm2526 | F63: 150612 | G63: Industrial Engineering Technology | H63: CAR | I63: J200500 | J63: 1080 | L63: FALSE | M63: Manufacturing | N63: Manufacturing | O63: INDUSTRIAL | P63: F | Q63: See (MCL) | R63: See current Master Credentials List (MCL) | S63: FALSE | V63: FALSE | Z63: FALSE | AA63: TRUE | AB63: 2025-26 | AC63: TRUE
A64: 0615061701 | C64: =CONCATENATE(B64,A64) -> 0615061701 | D64: 0615061701 | E64: NewPgm2223 | F64: 150617 | G64: Advanced Composites | H64: CAR | I64: J100400 | J64: 0600 | L64: FALSE | M64: Manufacturing | N64: Manufacturing | O64: INDUSTRIAL | P64: F | Q64: See (MCL) | R64: See current Master Credentials List (MCL) | S64: FALSE | V64: FALSE | Z64: FALSE | AA64: FALSE | AB64: 2022-23 | AC64: TRUE
A65: 0615130100 | C65: =CONCATENATE(B65,A65) -> 0615130100 | D65: 0615130100 | E65: 0615130100 | F65: 151301 | G65: Drafting | H65: CAR | I65: C100200 | J65: 1500 | L65: FALSE | M65: Architecture & Construction | N65: Archit & Const | O65: INDUSTRIAL | P65: F | Q65: See (MCL) | R65: See current Master Credentials List (MCL) | S65: FALSE | V65: FALSE | Z65: FALSE | AA65: FALSE | AB65: 2011-12 | AC65: TRUE
A66: 0615130205 | C66: =CONCATENATE(B66,A66) -> 0615130205 | D66: 0615130205 | E66: 0615130113 | F66: 151302 | G66: Computer Aided Drawing and Modeling | H66: CAR | I66: C100300 | J66: 1200 | L66: FALSE | M66: Architecture & Construction | N66: Archit & Const | O66: INDUSTRIAL | P66: F | Q66: See (MCL) | R66: See current Master Credentials List (MCL) | S66: FALSE | V66: FALSE | Z66: FALSE | AA66: FALSE | AB66: 2019-20 | AC66: TRUE
A67: 0615170300 | C67: =CONCATENATE(B67,A67) -> 0615170300 | D67: 0615170300 | E67: 0615050502 | F67: 151703 | G67: Solar Photovoltaic System Design, Installation and Maintenance - Entry Level | H67: CAR | I67: X600400 | J67: 0600 | L67: FALSE | M67: Energy | N67: Energy | O67: INDUSTRIAL | P67: F | Q67: See (MCL) | R67: See current Master Credentials List (MCL) | S67: FALSE | V67: FALSE | Z67: FALSE | AA67: FALSE | AB67: 2011-12 | AC67: TRUE
A68: 0646010107 | C68: =CONCATENATE(B68,A68) -> 0646010107 | D68: 0646010107 | E68: NewPgm2526 | F68: 460101 | G68: Brick and Block Masonry | H68: CAR | I68: C400600 | J68: 1200 | L68: FALSE | M68: Architecture & Construction | N68: Archit & Const | O68: INDUSTRIAL | P68: F | Q68: See (MCL) | R68: See current Master Credentials List (MCL) | S68: FALSE | V68: FALSE | Y68: 0646010103 | Z68: FALSE | AA68: TRUE | AB68: 2025-26 | AC68: TRUE
A69: 0646020117 | C69: =CONCATENATE(B69,A69) -> 0646020117 | D69: 0646020117 | E69: 0646020117 | F69: 460201 | G69: Carpentry | H69: CAR | I69: C510300 | J69: 1200 | L69: FALSE | M69: Architecture & Construction | N69: Archit & Const | O69: INDUSTRIAL | P69: F | Q69: See (MCL) | R69: See current Master Credentials List (MCL) | S69: FALSE | V69: FALSE | Z69: FALSE | AA69: FALSE | AB69: 2018-19 | AC69: TRUE
A70: 0646030202 | C70: =CONCATENATE(B70,A70) -> 0646030202 | D70: 0646030202 | E70: 0646030202 | F70: 460302 | G70: Electricity | H70: CAR | I70: I460312 | J70: 1200 | L70: FALSE | M70: Architecture & Construction | N70: Archit & Const | O70: INDUSTRIAL | P70: F | Q70: See (MCL) | R70: See current Master Credentials List (MCL) | S70: FALSE | V70: FALSE | Z70: FALSE | AA70: FALSE | AC70: TRUE
A71: 0646030204 | C71: =CONCATENATE(B71,A71) -> 0646030204 | D71: 0646030204 | E71: 0646030204 | F71: 460302 | G71: Electrician | H71: CAR | I71: I460314 | J71: 1500 | L71: FALSE | M71: Architecture & Construction | N71: Archit & Const | O71: INDUSTRIAL | P71: F | Q71: See (MCL) | R71: See current Master Credentials List (MCL) | S71: FALSE | V71: FALSE | Z71: FALSE | AA71: FALSE | AC71: TRUE
A72: 0646030208 | C72: =CONCATENATE(B72,A72) -> 0646030208 | D72: 0646030208 | E72: NewPgm2526 | F72: 460302 | G72: Electricity 1 | H72: CAR | I72: C400500 | J72: 0750 | L72: FALSE | M72: Architecture & Construction | N72: Archit & Const | O72: INDUSTRIAL | P72: F | Q72: See (MCL) | R72: See current Master Credentials List (MCL) | S72: FALSE | V72: FALSE | Z72: FALSE | AA72: TRUE | AB72: 2025-26 | AC72: TRUE
A73: 0646030302 | C73: =CONCATENATE(B73,A73) -> 0646030302 | D73: 0646030302 | E73: 0646030302 | F73: 460303 | G73: Electrical Lineworker | H73: CAR | I73: X100100 | J73: 1500 | L73: FALSE | M73: Energy | N73: Energy | O73: INDUSTRIAL | P73: F | Q73: See (MCL) | R73: See current Master Credentials List (MCL) | S73: FALSE | V73: FALSE | Y73: 0646030300 | Z73: FALSE | AA73: FALSE | AB73: 2019-20 | AC73: TRUE
A74: 0646040107 | C74: =CONCATENATE(B74,A74) -> 0646040107 | D74: 0646040107 | E74: NewPgm2223 | F74: 460401 | G74: Building Maintenance and Management | H74: CAR | I74: C700200 | J74: 0960 | L74: FALSE | M74: Architecture & Construction | N74: Archit & Const | O74: INDUSTRIAL | P74: F | Q74: See (MCL) | R74: See current Master Credentials List (MCL) | S74: FALSE | V74: FALSE | Z74: FALSE | AA74: FALSE | AB74: 2022-23 | AC74: TRUE
A75: 0646041502 | C75: =CONCATENATE(B75,A75) -> 0646041502 | D75: 0646041502 | E75: 0646041502 | F75: 460415 | G75: Building Construction Technologies | H75: CAR | I75: I460401 | J75: 1050 | L75: FALSE | M75: Architecture & Construction | N75: Archit & Const | O75: INDUSTRIAL | P75: F | Q75: See (MCL) | R75: See current Master Credentials List (MCL) | S75: FALSE | V75: FALSE | Z75: FALSE | AA75: FALSE | AC75: TRUE
A76: 0646041506 | C76: =CONCATENATE(B76,A76) -> 0646041506 | D76: 0646041506 | E76: 0646041506 | F76: 460415 | G76: Building Trades and Construction Design Technology | H76: CAR | I76: C100100 | J76: 0900 | L76: FALSE | M76: Architecture & Construction | N76: Archit & Const | O76: INDUSTRIAL | P76: F | Q76: See (MCL) | R76: See current Master Credentials List (MCL) | S76: FALSE | V76: FALSE | Z76: FALSE | AA76: FALSE | AB76: 2007-08 | AC76: TRUE
A77: 0646050200 | C77: =CONCATENATE(B77,A77) -> 0646050200 | D77: 0646050200 | E77: 0646050303 | F77: 460502 | G77: Industrial Pipefitter | H77: CAR | I77: I460514 | J77: 0600 | L77: FALSE | M77: Architecture & Construction | N77: Archit & Const | O77: INDUSTRIAL | P77: F | Q77: See (MCL) | R77: See current Master Credentials List (MCL) | S77: FALSE | V77: FALSE | Y77: 0646050303 | Z77: FALSE | AA77: FALSE | AC77: TRUE
A78: 0646050312 | C78: =CONCATENATE(B78,A78) -> 0646050312 | D78: 0646050312 | E78: 0646050312 | F78: 460503 | G78: Plumbing | H78: CAR | I78: C500500 | J78: 1080 | L78: FALSE | M78: Architecture & Construction | N78: Archit & Const | O78: INDUSTRIAL | P78: F | Q78: See (MCL) | R78: See current Master Credentials List (MCL) | S78: FALSE | V78: FALSE | Y78: 0646050302 | Z78: FALSE | AA78: FALSE | AB78: 2018-19 | AC78: TRUE
A79: 0647000002 | C79: =CONCATENATE(B79,A79) -> 0647000002 | D79: 0647000002 | E79: 0647000002 | F79: 470000 | G79: Natural Gas Operations and Distribution | H79: CAR | I79: X500200 | J79: 1220 | L79: FALSE | M79: Energy | N79: Energy | O79: INDUSTRIAL | P79: F | Q79: See (MCL) | R79: See current Master Credentials List (MCL) | S79: FALSE | V79: FALSE | Z79: FALSE | AA79: FALSE | AB79: 2017-18 | AC79: TRUE
A80: 0647010106 | C80: =CONCATENATE(B80,A80) -> 0647010106 | D80: 0647010106 | E80: 0647010106 | F80: 470101 | G80: Electronic Systems Integration and Automation | H80: CAR | I80: C700100 | J80: 0750 | L80: FALSE | M80: Architecture & Construction | N80: Archit & Const | O80: INDUSTRIAL | P80: F | Q80: See (MCL) | R80: See current Master Credentials List (MCL) | S80: FALSE | V80: FALSE | Z80: FALSE | AA80: FALSE | AB80: 2018-19 | AC80: TRUE
A81: 0647010306 | C81: =CONCATENATE(B81,A81) -> 0647010306 | D81: 0647010306 | E81: NewPgm2526 | F81: 470103 | G81: Telecommunications and Fiber Optics Technician | H81: CAR | I81: K600300 | J81: 0460 | L81: FALSE | M81: Arts, A/V Technology & Communication | N81: Arts AV & Comm | O81: INDUSTRIAL | P81: F | Q81: See (MCL) | R81: See current Master Credentials List (MCL) | S81: FALSE | V81: FALSE | Z81: FALSE | AA81: TRUE | AB81: 2025-26 | AC81: TRUE
A82: 0647010604 | C82: =CONCATENATE(B82,A82) -> 0647010604 | D82: 0647010604 | E82: 0647010604 | F82: 470106 | G82: Major Appliance and Refrigeration Technician | H82: CAR | I82: J620300 | J82: 1200 | L82: FALSE | M82: Manufacturing | N82: Manufacturing | O82: INDUSTRIAL | P82: F | Q82: See (MCL) | R82: See current Master Credentials List (MCL) | S82: FALSE | V82: FALSE | Z82: FALSE | AA82: FALSE | AB82: 2017-18 | AC82: TRUE
A83: 0647030201 | C83: =CONCATENATE(B83,A83) -> 0647030201 | D83: 0647030201 | E83: 0647030201 | F83: 470302 | G83: Heavy Equipment Service Technician | H83: CAR | I83: T440100 | J83: 1800 | L83: FALSE | M83: Transportation, Distribution & Logistics | N83: Tran Dist Log | O83: INDUSTRIAL | P83: F | Q83: See (MCL) | R83: See current Master Credentials List (MCL) | S83: FALSE | V83: FALSE | Y83: 0647030200 | Z83: FALSE | AA83: FALSE | AB83: 2016-17 | AC83: TRUE
A84: 0647030300 | C84: =CONCATENATE(B84,A84) -> 0647030300 | D84: 0647030300 | E84: 0647030300 | F84: 470303 | G84: Industrial Machinery Maintenance & Repair | H84: CAR | I84: I470303 | J84: 1350 | L84: FALSE | M84: Manufacturing | N84: Manufacturing | O84: INDUSTRIAL | P84: F | Q84: See (MCL) | R84: See current Master Credentials List (MCL) | S84: FALSE | V84: FALSE | Z84: FALSE | AA84: FALSE | AC84: TRUE
A85: 0647030302 | C85: =CONCATENATE(B85,A85) -> 0647030302 | D85: 0647030302 | E85: 0647030302 | F85: 470303 | G85: Millwright | H85: CAR | I85: I470313 | J85: 1350 | L85: FALSE | M85: Manufacturing | N85: Manufacturing | O85: INDUSTRIAL | P85: F | Q85: See (MCL) | R85: See current Master Credentials List (MCL) | S85: FALSE | V85: FALSE | Z85: FALSE | AA85: FALSE | AC85: TRUE
A86: 0647030303 | C86: =CONCATENATE(B86,A86) -> 0647030303 | D86: 0647030303 | E86: 0647030303 | F86: 470303 | G86: Industrial Machinery Maintenance 1 | H86: CAR | I86: J590100 | J86: 0750 | L86: FALSE | M86: Manufacturing | N86: Manufacturing | O86: INDUSTRIAL | P86: F | Q86: See (MCL) | R86: See current Master Credentials List (MCL) | S86: FALSE | V86: FALSE | Z86: FALSE | AA86: FALSE | AC86: TRUE
A87: 0647030304 | C87: =CONCATENATE(B87,A87) -> 0647030304 | D87: 0647030304 | E87: 0647030304 | F87: 470303 | G87: Industrial Machinery Maintenance 2 | H87: CAR | I87: J590200 | J87: 0600 | L87: FALSE | M87: Manufacturing | N87: Manufacturing | O87: INDUSTRIAL | P87: F | Q87: See (MCL) | R87: See current Master Credentials List (MCL) | S87: FALSE | V87: FALSE | Z87: FALSE | AA87: FALSE | AC87: TRUE
A88: 0647030305 | C88: =CONCATENATE(B88,A88) -> 0647030305 | D88: 0647030305 | E88: 0647030305 | F88: 470303 | G88: Millwright 1 | H88: CAR | I88: J590400 | J88: 0750 | L88: FALSE | M88: Manufacturing | N88: Manufacturing | O88: INDUSTRIAL | P88: F | Q88: See (MCL) | R88: See current Master Credentials List (MCL) | S88: FALSE | V88: FALSE | Z88: FALSE | AA88: FALSE | AC88: TRUE
A89: 0647030306 | C89: =CONCATENATE(B89,A89) -> 0647030306 | D89: 0647030306 | E89: 0647030306 | F89: 470303 | G89: Millwright 2 | H89: CAR | I89: J590500 | J89: 0600 | L89: FALSE | M89: Manufacturing | N89: Manufacturing | O89: INDUSTRIAL | P89: F | Q89: See (MCL) | R89: See current Master Credentials List (MCL) | S89: FALSE | V89: FALSE | Z89: FALSE | AA89: FALSE | AC89: TRUE
A90: 0647040808 | C90: =CONCATENATE(B90,A90) -> 0647040808 | D90: 0647040808 | E90: 0647040808 | F90: 470408 | G90: Jewelry Design and Repair 1 | H90: CAR | I90: J450600 | J90: 0900 | L90: FALSE | M90: Manufacturing | N90: Manufacturing | O90: INDUSTRIAL | P90: F | Q90: See (MCL) | R90: See current Master Credentials List (MCL) | S90: FALSE | V90: FALSE | Y90: 0647040804, 0647040806 | Z90: FALSE | AA90: FALSE | AB90: 2019-20 | AC90: TRUE
A91: 0647040809 | C91: =CONCATENATE(B91,A91) -> 0647040809 | D91: 0647040809 | E91: 0647040809 | F91: 470408 | G91: Jewelry Design and Repair 2 | H91: CAR | I91: J450700 | J91: 0750 | L91: FALSE | M91: Manufacturing | N91: Manufacturing | O91: INDUSTRIAL | P91: F | Q91: See (MCL) | R91: See current Master Credentials List (MCL) | S91: FALSE | V91: FALSE | Y91: 0647040805, 0647040806 | Z91: FALSE | AA91: FALSE | AB91: 2019-20 | AC91: TRUE
A92: 0647060306 | C92: =CONCATENATE(B92,A92) -> 0647060306 | D92: 0647060306 | E92: 0647060306 | F92: 470603 | G92: Automotive Collision Technology Technician | H92: CAR | I92: T401300 | J92: 1400 | L92: FALSE | M92: Transportation, Distribution & Logistics | N92: Tran Dist Log | O92: INDUSTRIAL | P92: F | Q92: See (MCL) | R92: See current Master Credentials List (MCL) | S92: FALSE | V92: FALSE | Y92: 0647060300, 0647060303, 0647060304 | Z92: FALSE | AA92: FALSE | AB92: 2017-18 | AC92: TRUE
A93: 0647060405 | C93: =CONCATENATE(B93,A93) -> 0647060405 | D93: 0647060405 | E93: 0647060405 | F93: 470604 | G93: Master Automotive Service Technology | H93: CAR | I93: I470608 | J93: 1800 | L93: FALSE | M93: Transportation, Distribution & Logistics | N93: Tran Dist Log | O93: INDUSTRIAL | P93: F | Q93: See (MCL) | R93: See current Master Credentials List (MCL) | S93: FALSE | V93: FALSE | Z93: FALSE | AA93: FALSE | AC93: TRUE
A94: 0647060406 | C94: =CONCATENATE(B94,A94) -> 0647060406 | D94: 0647060406 | E94: 0647060406 | F94: 470604 | G94: Manufacturer Specific Automotive Service Technology | H94: CAR | I94: I470604 | J94: 2400 | L94: FALSE | M94: Transportation, Distribution & Logistics | N94: Tran Dist Log | O94: INDUSTRIAL | P94: F | Q94: See (MCL) | R94: See current Master Credentials List (MCL) | S94: FALSE | V94: FALSE | Z94: FALSE | AA94: FALSE | AC94: TRUE
A95: 0647060411 | C95: =CONCATENATE(B95,A95) -> 0647060411 | D95: 0647060411 | E95: 0647060411 | F95: 470604 | G95: Master Automotive Service Technology 1 | H95: CAR | I95: T400700 | J95: 1050 | L95: FALSE | M95: Transportation, Distribution & Logistics | N95: Tran Dist Log | O95: INDUSTRIAL | P95: F | Q95: See (MCL) | R95: See current Master Credentials List (MCL) | S95: FALSE | V95: FALSE | Z95: FALSE | AA95: FALSE | AC95: TRUE
A96: 0647060412 | C96: =CONCATENATE(B96,A96) -> 0647060412 | D96: 0647060412 | E96: 0647060412 | F96: 470604 | G96: Master Automotive Service Technology 2 | H96: CAR | I96: T400800 | J96: 0750 | L96: FALSE | M96: Transportation, Distribution & Logistics | N96: Tran Dist Log | O96: INDUSTRIAL | P96: F | Q96: See (MCL) | R96: See current Master Credentials List (MCL) | S96: FALSE | V96: FALSE | Z96: FALSE | AA96: FALSE | AC96: TRUE
A97: 0647060413 | C97: =CONCATENATE(B97,A97) -> 0647060413 | D97: 0647060413 | E97: 0647060413 | F97: 470604 | G97: Manufacturer Specific Automotive Service Technology 1 | H97: CAR | I97: T600100 | J97: 0700 | L97: FALSE | M97: Transportation, Distribution & Logistics | N97: Tran Dist Log | O97: INDUSTRIAL | P97: F | Q97: See (MCL) | R97: See current Master Credentials List (MCL) | S97: FALSE | V97: FALSE | Z97: FALSE | AA97: FALSE | AC97: TRUE
A98: 0647060414 | C98: =CONCATENATE(B98,A98) -> 0647060414 | D98: 0647060414 | E98: 0647060414 | F98: 470604 | G98: Manufacturer Specific Automotive Service Technology 2 | H98: CAR | I98: T600200 | J98: 1700 | L98: FALSE | M98: Transportation, Distribution & Logistics | N98: Tran Dist Log | O98: INDUSTRIAL | P98: F | Q98: See (MCL) | R98: See current Master Credentials List (MCL) | S98: FALSE | V98: FALSE | Z98: FALSE | AA98: FALSE | AC98: TRUE
A99: 0647060422 | C99: =CONCATENATE(B99,A99) -> 0647060422 | D99: 0647060422 | E99: 0647060422 | F99: 470604 | G99: Automotive Maintenance and Light Repair Technician | H99: CAR | I99: T404100 | J99: 0600 | L99: FALSE | M99: Transportation, Distribution & Logistics | N99: Tran Dist Log | O99: INDUSTRIAL | P99: F | Q99: See (MCL) | R99: See current Master Credentials List (MCL) | S99: FALSE | V99: FALSE | Z99: FALSE | AA99: FALSE | AB99: 2017-18 | AC99: TRUE
A100: 0647060424 | C100: =CONCATENATE(B100,A100) -> 0647060424 | D100: 0647060424 | E100: 0647060424 | F100: 470604 | G100: Automotive Electrical Technician | H100: CAR | I100: T400720 | J100: 0750 | L100: FALSE | M100: Transportation, Distribution & Logistics | N100: Tran Dist Log | O100: INDUSTRIAL | P100: F | Q100: See (MCL) | R100: See current Master Credentials List (MCL) | S100: FALSE | V100: FALSE | Z100: FALSE | AA100: FALSE | AB100: 2017-18 | AC100: TRUE
...

Sheet Career_FCS
D1: Career Clusters for Perkins-Fundable Postsecondary Programs (FCS)
D2: Updated 07/30/26 based on the 7/27/26 Database. Programs in ineligible clusters have been excluded. If a program has been scheduled for teach-out or deletion, it is ineligible for EUM and has been excluded here. Contact Perkins@fldoe.org with questions.
A3: CIP_Number_2020 | B3: Leading Zero | C3: Concatenate | D3: CIP_Number_20202 | E3: CIP_Number_2010 | F3: Federal_6_Digit_CIP_2020 | G3: FDOE_Program_Title | H3: Program_Type | I3: Postsecondary_Program_Number | J3: Postsecondary_Hours | K3: College_Credit_Hours | L3: New_Pgm_Length_Change | M3: Career_Cluster | N3: Career_Areas_Abbrev | O3: Program_area | P3: NonTrad | Q3: SOC_Code | R3: SOC_Title | S3: Teach_Out_Programs | T3: Year_Daggered | U3: Last_Reportable_Year | V3: Replaced | W3: Replacement | X3: Replacement_2 | Y3: Replaces_Old_CIP | Z3: Single_Course_Program | AA3: New_Program | AB3: Year of Inception | AC3: Perkins_Fundable
A4: 0101030200 | C4: =CONCATENATE(B4,A4) -> 0101030200 | D4: 0101030200 | E4: 0101000001 | F4: 010302 | G4: Livestock Production Management | H4: CCC | K4: 0030 | L4: FALSE | M4: Agriculture, Food, and Natural Resources | N4: Ag Food & Nat R | O4: AGRISCIENCE AND NATURAL RESOURCES | P4: F | Q4: See (MCL) | R4: See current Master Credentials List (MCL) | S4: FALSE | V4: FALSE | Z4: FALSE | AA4: FALSE | AB4: 2019-20 | AC4: TRUE
A5: 0101030302 | C5: =CONCATENATE(B5,A5) -> 0101030302 | D5: 0101030302 | E5: 0101030302 | F5: 010303 | G5: Aquaculture Technology | H5: CCC | K5: 0026 | L5: FALSE | M5: Agriculture, Food, and Natural Resources | N5: Ag Food & Nat R | O5: AGRISCIENCE AND NATURAL RESOURCES | P5: F | Q5: See (MCL) | R5: See current Master Credentials List (MCL) | S5: FALSE | V5: FALSE | Z5: FALSE | AA5: FALSE | AC5: TRUE
A6: 0101030304 | C6: =CONCATENATE(B6,A6) -> 0101030304 | D6: 0101030304 | E6: 0103060102 | F6: 010303 | G6: Tropical Ornamental Mariculture Technician | H6: CCC | K6: 0030 | L6: FALSE | M6: Agriculture, Food, and Natural Resources | N6: Ag Food & Nat R | O6: AGRISCIENCE AND NATURAL RESOURCES | P6: F | Q6: See (MCL) | R6: See current Master Credentials List (MCL) | S6: FALSE | V6: FALSE | Z6: FALSE | AA6: FALSE | AB6: 2012-13 | AC6: TRUE
A7: 0101050501 | C7: =CONCATENATE(B7,A7) -> 0101050501 | D7: 0101050501 | E7: 0103060101 | F7: 010505 | G7: Marine Mammal Behavior and Training | H7: CCC | K7: 0015 | L7: FALSE | M7: Agriculture, Food, and Natural Resources | N7: Ag Food & Nat R | O7: AGRISCIENCE AND NATURAL RESOURCES | P7: X | Q7: See (MCL) | R7: See current Master Credentials List (MCL) | S7: FALSE | V7: FALSE | Z7: FALSE | AA7: FALSE | AB7: 2012-13 | AC7: TRUE
A8: 0101050701 | C8: =CONCATENATE(B8,A8) -> 0101050701 | D8: 0101050701 | E8: 0101050701 | F8: 010507 | G8: Equine Assistant Management | H8: CCC | K8: 0024 | L8: FALSE | M8: Agriculture, Food, and Natural Resources | N8: Ag Food & Nat R | O8: AGRISCIENCE AND NATURAL RESOURCES | P8: X | Q8: See (MCL) | R8: See current Master Credentials List (MCL) | S8: FALSE | V8: FALSE | Z8: FALSE | AA8: FALSE | AB8: 2003-04 | AC8: TRUE
A9: 0101050703 | C9: =CONCATENATE(B9,A9) -> 0101050703 | D9: 0101050703 | E9: 0101050703 | F9: 010507 | G9: Equine Technician | H9: CCC | K9: 0015 | L9: FALSE | M9: Agriculture, Food, and Natural Resources | N9: Ag Food & Nat R | O9: AGRISCIENCE AND NATURAL RESOURCES | P9: X | Q9: See (MCL) | R9: See current Master Credentials List (MCL) | S9: FALSE | V9: FALSE | Z9: FALSE | AA9: FALSE | AB9: 2014-15 | AC9: TRUE
A10: 0101060503 | C10: =CONCATENATE(B10,A10) -> 0101060503 | D10: 0101060503 | E10: 0101060503 | F10: 010605 | G10: Landscape & Horticulture Specialist | H10: CCC | K10: 0012 | L10: FALSE | M10: Agriculture, Food, and Natural Resources | N10: Ag Food & Nat R | O10: AGRISCIENCE AND NATURAL RESOURCES | P10: F | Q10: See (MCL) | R10: See current Master Credentials List (MCL) | S10: FALSE | V10: FALSE | Z10: FALSE | AA10: FALSE | AB10: 2004-05 | AC10: TRUE
A11: 0101060504 | C11: =CONCATENATE(B11,A11) -> 0101060504 | D11: 0101060504 | E11: 0101060504 | F11: 010605 | G11: Landscape & Horticulture Professional | H11: CCC | K11: 0018 | L11: FALSE | M11: Agriculture, Food, and Natural Resources | N11: Ag Food & Nat R | O11: AGRISCIENCE AND NATURAL RESOURCES | P11: F | Q11: See (MCL) | R11: See current Master Credentials List (MCL) | S11: FALSE | V11: FALSE | Z11: FALSE | AA11: FALSE | AB11: 2004-05 | AC11: TRUE
A12: 0101060505 | C12: =CONCATENATE(B12,A12) -> 0101060505 | D12: 0101060505 | E12: 0101060505 | F12: 010605 | G12: Landscape & Horticulture Technician | H12: CCC | K12: 0030 | L12: FALSE | M12: Agriculture, Food, and Natural Resources | N12: Ag Food & Nat R | O12: AGRISCIENCE AND NATURAL RESOURCES | P12: F | Q12: See (MCL) | R12: See current Master Credentials List (MCL) | S12: FALSE | V12: FALSE | Z12: FALSE | AA12: FALSE | AB12: 2004-05 | AC12: TRUE
A13: 0101060602 | C13: =CONCATENATE(B13,A13) -> 0101060602 | D13: 0101060602 | E13: 0101060602 | F13: 010606 | G13: Nursery Management | H13: CAR | I13: A010616 | J13: 0900 | L13: FALSE | M13: Agriculture, Food, and Natural Resources | N13: Ag Food & Nat R | O13: AGRISCIENCE AND NATURAL RESOURCES | P13: F | Q13: See (MCL) | R13: See current Master Credentials List (MCL) | S13: FALSE | V13: FALSE | Z13: FALSE | AA13: FALSE | AC13: TRUE
A14: 0101060703 | C14: =CONCATENATE(B14,A14) -> 0101060703 | D14: 0101060703 | E14: 0101060703 | F14: 010607 | G14: Landscape & Turf Management | H14: CAR | I14: A200100 | J14: 0900 | L14: FALSE | M14: Agriculture, Food, and Natural Resources | N14: Ag Food & Nat R | O14: AGRISCIENCE AND NATURAL RESOURCES | P14: F | Q14: See (MCL) | R14: See current Master Credentials List (MCL) | S14: FALSE | V14: FALSE | Z14: FALSE | AA14: FALSE | AB14: 2015-16 | AC14: TRUE
A15: 0101830100 | C15: =CONCATENATE(B15,A15) -> 0101830100 | D15: 0101830100 | E15: 0151080810 | F15: 018301 | G15: Veterinary Assisting | H15: CAR | I15: A010512 | J15: 0750 | L15: FALSE | M15: Agriculture, Food, and Natural Resources | N15: Ag Food & Nat R | O15: AGRISCIENCE AND NATURAL RESOURCES | P15: M | Q15: See (MCL) | R15: See current Master Credentials List (MCL) | S15: FALSE | V15: FALSE | Z15: FALSE | AA15: FALSE | AC15: TRUE
A16: 0301830100 | C16: =CONCATENATE(B16,A16) -> 0301830100 | D16: 0301830100 | E16: 0351080801 | F16: 018301 | G16: Veterinary Assisting | H16: CCC | K16: 0014 | L16: FALSE | M16: Agriculture, Food, and Natural Resources | N16: Ag Food & Nat R | O16: AGRISCIENCE AND NATURAL RESOURCES | P16: M | Q16: See (MCL) | R16: See current Master Credentials List (MCL) | S16: FALSE | V16: FALSE | Z16: FALSE | AA16: FALSE | AB16: 2019-20 | AC16: TRUE
A17: 0413121000 | C17: =CONCATENATE(B17,A17) -> 0413121000 | D17: 0413121000 | E17: 0413121000 | F17: 131210 | G17: Early Childhood Inclusion Specialization | H17: CCC | K17: 0012 | L17: FALSE | M17: Education & Training | N17: Ed & Train | O17: PUBLIC SERVICE | P17: M | Q17: See (MCL) | R17: See current Master Credentials List (MCL) | S17: FALSE | V17: FALSE | Z17: FALSE | AA17: FALSE | AB17: 2019-20 | AC17: TRUE
A18: 0419070802 | C18: =CONCATENATE(B18,A18) -> 0419070802 | D18: 0419070802 | E18: 0419070802 | F18: 190708 | G18: Child Care Center Operations | H18: CAR | I18: V200206 | J18: 0045 | L18: FALSE | M18: Education & Training | N18: Ed & Train | O18: FAMILY AND CONSUMER SCIENCES | P18: M | Q18: See (MCL) | R18: See current Master Credentials List (MCL) | S18: FALSE | V18: FALSE | Z18: TRUE | AA18: FALSE | AC18: TRUE
A19: 0419070904 | C19: =CONCATENATE(B19,A19) -> 0419070904 | D19: 0419070904 | E19: 0419070904 | F19: 190709 | G19: Early Childhood Development Specialization | H19: CCC | K19: 0036 | L19: FALSE | M19: Education & Training | N19: Ed & Train | O19: FAMILY AND CONSUMER SCIENCES | P19: M | Q19: See (MCL) | R19: See current Master Credentials List (MCL) | S19: FALSE | V19: FALSE | Z19: FALSE | AA19: FALSE | AC19: TRUE
A20: 0419070905 | C20: =CONCATENATE(B20,A20) -> 0419070905 | D20: 0419070905 | E20: 0419070905 | F20: 190709 | G20: Family Child Care Training | H20: CAR | I20: V200410 | J20: 0030 | L20: FALSE | M20: Education & Training | N20: Ed & Train | O20: FAMILY AND CONSUMER SCIENCES | P20: M | Q20: See (MCL) | R20: See current Master Credentials List (MCL) | S20: FALSE | V20: FALSE | Z20: TRUE | AA20: FALSE | AC20: TRUE
A21: 0419070906 | C21: =CONCATENATE(B21,A21) -> 0419070906 | D21: 0419070906 | E21: 0419070906 | F21: 190709 | G21: Child Care Center Management Specialization | H21: CCC | K21: 0012 | L21: FALSE | M21: Education & Training | N21: Ed & Train | O21: FAMILY AND CONSUMER SCIENCES | P21: M | Q21: See (MCL) | R21: See current Master Credentials List (MCL) | S21: FALSE | V21: FALSE | Z21: FALSE | AA21: FALSE | AB21: 2004-05 | AC21: TRUE
A22: 0419070907 | C22: =CONCATENATE(B22,A22) -> 0419070907 | D22: 0419070907 | E22: 0419070907 | F22: 190709 | G22: Infant/Toddler Specialization | H22: CCC | K22: 0012 | L22: FALSE | M22: Education & Training | N22: Ed & Train | O22: FAMILY AND CONSUMER SCIENCES | P22: M | Q22: See (MCL) | R22: See current Master Credentials List (MCL) | S22: FALSE | V22: FALSE | Z22: FALSE | AA22: FALSE | AB22: 2004-05 | AC22: TRUE
A23: 0419070908 | C23: =CONCATENATE(B23,A23) -> 0419070908 | D23: 0419070908 | E23: 0419070908 | F23: 190709 | G23: Preschool Specialization | H23: CCC | K23: 0012 | L23: FALSE | M23: Education & Training | N23: Ed & Train | O23: FAMILY AND CONSUMER SCIENCES | P23: M | Q23: See (MCL) | R23: See current Master Credentials List (MCL) | S23: FALSE | V23: FALSE | Z23: FALSE | AA23: FALSE | AB23: 2004-05 | AC23: TRUE
A24: 0419070913 | C24: =CONCATENATE(B24,A24) -> 0419070913 | D24: 0419070913 | E24: 0419070913 | F24: 190709 | G24: Early Childhood Education | H24: CAR | I24: E300100 | J24: 0600 | L24: FALSE | M24: Education & Training | N24: Ed & Train | O24: FAMILY AND CONSUMER SCIENCES | P24: M | Q24: See (MCL) | R24: See current Master Credentials List (MCL) | S24: FALSE | V24: FALSE | Z24: FALSE | AA24: FALSE | AB24: 2011-12 | AC24: TRUE
A25: 0419070914 | C25: =CONCATENATE(B25,A25) -> 0419070914 | D25: 0419070914 | E25: 0419070914 | F25: 190709 | G25: School Age Professional Certificate | H25: CAR | I25: V200310 | J25: 0120 | L25: FALSE | M25: Education & Training | N25: Ed & Train | O25: FAMILY AND CONSUMER SCIENCES | P25: M | Q25: See (MCL) | R25: See current Master Credentials List (MCL) | S25: FALSE | V25: FALSE | Z25: FALSE | AA25: FALSE | AC25: TRUE
A26: 0450040702 | C26: =CONCATENATE(B26,A26) -> 0450040702 | D26: 0450040702 | E26: 0450040702 | F26: 500407 | G26: Pattern Making and Construction | H26: CCC | K26: 0021 | L26: FALSE | M26: Arts, A/V Technology & Communication | N26: Arts AV & Comm | O26: FAMILY AND CONSUMER SCIENCES | P26: X | Q26: See (MCL) | R26: See current Master Credentials List (MCL) | S26: FALSE | V26: FALSE | Z26: FALSE | AA26: FALSE | AB26: 2020-21 | AC26: TRUE
A27: 0450040805 | C27: =CONCATENATE(B27,A27) -> 0450040805 | D27: 0450040805 | E27: 0450040805 | F27: 500408 | G27: Kitchen and Bath Specialization | H27: CCC | K27: 0039 | L27: FALSE | M27: Arts, A/V Technology & Communication | N27: Arts AV & Comm | O27: FAMILY AND CONSUMER SCIENCES | P27: X | Q27: See (MCL) | R27: See current Master Credentials List (MCL) | S27: FALSE | V27: FALSE | Z27: FALSE | AA27: FALSE | AC27: TRUE
A28: 0450040807 | C28: =CONCATENATE(B28,A28) -> 0450040807 | D28: 0450040807 | E28: 0450040807 | F28: 500408 | G28: Home Staging Specialist | H28: CCC | K28: 0012 | L28: FALSE | M28: Arts, A/V Technology & Communication | N28: Arts AV & Comm | O28: FAMILY AND CONSUMER SCIENCES | P28: X | Q28: See (MCL) | R28: See current Master Credentials List (MCL) | S28: FALSE | V28: FALSE | Z28: FALSE | AA28: FALSE | AB28: 2013-14 | AC28: TRUE
A29: 0450040808 | C29: =CONCATENATE(B29,A29) -> 0450040808 | D29: 0450040808 | E29: NewPgm2526 | F29: 500408 | G29: Interior Decorating Services | H29: CAR | I29: V700100 | J29: 1250 | L29: FALSE | M29: Arts, A/V Technology & Communication | N29: Arts AV & Comm | O29: FAMILY AND CONSUMER SCIENCES | P29: X | Q29: See (MCL) | R29: See current Master Credentials List (MCL) | S29: FALSE | V29: FALSE | Y29: 0450040804 | Z29: FALSE | AA29: TRUE | AB29: 2025-26 | AC29: TRUE
A30: 0509070200 | C30: =CONCATENATE(B30,A30) -> 0509070200 | D30: 0509070200 | E30: 0509070200 | F30: 090702 | G30: Digital Media Technology | H30: CAR | I30: Y500100 | J30: 0750 | L30: FALSE | M30: Information Technology | N30: Information Tec | O30: INDUSTRIAL | P30: X | Q30: See (MCL) | R30: See current Master Credentials List (MCL) | S30: FALSE | V30: FALSE | Z30: FALSE | AA30: FALSE | AB30: 2013-14 | AC30: TRUE
A31: 0510030306 | C31: =CONCATENATE(B31,A31) -> 0510030306 | D31: 0510030306 | E31: 0510030306 | F31: 100303 | G31: Digital Design | H31: CAR | I31: B070600 | J31: 1200 | L31: FALSE | M31: Arts, A/V Technology & Communication | N31: Arts AV & Comm | O31: BUSINESS TECHNOLOGY | P31: X | Q31: See (MCL) | R31: See current Master Credentials List (MCL) | S31: FALSE | V31: FALSE | Z31: FALSE | AA31: FALSE | AB31: 2012-13 | AC31: TRUE
A32: 0510030307 | C32: =CONCATENATE(B32,A32) -> 0510030307 | D32: 0510030307 | E32: 0510030307 | F32: 100303 | G32: Digital Design 1 | H32: CAR | I32: K700100 | J32: 0600 | L32: FALSE | M32: Arts, A/V Technology & Communication | N32: Arts AV & Comm | O32: BUSINESS TECHNOLOGY | P32: X | Q32: See (MCL) | R32: See current Master Credentials List (MCL) | S32: FALSE | V32: FALSE | Z32: FALSE | AA32: FALSE | AC32: TRUE
A33: 0510030308 | C33: =CONCATENATE(B33,A33) -> 0510030308 | D33: 0510030308 | E33: 0510030308 | F33: 100303 | G33: Digital Design 2 | H33: CAR | I33: K700200 | J33: 0600 | L33: FALSE | M33: Arts, A/V Technology & Communication | N33: Arts AV & Comm | O33: BUSINESS TECHNOLOGY | P33: X | Q33: See (MCL) | R33: See current Master Credentials List (MCL) | S33: FALSE | V33: FALSE | Z33: FALSE | AA33: FALSE | AC33: TRUE
A34: 0511010200 | C34: =CONCATENATE(B34,A34) -> 0511010200 | D34: 0511010200 | E34: NewPgm2324 | F34: 110102 | G34: Artificial Intelligence Practitioner | H34: CCC | K34: 0018 | L34: FALSE | M34: Information Technology | N34: Information Tec | O34: INFORMATION TECHNOLOGY | P34: F | Q34: See (MCL) | R34: See current Master Credentials List (MCL) | S34: FALSE | V34: FALSE | Z34: FALSE | AA34: FALSE | AB34: 2023-24 | AC34: TRUE
A35: 0511010302 | C35: =CONCATENATE(B35,A35) -> 0511010302 | D35: 0511010302 | E35: 0511010302 | F35: 110103 | G35: Applied Information Technology | H35: CAR | I35: Y300400 | J35: 0600 | L35: FALSE | M35: Information Technology | N35: Information Tec | O35: BUSINESS TECHNOLOGY | P35: F | Q35: See (MCL) | R35: See current Master Credentials List (MCL) | S35: FALSE | V35: FALSE | Z35: FALSE | AA35: FALSE | AB35: 2012-13 | AC35: TRUE
A36: 0511010307 | C36: =CONCATENATE(B36,A36) -> 0511010307 | D36: 0511010307 | E36: 0511010307 | F36: 110103 | G36: Information Technology Administration | H36: CCC | K36: 0018 | L36: FALSE | M36: Information Technology | N36: Information Tec | O36: BUSINESS TECHNOLOGY | P36: F | Q36: See (MCL) | R36: See current Master Credentials List (MCL) | S36: FALSE | V36: FALSE | Z36: FALSE | AA36: FALSE | AC36: TRUE
A37: 0511010311 | C37: =CONCATENATE(B37,A37) -> 0511010311 | D37: 0511010311 | E37: 0511010311 | F37: 110103 | G37: Information Technology Support Specialist | H37: CCC | K37: 0018 | L37: FALSE | M37: Information Technology | N37: Information Tec | O37: BUSINESS TECHNOLOGY | P37: F | Q37: See (MCL) | R37: See current Master Credentials List (MCL) | S37: FALSE | V37: FALSE | Z37: FALSE | AA37: FALSE | AC37: TRUE
A38: 0511010312 | C38: =CONCATENATE(B38,A38) -> 0511010312 | D38: 0511010312 | E38: 0511010312 | F38: 110103 | G38: Information Technology Analysis | H38: CCC | K38: 0027 | L38: FALSE | M38: Information Technology | N38: Information Tec | O38: BUSINESS TECHNOLOGY | P38: F | Q38: See (MCL) | R38: See current Master Credentials List (MCL) | S38: FALSE | V38: FALSE | Z38: FALSE | AA38: FALSE | AC38: TRUE
A39: 0511010313 | C39: =CONCATENATE(B39,A39) -> 0511010313 | D39: 0511010313 | E39: 0511010313 | F39: 110103 | G39: Help Desk Support Technician | H39: CCC | K39: 0016 | L39: FALSE | M39: Information Technology | N39: Information Tec | O39: INDUSTRIAL | P39: F | Q39: See (MCL) | R39: See current Master Credentials List (MCL) | S39: FALSE | V39: FALSE | Z39: FALSE | AA39: FALSE | AB39: 2013-14 | AC39: TRUE
A40: 0511020102 | C40: =CONCATENATE(B40,A40) -> 0511020102 | D40: 0511020102 | E40: 0511020102 | F40: 110201 | G40: Web Application Development & Programming | H40: CAR | I40: Y700500 | J40: 1050 | L40: FALSE | M40: Information Technology | N40: Information Tec | O40: BUSINESS TECHNOLOGY | P40: F | Q40: See (MCL) | R40: See current Master Credentials List (MCL) | S40: FALSE | V40: FALSE | Z40: FALSE | AA40: FALSE | AC40: TRUE
A41: 0511020103 | C41: =CONCATENATE(B41,A41) -> 0511020103 | D41: 0511020103 | E41: 0511020103 | F41: 110201 | G41: Software Development Specialist | H41: CCC | K41: 0018 | L41: FALSE | M41: Information Technology | N41: Information Tec | O41: BUSINESS TECHNOLOGY | P41: F | Q41: See (MCL) | R41: See current Master Credentials List (MCL) | S41: FALSE | V41: FALSE | Z41: FALSE | AA41: FALSE | AC41: TRUE
A42: 0511020110 | C42: =CONCATENATE(B42,A42) -> 0511020110 | D42: 0511020110 | E42: 0511020110 | F42: 110201 | G42: Internet of Things Applications | H42: CCC | K42: 0024 | L42: FALSE | M42: Information Technology | N42: Information Tec | O42: BUSINESS TECHNOLOGY | P42: F | Q42: See (MCL) | R42: See current Master Credentials List (MCL) | S42: FALSE | V42: FALSE | Z42: FALSE | AA42: FALSE | AB42: 2018-19 | AC42: TRUE
A43: 0511020113 | C43: =CONCATENATE(B43,A43) -> 0511020113 | D43: 0511020113 | E43: NewPgm2324 | F43: 110201 | G43: Artificial Intelligence Awareness | H43: CCC | K43: 0009 | L43: FALSE | M43: Information Technology | N43: Information Tec | O43: INFORMATION TECHNOLOGY | P43: F | Q43: See (MCL) | R43: See current Master Credentials List (MCL) | S43: FALSE | V43: FALSE | Z43: FALSE | AA43: FALSE | AB43: 2023-24 | AC43: TRUE
A44: 0511020200 | C44: =CONCATENATE(B44,A44) -> 0511020200 | D44: 0511020200 | E44: 0511020200 | F44: 110202 | G44: Software Developer | H44: CCC | K44: 0033 | L44: FALSE | M44: Information Technology | N44: Information Tec | O44: BUSINESS TECHNOLOGY | P44: F | Q44: See (MCL) | R44: See current Master Credentials List (MCL) | S44: FALSE | V44: FALSE | Z44: FALSE | AA44: FALSE | AC44: TRUE
A45: 0511020307 | C45: =CONCATENATE(B45,A45) -> 0511020307 | D45: 0511020307 | E45: 0511020307 | F45: 110203 | G45: Oracle Certified Database Administrator | H45: CCC | K45: 0015 | L45: FALSE | M45: Information Technology | N45: Information Tec | O45: BUSINESS TECHNOLOGY | P45: F | Q45: See (MCL) | R45: See current Master Credentials List (MCL) | S45: FALSE | V45: FALSE | Z45: FALSE | AA45: FALSE | AB45: 2003-04 | AC45: TRUE
A46: 0511020309 | C46: =CONCATENATE(B46,A46) -> 0511020309 | D46: 0511020309 | E46: 0511020309 | F46: 110203 | G46: Microsoft Certified Database Administrator Certificate | H46: CCC | K46: 0015 | L46: FALSE | M46: Information Technology | N46: Information Tec | O46: BUSINESS TECHNOLOGY | P46: F | Q46: See (MCL) | R46: See current Master Credentials List (MCL) | S46: FALSE | V46: FALSE | Z46: FALSE | AA46: FALSE | AC46: TRUE
A47: 0511020313 | C47: =CONCATENATE(B47,A47) -> 0511020313 | D47: 0511020313 | E47: 0511020313 | F47: 110203 | G47: Java Development & Programming | H47: CAR | I47: Y700200 | J47: 1200 | L47: FALSE | M47: Information Technology | N47: Information Tec | O47: BUSINESS TECHNOLOGY | P47: F | Q47: See (MCL) | R47: See current Master Credentials List (MCL) | S47: FALSE | V47: FALSE | Z47: FALSE | AA47: FALSE | AC47: TRUE
A48: 0511020314 | C48: =CONCATENATE(B48,A48) -> 0511020314 | D48: 0511020314 | E48: 0511020314 | F48: 110203 | G48: .NET Application Development and Programming | H48: CAR | I48: Y700400 | J48: 1050 | L48: FALSE | M48: Information Technology | N48: Information Tec | O48: BUSINESS TECHNOLOGY | P48: F | Q48: See (MCL) | R48: See current Master Credentials List (MCL) | S48: FALSE | V48: FALSE | Z48: FALSE | AA48: FALSE | AC48: TRUE
A49: 0511020315 | C49: =CONCATENATE(B49,A49) -> 0511020315 | D49: 0511020315 | E49: 0511020315 | F49: 110203 | G49: Database Application Development & Programming | H49: CAR | I49: Y700300 | J49: 1200 | L49: FALSE | M49: Information Technology | N49: Information Tec | O49: BUSINESS TECHNOLOGY | P49: F | Q49: See (MCL) | R49: See current Master Credentials List (MCL) | S49: FALSE | V49: FALSE | Z49: FALSE | AA49: FALSE | AB49: 2012-13 | AC49: TRUE
A50: 0511080100 | C50: =CONCATENATE(B50,A50) -> 0511080100 | D50: 0511080100 | E50: 0511080100 | F50: 110801 | G50: Web Development | H50: CAR | I50: Y700100 | J50: 1050 | L50: FALSE | M50: Information Technology | N50: Information Tec | O50: INDUSTRIAL | P50: X | Q50: See (MCL) | R50: See current Master Credentials List (MCL) | S50: FALSE | V50: FALSE | Z50: FALSE | AA50: FALSE | AB50: 2011-12 | AC50: TRUE
A51: 0511080103 | C51: =CONCATENATE(B51,A51) -> 0511080103 | D51: 0511080103 | E51: 0511080103 | F51: 110801 | G51: Web Development Specialist | H51: CCC | K51: 0035 | L51: FALSE | M51: Information Technology | N51: Information Tec | O51: BUSINESS TECHNOLOGY | P51: X | Q51: See (MCL) | R51: See current Master Credentials List (MCL) | S51: FALSE | V51: FALSE | Z51: FALSE | AA51: FALSE | AC51: TRUE
A52: 0511080402 | C52: =CONCATENATE(B52,A52) -> 0511080402 | D52: 0511080402 | E52: 0511080402 | F52: 110804 | G52: Modeling Simulation Production | H52: CAR | I52: Y500200 | J52: 1500 | L52: FALSE | M52: Information Technology | N52: Information Tec | O52: BUSINESS TECHNOLOGY | P52: F | Q52: See (MCL) | R52: See current Master Credentials List (MCL) | S52: FALSE | V52: FALSE | Z52: FALSE | AA52: FALSE | AB52: 2017-18 | AC52: TRUE
A53: 0511080403 | C53: =CONCATENATE(B53,A53) -> 0511080403 | D53: 0511080403 | E53: 0511080403 | F53: 110804 | G53: Modeling Simulation Design | H53: CAR | I53: Y500300 | J53: 1500 | L53: FALSE | M53: Information Technology | N53: Information Tec | O53: BUSINESS TECHNOLOGY | P53: F | Q53: See (MCL) | R53: See current Master Credentials List (MCL) | S53: FALSE | V53: FALSE | Z53: FALSE | AA53: FALSE | AB53: 2017-18 | AC53: TRUE
A54: 0511090102 | C54: =CONCATENATE(B54,A54) -> 0511090102 | D54: 0511090102 | E54: 0511090102 | F54: 110901 | G54: Network Support Services | H54: CAR | I54: B078000 | J54: 1050 | L54: FALSE | M54: Information Technology | N54: Information Tec | O54: BUSINESS TECHNOLOGY | P54: F | Q54: See (MCL) | R54: See current Master Credentials List (MCL) | S54: FALSE | V54: FALSE | Z54: FALSE | AA54: FALSE | AC54: TRUE
A55: 0511090105 | C55: =CONCATENATE(B55,A55) -> 0511090105 | D55: 0511090105 | E55: 0511090105 | F55: 110901 | G55: Network Systems Administration | H55: CAR | I55: B079300 | J55: 1050 | L55: FALSE | M55: Information Technology | N55: Information Tec | O55: BUSINESS TECHNOLOGY | P55: F | Q55: See (MCL) | R55: See current Master Credentials List (MCL) | S55: FALSE | V55: FALSE | Z55: FALSE | AA55: FALSE | AB55: 2005-06 | AC55: TRUE
A56: 0511090107 | C56: =CONCATENATE(B56,A56) -> 0511090107 | D56: 0511090107 | E56: 0511090107 | F56: 110901 | G56: Computer Systems & Information Technology (CSIT) | H56: CAR | I56: Y100200 | J56: 0900 | L56: FALSE | M56: Information Technology | N56: Information Tec | O56: BUSINESS TECHNOLOGY | P56: F | Q56: See (MCL) | R56: See current Master Credentials List (MCL) | S56: FALSE | V56: FALSE | Z56: FALSE | AA56: FALSE | AB56: 2012-13 | AC56: TRUE
A57: 0511090200 | C57: =CONCATENATE(B57,A57) -> 0511090200 | D57: 0511090200 | E57: 0511100303 | F57: 110902 | G57: Cloud Computing & Virtualization | H57: CAR | I57: Y100400 | J57: 0900 | L57: FALSE | M57: Information Technology | N57: Information Tec | O57: INDUSTRIAL | P57: F | Q57: See (MCL) | R57: See current Master Credentials List (MCL) | S57: FALSE | V57: FALSE | Z57: FALSE | AA57: FALSE | AB57: 2014-15 | AC57: TRUE
A58: 0511100112 | C58: =CONCATENATE(B58,A58) -> 0511100112 | D58: 0511100112 | E58: 0511100112 | F58: 111001 | G58: Network Server Administration | H58: CCC | K58: 0024 | L58: FALSE | M58: Information Technology | N58: Information Tec | O58: INDUSTRIAL | P58: F | Q58: See (MCL) | R58: See current Master Credentials List (MCL) | S58: FALSE | V58: FALSE | Z58: FALSE | AA58: FALSE | AB58: 2013-14 | AC58: TRUE
A59: 0511100113 | C59: =CONCATENATE(B59,A59) -> 0511100113 | D59: 0511100113 | E59: 0511100113 | F59: 111001 | G59: Network Enterprise Administration | H59: CCC | K59: 0032 | L59: FALSE | M59: Information Technology | N59: Information Tec | O59: INDUSTRIAL | P59: F | Q59: See (MCL) | R59: See current Master Credentials List (MCL) | S59: FALSE | V59: FALSE | Z59: FALSE | AA59: FALSE | AB59: 2013-14 | AC59: TRUE
A60: 0511100114 | C60: =CONCATENATE(B60,A60) -> 0511100114 | D60: 0511100114 | E60: 0511100114 | F60: 111001 | G60: Network Infrastructure | H60: CCC | K60: 0021 | L60: FALSE | M60: Information Technology | N60: Information Tec | O60: INDUSTRIAL | P60: F | Q60: See (MCL) | R60: See current Master Credentials List (MCL) | S60: FALSE | V60: FALSE | Z60: FALSE | AA60: FALSE | AB60: 2013-14 | AC60: TRUE
A61: 0511100115 | C61: =CONCATENATE(B61,A61) -> 0511100115 | D61: 0511100115 | E61: 0511100115 | F61: 111001 | G61: Advanced Network Infrastructure | H61: CCC | K61: 0036 | L61: FALSE | M61: Information Technology | N61: Information Tec | O61: INDUSTRIAL | P61: F | Q61: See (MCL) | R61: See current Master Credentials List (MCL) | S61: FALSE | V61: FALSE | Z61: FALSE | AA61: FALSE | AB61: 2013-14 | AC61: TRUE
A62: 0511100116 | C62: =CONCATENATE(B62,A62) -> 0511100116 | D62: 0511100116 | E62: 0511100116 | F62: 111001 | G62: Network Virtualization | H62: CCC | K62: 0024 | L62: FALSE | M62: Information Technology | N62: Information Tec | O62: INDUSTRIAL | P62: F | Q62: See (MCL) | R62: See current Master Credentials List (MCL) | S62: FALSE | V62: FALSE | Z62: FALSE | AA62: FALSE | AB62: 2013-14 | AC62: TRUE
A63: 0511100117 | C63: =CONCATENATE(B63,A63) -> 0511100117 | D63: 0511100117 | E63: 0511100117 | F63: 111001 | G63: Advanced Network Virtualization | H63: CCC | K63: 0034 | L63: FALSE | M63: Information Technology | N63: Information Tec | O63: INDUSTRIAL | P63: F | Q63: See (MCL) | R63: See current Master Credentials List (MCL) | S63: FALSE | V63: FALSE | Z63: FALSE | AA63: FALSE | AB63: 2013-14 | AC63: TRUE
A64: 0511100118 | C64: =CONCATENATE(B64,A64) -> 0511100118 | D64: 0511100118 | E64: 0511100118 | F64: 111001 | G64: Network Security | H64: CCC | K64: 0030 | L64: FALSE | M64: Information Technology | N64: Information Tec | O64: INDUSTRIAL | P64: F | Q64: See (MCL) | R64: See current Master Credentials List (MCL) | S64: FALSE | V64: FALSE | Z64: FALSE | AA64: FALSE | AB64: 2013-14 | AC64: TRUE
A65: 0511100119 | C65: =CONCATENATE(B65,A65) -> 0511100119 | D65: 0511100119 | E65: 0511100119 | F65: 111001 | G65: Digital Forensics | H65: CCC | K65: 0032 | L65: FALSE | M65: Information Technology | N65: Information Tec | O65: INDUSTRIAL | P65: F | Q65: See (MCL) | R65: See current Master Credentials List (MCL) | S65: FALSE | V65: FALSE | Z65: FALSE | AA65: FALSE | AB65: 2013-14 | AC65: TRUE
A66: 0511100120 | C66: =CONCATENATE(B66,A66) -> 0511100120 | D66: 0511100120 | E66: 0511100120 | F66: 111001 | G66: IP Communications | H66: CCC | K66: 0032 | L66: FALSE | M66: Information Technology | N66: Information Tec | O66: INDUSTRIAL | P66: F | Q66: See (MCL) | R66: See current Master Credentials List (MCL) | S66: FALSE | V66: FALSE | Z66: FALSE | AA66: FALSE | AB66: 2013-14 | AC66: TRUE
A67: 0511100121 | C67: =CONCATENATE(B67,A67) -> 0511100121 | D67: 0511100121 | E67: 0511100121 | F67: 111001 | G67: Network Support Technician | H67: CCC | K67: 0021 | L67: FALSE | M67: Information Technology | N67: Information Tec | O67: INDUSTRIAL | P67: F | Q67: See (MCL) | R67: See current Master Credentials List (MCL) | S67: FALSE | V67: FALSE | Z67: FALSE | AA67: FALSE | AB67: 2013-14 | AC67: TRUE
A68: 0511100122 | C68: =CONCATENATE(B68,A68) -> 0511100122 | D68: 0511100122 | E68: 0511100122 | F68: 111001 | G68: Linux System Administrator | H68: CCC | K68: 0024 | L68: FALSE | M68: Information Technology | N68: Information Tec | O68: INDUSTRIAL | P68: F | Q68: See (MCL) | R68: See current Master Credentials List (MCL) | S68: FALSE | V68: FALSE | Z68: FALSE | AA68: FALSE | AC68: TRUE
A69: 0511100123 | C69: =CONCATENATE(B69,A69) -> 0511100123 | D69: 0511100123 | E69: 0511100123 | F69: 111001 | G69: Enterprise Network and Server Support Technology | H69: CAR | I69: Y300500 | J69: 0750 | L69: FALSE | M69: Information Technology | N69: Information Tec | O69: BUSINESS TECHNOLOGY | P69: F | Q69: See (MCL) | R69: See current Master Credentials List (MCL) | S69: FALSE | V69: FALSE | Z69: FALSE | AA69: FALSE | AB69: 2017-18 | AC69: TRUE
A70: 0511100124 | C70: =CONCATENATE(B70,A70) -> 0511100124 | D70: 0511100124 | E70: 0511100124 | F70: 111001 | G70: Enterprise Desktop and Mobile Support Technology | H70: CAR | I70: Y300600 | J70: 1050 | L70: FALSE | M70: Information Technology | N70: Information Tec | O70: BUSINESS TECHNOLOGY | P70: F | Q70: See (MCL) | R70: See current Master Credentials List (MCL) | S70: FALSE | V70: FALSE | Z70: FALSE | AA70: FALSE | AB70: 2017-18 | AC70: TRUE
A71: 0511100311 | C71: =CONCATENATE(B71,A71) -> 0511100311 | D71: 0511100311 | E71: 0511100311 | F71: 111003 | G71: Database & E-Commerce Security | H71: CCC | K71: 0018 | L71: FALSE | M71: Information Technology | N71: Information Tec | O71: BUSINESS TECHNOLOGY | P71: F | Q71: See (MCL) | R71: See current Master Credentials List (MCL) | S71: FALSE | V71: FALSE | Z71: FALSE | AA71: FALSE | AC71: TRUE
A72: 0511100313 | C72: =CONCATENATE(B72,A72) -> 0511100313 | D72: 0511100313 | E72: NewPgm2324 | F72: 111003 | G72: Cybersecurity Operations Analyst | H72: CCC | K72: 0024 | L72: FALSE | M72: Information Technology | N72: Information Tec | O72: INFORMATION TECHNOLOGY | P72: F | Q72: See (MCL) | R72: See current Master Credentials List (MCL) | S72: FALSE | V72: FALSE | Z72: FALSE | AA72: FALSE | AB72: 2023-24 | AC72: TRUE
A73: 0511100314 | C73: =CONCATENATE(B73,A73) -> 0511100314 | D73: 0511100314 | E73: NewPgm2324 | F73: 111003 | G73: Cybersecurity Analyst | H73: CCC | K73: 0024 | L73: FALSE | M73: Information Technology | N73: Information Tec | O73: INFORMATION TECHNOLOGY | P73: F | Q73: See (MCL) | R73: See current Master Credentials List (MCL) | S73: FALSE | V73: FALSE | Z73: FALSE | AA73: FALSE | AB73: 2023-24 | AC73: TRUE
A74: 0511100316 | C74: =CONCATENATE(B74,A74) -> 0511100316 | D74: 0511100316 | E74: NewPgm2627 | F74: 111003 | G74: Applied Cybersecurity | H74: CAR | I74: Y100500 | J74: 0750 | L74: FALSE | M74: Information Technology | N74: Information Tec | O74: BUSINESS TECHNOLOGY | P74: F | Q74: See (MCL) | R74: See current Master Credentials List (MCL) | S74: FALSE | V74: FALSE | Y74: 0511100302 | Z74: FALSE | AA74: TRUE | AB74: 2026-27 | AC74: TRUE
A75: 0511100501 | C75: =CONCATENATE(B75,A75) -> 0511100501 | D75: 0511100501 | E75: 0511100501 | F75: 111005 | G75: Project Management Associate | H75: CCC | K75: 0012 | L75: FALSE | M75: Information Technology | N75: Information Tec | O75: BUSINESS TECHNOLOGY | P75: X | Q75: See (MCL) | R75: See current Master Credentials List (MCL) | S75: FALSE | V75: FALSE | Z75: FALSE | AA75: FALSE | AB75: 2018-19 | AC75: TRUE
A76: 0511100502 | C76: =CONCATENATE(B76,A76) -> 0511100502 | D76: 0511100502 | E76: 0511100502 | F76: 111005 | G76: Technology Project Manager | H76: CCC | K76: 0024 | L76: FALSE | M76: Information Technology | N76: Information Tec | O76: BUSINESS TECHNOLOGY | P76: X | Q76: See MCL | R76: See current Master Credentials List (MCL) | S76: FALSE | V76: FALSE | Z76: FALSE | AA76: FALSE | AB76: 2018-19 | AC76: TRUE
A77: 0515120200 | C77: =CONCATENATE(B77,A77) -> 0515120200 | D77: 0515120200 | E77: 0515120200 | F77: 151202 | G77: Technology Support Services | H77: CAR | I77: Y100100 | J77: 0600 | L77: FALSE | M77: Information Technology | N77: Information Tec | O77: INDUSTRIAL | P77: F | Q77: See (MCL) | R77: See current Master Credentials List (MCL) | S77: FALSE | V77: FALSE | Z77: TRUE | AA77: FALSE | AB77: 2013-14 | AC77: TRUE
A78: 0522030103 | C78: =CONCATENATE(B78,A78) -> 0522030103 | D78: 0522030103 | E78: 0522030103 | F78: 220301 | G78: Legal Administrative Specialist | H78: CAR | I78: B072000 | J78: 1050 | L78: FALSE | M78: Business Management and Administration | N78: Bus Man & Adm | O78: BUSINESS TECHNOLOGY | P78: M | Q78: See (MCL) | R78: See current Master Credentials List (MCL) | S78: FALSE | V78: FALSE | Z78: FALSE | AA78: FALSE | AC78: TRUE
A79: 0522030305 | C79: =CONCATENATE(B79,A79) -> 0522030305 | D79: 0522030305 | E79: 0522030305 | F79: 220303 | G79: Court Reporting 2 | H79: CAR | I79: B700600 | J79: 0600 | L79: FALSE | M79: Business Management and Administration | N79: Bus Man & Adm | O79: BUSINESS TECHNOLOGY | P79: X | Q79: See (MCL) | R79: See current Master Credentials List (MCL) | S79: FALSE | V79: FALSE | Z79: TRUE | AA79: FALSE | AC79: TRUE
A80: 0522030306 | C80: =CONCATENATE(B80,A80) -> 0522030306 | D80: 0522030306 | E80: 0522030306 | F80: 220303 | G80: Court Reporting 3 | H80: CAR | I80: B700700 | J80: 1500 | L80: FALSE | M80: Business Management and Administration | N80: Bus Man & Adm | O80: BUSINESS TECHNOLOGY | P80: X | Q80: See (MCL) | R80: See current Master Credentials List (MCL) | S80: FALSE | V80: FALSE | Z80: FALSE | AA80: FALSE | AC80: TRUE
A81: 0522030311 | C81: =CONCATENATE(B81,A81) -> 0522030311 | D81: 0522030311 | E81: 0522030311 | F81: 220303 | G81: Court Reporting Technology | H81: CAR | I81: B600100 | J81: 0750 | L81: FALSE | M81: Business Management and Administration | N81: Bus Man & Adm | O81: BUSINESS TECHNOLOGY | P81: X | Q81: See (MCL) | R81: See current Master Credentials List (MCL) | S81: FALSE | V81: FALSE | Y81: 0522030300 | Z81: FALSE | AA81: FALSE | AB81: 2014-15 | AC81: TRUE
A82: 0530700100 | C82: =CONCATENATE(B82,A82) -> 0530700100 | D82: 0530700100 | E82: NewPgm2223 | F82: 307001 | G82: Data Science Technician | H82: CCC | K82: 0036 | L82: FALSE | M82: Information Technology | N82: Information Tec | O82: INFORMATION TECHNOLOGY | P82: F | Q82: See (MCL) | R82: See current Master Credentials List (MCL) | S82: FALSE | V82: FALSE | Z82: FALSE | AA82: FALSE | AB82: 2022-23 | AC82: TRUE
A83: 0530710400 | C83: =CONCATENATE(B83,A83) -> 0530710400 | D83: 0530710400 | E83: NewPgm2223 | F83: 307104 | G83: FinTech Technician | H83: CCC | K83: 0033 | L83: FALSE | M83: Information Technology | N83: Information Tec | O83: INFORMATION TECHNOLOGY | P83: X | Q83: See (MCL) | R83: See current Master Credentials List (MCL) | S83: FALSE | V83: FALSE | Z83: FALSE | AA83: FALSE | AB83: 2022-23 | AC83: TRUE
A84: 0531050400 | C84: =CONCATENATE(B84,A84) -> 0531050400 | D84: 0531050400 | E84: NewPgm2526 | F84: 310504 | G84: Athletic Coaching and Leadership | H84: CCC | K84: 0018 | L84: FALSE | M84: Business Management and Administration | N84: Bus Man & Adm | O84: BUSINESS TECHNOLOGY | P84: X | Q84: See (MCL) | R84: See current Master Credentials List (MCL) | S84: FALSE | V84: FALSE | Z84: FALSE | AA84: TRUE | AB84: 2025-26 | AC84: TRUE
A85: 0531050401 | C85: =CONCATENATE(B85,A85) -> 0531050401 | D85: 0531050401 | E85: NewPgm2526 | F85: 310504 | G85: Esports Management Operations | H85: CCC | K85: 0018 | L85: FALSE | M85: Business Management and Administration | N85: Bus Man & Adm | O85: BUSINESS TECHNOLOGY | P85: X | Q85: See MCL | R85: See current Master Credentials List (MCL) | S85: FALSE | V85: FALSE | Z85: FALSE | AA85: TRUE | AB85: 2025-26 | AC85: TRUE
A86: 0545070213 | C86: =CONCATENATE(B86,A86) -> 0545070213 | D86: 0545070213 | E86: 0545070213 | F86: 450702 | G86: Geographic Information System | H86: CCC | K86: 0021 | L86: FALSE | M86: Information Technology | N86: Information Tec | O86: BUSINESS TECHNOLOGY | P86: F | Q86: See (MCL) | R86: See current Master Credentials List (MCL) | S86: FALSE | V86: FALSE | Z86: FALSE | AA86: FALSE | AC86: TRUE
A87: 0550041114 | C87: =CONCATENATE(B87,A87) -> 0550041114 | D87: 0550041114 | E87: 0550041114 | F87: 500411 | G87: Game/Simulation/Animation Visual Design | H87: CAR | I87: B082100 | J87: 0600 | L87: FALSE | M87: Information Technology | N87: Information Tec | O87: BUSINESS TECHNOLOGY | P87: X | Q87: See (MCL) | R87: See current Master Credentials List (MCL) | S87: FALSE | V87: FALSE | Z87: FALSE | AA87: FALSE | AB87: 2008-09 | AC87: TRUE
A88: 0550041115 | C88: =CONCATENATE(B88,A88) -> 0550041115 | D88: 0550041115 | E88: 0550041115 | F88: 500411 | G88: Game/Simulation/Animation Audio/Video Effects | H88: CAR | I88: B082200 | J88: 0600 | L88: FALSE | M88: Information Technology | N88: Information Tec | O88: BUSINESS TECHNOLOGY | P88: X | Q88: See (MCL) | R88: See current Master Credentials List (MCL) | S88: FALSE | V88: FALSE | Z88: FALSE | AA88: FALSE | AB88: 2008-09 | AC88: TRUE
A89: 0550041116 | C89: =CONCATENATE(B89,A89) -> 0550041116 | D89: 0550041116 | E89: 0550041116 | F89: 500411 | G89: Game/Simulation/Animation Programming | H89: CAR | I89: B082300 | J89: 0600 | L89: FALSE | M89: Information Technology | N89: Information Tec | O89: BUSINESS TECHNOLOGY | P89: X | Q89: See (MCL) | R89: See current Master Credentials List (MCL) | S89: FALSE | V89: FALSE | Z89: FALSE | AA89: FALSE | AB89: 2008-09 | AC89: TRUE
A90: 0550041118 | C90: =CONCATENATE(B90,A90) -> 0550041118 | D90: 0550041118 | E90: 0550041118 | F90: 500411 | G90: Virtual & Augmented Reality Technologies | H90: CCC | K90: 0019 | L90: FALSE | M90: Information Technology | N90: Information Tec | O90: BUSINESS TECHNOLOGY | P90: X | Q90: See (MCL) | R90: See current Master Credentials List (MCL) | S90: FALSE | V90: FALSE | Z90: FALSE | AA90: FALSE | AB90: 2018-19 | AC90: TRUE
A91: 0551070500 | C91: =CONCATENATE(B91,A91) -> 0551070500 | D91: 0551070500 | E91: 0551071605 | F91: 510705 | G91: Medical Office Management | H91: CCC | K91: 0034 | L91: FALSE | M91: Business Management and Administration | N91: Bus Man & Adm | O91: BUSINESS TECHNOLOGY | P91: X | Q91: See (MCL) | R91: See current Master Credentials List (MCL) | S91: FALSE | V91: FALSE | Z91: FALSE | AA91: FALSE | AB91: 2003-04 | AC91: TRUE
A92: 0551071001 | C92: =CONCATENATE(B92,A92) -> 0551071001 | D92: 0551071001 | E92: 0551071001 | F92: 510710 | G92: Medical Office Specialist | H92: CCC | K92: 0018 | L92: FALSE | M92: Business Management and Administration | N92: Bus Man & Adm | O92: BUSINESS TECHNOLOGY | P92: M | Q92: See (MCL) | R92: See current Master Credentials List (MCL) | S92: FALSE | V92: FALSE | Z92: FALSE | AA92: FALSE | AB92: 2020-21 | AC92: TRUE
A93: 0551071603 | C93: =CONCATENATE(B93,A93) -> 0551071603 | D93: 0551071603 | E93: 0551071603 | F93: 510716 | G93: Medical Administrative Specialist | H93: CAR | I93: B070300 | J93: 1050 | L93: FALSE | M93: Business Management and Administration | N93: Bus Man & Adm | O93: BUSINESS TECHNOLOGY | P93: M | Q93: See (MCL) | R93: See current Master Credentials List (MCL) | S93: FALSE | V93: FALSE | Z93: FALSE | AA93: FALSE | AC93: TRUE
A94: 0552020101 | C94: =CONCATENATE(B94,A94) -> 0552020101 | D94: 0552020101 | E94: 0552020101 | F94: 520201 | G94: Business Management and Analysis | H94: CAR | I94: B060200 | J94: 0900 | L94: FALSE | M94: Business Management and Administration | N94: Bus Man & Adm | O94: BUSINESS TECHNOLOGY | P94: F | Q94: See (MCL) | R94: See current Master Credentials List (MCL) | S94: FALSE | V94: FALSE | Y94: 0506040101 | Z94: FALSE | AA94: FALSE | AC94: TRUE
A95: 0552020103 | C95: =CONCATENATE(B95,A95) -> 0552020103 | D95: 0552020103 | E95: 0552020103 | F95: 520201 | G95: Business Specialist | H95: CCC | K95: 0012 | L95: FALSE | M95: Business Management and Administration | N95: Bus Man & Adm | O95: BUSINESS TECHNOLOGY | P95: F | Q95: See (MCL) | R95: See current Master Credentials List (MCL) | S95: FALSE | V95: FALSE | Z95: FALSE | AA95: FALSE | AB95: 2003-04 | AC95: TRUE
A96: 0552020104 | C96: =CONCATENATE(B96,A96) -> 0552020104 | D96: 0552020104 | E96: 0552020104 | F96: 520201 | G96: Business Operations | H96: CCC | K96: 0018 | L96: FALSE | M96: Business Management and Administration | N96: Bus Man & Adm | O96: BUSINESS TECHNOLOGY | P96: F | Q96: See (MCL) | R96: See current Master Credentials List (MCL) | S96: FALSE | V96: FALSE | Z96: FALSE | AA96: FALSE | AB96: 2003-04 | AC96: TRUE
A97: 0552020105 | C97: =CONCATENATE(B97,A97) -> 0552020105 | D97: 0552020105 | E97: 0552020105 | F97: 520201 | G97: Human Resources Administrator | H97: CCC | K97: 0021 | L97: FALSE | M97: Business Management and Administration | N97: Bus Man & Adm | O97: BUSINESS TECHNOLOGY | P97: F | Q97: See (MCL) | R97: See current Master Credentials List (MCL) | S97: FALSE | V97: FALSE | Z97: FALSE | AA97: FALSE | AC97: TRUE
A98: 0552020107 | C98: =CONCATENATE(B98,A98) -> 0552020107 | D98: 0552020107 | E98: 0552020107 | F98: 520201 | G98: Applied Management | H98: AAS | K98: 0060 | L98: FALSE | M98: Business Management and Administration | N98: Bus Man & Adm | O98: BUSINESS TECHNOLOGY | P98: F | Q98: See (MCL) | R98: See current Master Credentials List (MCL) | S98: FALSE | V98: FALSE | Z98: FALSE | AA98: FALSE | AB98: 2015-16 | AC98: TRUE
A99: 0552020113 | C99: =CONCATENATE(B99,A99) -> 0552020113 | D99: 0552020113 | E99: 0552020113 | F99: 520201 | G99: Real Estate Specialist | H99: CCC | K99: 0012 | L99: FALSE | M99: Business Management and Administration | N99: Bus Man & Adm | O99: BUSINESS TECHNOLOGY | P99: F | Q99: See (MCL) | R99: See current Master Credentials List (MCL) | S99: FALSE | V99: FALSE | Z99: FALSE | AA99: FALSE | AB99: 2019-20 | AC99: TRUE
A100: 0552020117 | C100: =CONCATENATE(B100,A100) -> 0552020117 | D100: 0552020117 | E100: NewPgm2324 | F100: 520201 | G100: Sport Management Operations | H100: CCC | K100: 0018 | L100: FALSE | M100: Business Management and Administration | N100: Bus Man & Adm | O100: BUSINESS TECHNOLOGY | P100: F | Q100: See (MCL) | R100: See current Master Credentials List (MCL) | S100: FALSE | V100: FALSE | Z100: FALSE | AA100: FALSE | AB100: 2023-24 | AC100: TRUE
...

Sheet Lookup
H1: Workforce Development Area (24–28) | I1: County
A2: Yes | B2: Agriculture, Food & Natural Resources | H2: 26 | I2: Alachua
A3: No | B3: Architecture & Construction [Priority] | H3: 8 | I3: Baker
B4: Arts, A/V Technology & Communication | H4: 4 | I4: Bay
B5: Business, Management & Administration | H5: 26 | I5: Bradford
B6: Education & Training | H6: 27 | I6: Brevard
B7: Energy [Priority] | H7: 22 | I7: Broward
B8: Information Technology | H8: 3 | I8: Calhoun
B9: Law, Public Safety & Security | H9: 24 | I9: Charlotte
B10: Manufacturing [Priority] | H10: 10 | I10: Citrus
B11: Transportation, Distribution & Logistics [Priority] | H11: 8 | I11: Clay
H12: 24 | I12: Collier
H13: 26 | I13: Columbia
H14: 19 | I14: DeSoto
H15: 26 | I15: Dixie
H16: 8 | I16: Duval
H17: 1 | I17: Escambia
H18: 27 | I18: Flagler
H19: 4 | I19: Franklin
H20: 5 | I20: Gadsden
H21: 26 | I21: Gilchrist
H22: 24 | I22: Glades
H23: 4 | I23: Gulf
... H68: 3 | I68: Washington

Sheet Version_History_and_Key
A1: Prepared for "green-slip" review 08/01/23 by JN.
A2: JN review of grant and updates. Made recommendations to BH and KT for changes. Meetings with TG, BH, CF, MM, MS and staff. Review and approval by Leadership.
A3: Auto-populated cells added. Light editing of 101S (removed merged cells, etc.)
A4: Note: Use 101S found under Adult Education, Expansion grant. This is used by DCAE/Grants & Compliance. The Standard OGM version on the Perkins funding page has different instructions for codes. JN, 8/10/23
A5: In purple sheet process, terms such as "daggered" (changed to "scheduled for teach-out or deletion") and "pitch" (changed to "concept pitch proposal") were modified. Additional ADA checks. JN, 10/03/23
A8: Prepared for "green-slip" review 06/03/24 by JN.
A9: JN review of grant and updates, made recommendations. Updates from TG. Meetings with BH, MS, WE, and staff. AY included. Sent for review and approval by Leadership.
A10: Used the 11/15/23 Division of Career and Adult Education (DCAE) Program Database (maintained by CW). This was the version used for the Entitlement Grants.
A11: Major updates throughout the workbook. Removed budget form instructions not applicable to EUM for clarity.
A12: To generate the Cluster and Teach-Out lists, removed secondary programs from the database list. Removed non-fundable (this will end up removing ATC and CWE programs). Followed additional steps.
A13: Tab color codes: Green=Informational, Blue=Form, Red=Functional for Workbook, Black=Reference.
A15: Note on the Career Cluster Sheet in 2024–25:
... A31: For reference, program types key below.
A32: Perkins eligible? | B32: Code | C32: Explanation
B33: AS | C33: Associate of science
B34: AAS | C34: Associate of applied science
A35: No | B35: ATC | C35: Applied tech certificate
B36: ATD | C36: Applied tech diploma (only 7 total in both ATD categories as of 12/24)
B37: CAR | C37: Regular clock hour career certificate
B38: CAR-ATD | C38: Career certificate, applied tech diploma
B39: CAR-Prep | C39: Secondary regular career courses.
A40: No | B40: CWE | C40: Continuing Workforce Ed
B41: APPR | C41: Apprenticeship
B42: CCC | C42: College credit certificate
B43: WBL-CAP | C43: Work-based learning captsone
B44: ESE | C44: Special Education
B45: Expl | C45: Middle school exploratory
B46: Tech Ed | C46: Basically STEM. High school. Often lacks SOC code.
A47: No | B47: Other | C47: Usually half or single course. Not a single one of these in 12/24 was Perkins eligible.
A49: After 2022, several old CIP/program number items cleaned up.
A50: If a program has a secondary program number, it is secondary only. It is not postsecondary.
A52: Prepared for "green-slip" review 04/9/26 by BH.

Sheet PSDag
D1: Postsecondary Programs Scheduled for Teach-Out or Deletion (District and FCS)
D2: Updated 07/30/26 based on the 7/27/26 Database. Programs in ineligible clusters have been excluded. If a program has been scheduled for teach-out or deletion, it is ineligible for EUM. If such a program is marked as "true" in the "Replaced" column, then check the "Replaces Old CIP" column to locate the new CIP. Contact Perkins@fldoe.org with questions. If needed, the Florida CIP-SOC Crosswalk (FL XWalk) is here: https://www.fldoe.org/academics/career-adult-edu/career-tech-edu/program-resources.stml
A3: CIP_Number_2020 | B3: Leading Zero | C3: Concatenate | D3: CIP_Number_20202 | E3: CIP_Number_2010 | F3: Federal_6_Digit_CIP_2020 | G3: FDOE_Program_Title | H3: Program_Type | I3: Postsecondary_Program_Number | J3: Postsecondary_Hours | K3: College_Credit_Hours | L3: New_Pgm_Length_Change | M3: Career_Cluster | N3: Career_Areas_Abbrev | O3: Program_area | P3: NonTrad | Q3: SOC_Code | R3: SOC_Title | S3: Teach_Out_Programs | T3: Year_Daggered | U3: Last_Reportable_Year | V3: Replaced | W3: Replacement | X3: Replaces_Old_CIP | Y3: Single_Course_Program | Z3: New_Program | AA3: Year of Inception | AB3: Perkins_Fundable
A4: 0450040804 | C4: =CONCATENATE(B4,A4) -> 0450040804 | D4: 0450040804 | E4: 0450040804 | F4: 500408 | G4: Interior Decorating Services | H4: CAR | I4: V200600 | J4: 1050 | L4: FALSE | M4: Arts, A/V Technology & Communication | N4: Arts AV & Comm | O4: FAMILY AND CONSUMER SCIENCES | P4: X | Q4: See (MCL) | R4: See current Master Credentials List (MCL) | S4: TRUE | T4: 25-26 | U4: 28-29 | V4: TRUE | W4: 0450040808 | Y4: TRUE | Z4: No | AB4: TRUE
A5: 0511100302 | C5: =CONCATENATE(B5,A5) -> 0511100302 | D5: 0511100302 | E5: 0511100302 | F5: 111003 | G5: Applied Cybersecurity | H5: CAR | I5: Y100300 | J5: 0750 | L5: FALSE | M5: Information Technology | N5: Information Tec | O5: BUSINESS TECHNOLOGY | P5: F | Q5: See (MCL) | R5: See current Master Credentials List (MCL) | S5: TRUE | T5: 26-27 | U5: 27-28 | V5: TRUE | W5: 0511100316 | Y5: TRUE | Z5: No | AA5: 2017-18 | AB5: TRUE
A6: 0552030202 | C6: =CONCATENATE(B6,A6) -> 0552030202 | D6: 0552030202 | E6: 0552030202 | F6: 520302 | G6: Accounting Operations | H6: CAR | I6: B070110 | J6: 0900 | L6: FALSE | M6: Business Management and Administration | N6: Bus Man & Adm | O6: BUSINESS TECHNOLOGY | P6: M | Q6: See (MCL) | R6: See current Master Credentials List (MCL) | S6: TRUE | T6: 25-26 | U6: 27-28 | V6: TRUE | W6: 0552030207 | Y6: TRUE | Z6: No | AA6: 2018-19 | AB6: TRUE
A7: 0552040103 | C7: =CONCATENATE(B7,A7) -> 0552040103 | D7: 0552040103 | E7: 0552040103 | F7: 520401 | G7: Administrative Office Specialist | H7: CAR | I7: B070330 | J7: 1050 | L7: FALSE | M7: Business Management and Administration | N7: Bus Man & Adm | O7: BUSINESS TECHNOLOGY | P7: M | Q7: See (MCL) | R7: See current Master Credentials List (MCL) | S7: TRUE | T7: 25-26 | U7: 27-28 | V7: TRUE | W7: 0552040104 | Y7: TRUE | Z7: No | AA7: 2017-18 | AB7: TRUE
A8: 0609070208 | C8: =CONCATENATE(B8,A8) -> 0609070208 | D8: 0609070208 | E8: 0609070208 | F8: 090702 | G8: Digital Media/Multimedia Design | H8: CAR | I8: K100200 | J8: 1050 | L8: FALSE | M8: Arts, A/V Technology & Communication | N8: Arts AV & Comm | O8: BUSINESS TECHNOLOGY | P8: X | Q8: See (MCL) | R8: See current Master Credentials List (MCL) | S8: TRUE | T8: 26-27 | U8: 28-29 | V8: TRUE | W8: 0650010219 | Y8: TRUE | Z8: No | AA8: 2013-14 | AB8: TRUE
A9: 0610010524 | C9: =CONCATENATE(B9,A9) -> 0610010524 | D9: 0610010524 | E9: 0610010524 | F9: 100105 | G9: Digital Video Technology | H9: CAR | I9: K100400 | J9: 0900 | L9: FALSE | M9: Arts, A/V Technology & Communication | N9: Arts AV & Comm | O9: INDUSTRIAL | P9: F | Q9: See (MCL) | R9: See current Master Credentials List (MCL) | S9: TRUE | T9: 26-27 | U9: 28-29 | V9: TRUE | W9: 0610010525 | X9: 0610010522 | Y9: TRUE | AB9: TRUE
A10: 0646010103 | C10: =CONCATENATE(B10,A10) -> 0646010103 | D10: 0646010103 | E10: 0646010103 | F10: 460101 | G10: Brick and Block Masonry | H10: CAR | I10: I463112 | J10: 1650 | L10: FALSE | M10: Architecture & Construction | N10: Archit & Const | O10: INDUSTRIAL | P10: F | Q10: See (MCL) | R10: See current Master Credentials List (MCL) | S10: TRUE | T10: 25-26 | U10: 28-29 | V10: TRUE | W10: 0646010107 | Y10: TRUE | AB10: TRUE
A11: 0647060703 | C11: =CONCATENATE(B11,A11) -> 0647060703 | D11: 0647060703 | E11: 0647060703 | F11: 470607 | G11: Aviation Airframe Mechanics | H11: CAR | I11: T640300 | J11: 1350 | L11: FALSE | M11: Transportation, Distribution & Logistics | N11: Tran Dist Log | O11: INDUSTRIAL | P11: F | Q11: See (MCL) | R11: See current Master Credentials List (MCL) | S11: TRUE | T11: 26-27 | U11: 28-29 | V11: TRUE | W11: 0647060705 | X11: 0647060700 | Y11: TRUE | AB11: TRUE
A12: 0647060801 | C12: =CONCATENATE(B12,A12) -> 0647060801 | D12: 0647060801 | E12: 0647060801 | F12: 470608 | G12: Aviation Powerplant Mechanics | H12: CAR | I12: T640400 | J12: 1350 | L12: FALSE | M12: Transportation, Distribution & Logistics | N12: Tran Dist Log | O12: INDUSTRIAL | P12: F | Q12: See (MCL) | R12: See current Master Credentials List (MCL) | S12: TRUE | T12: 26-27 | U12: 28-29 | V12: TRUE | W12: 0647060802 | X12: 0647060800 | Y12: TRUE | AB12: TRUE
A13: 0648070303 | C13: =CONCATENATE(B13,A13) -> 0648070303 | D13: 0648070303 | E13: 0648070303 | F13: 480703 | G13: Cabinetmaking | H13: CAR | I13: C410400 | J13: 1200 | L13: FALSE | M13: Architecture & Construction | N13: Archit & Const | O13: INDUSTRIAL | P13: F | Q13: See (MCL) | R13: See current Master Credentials List (MCL) | S13: TRUE | T13: 26-27 | U13: 27-28 | V13: FALSE | Y13: TRUE | AB13: TRUE
A14: 0650060211 | C14: =CONCATENATE(B14,A14) -> 0650060211 | D14: 0650060211 | E14: 0650060211 | F14: 500602 | G14: Digital Cinema Production | H14: CAR | I14: K100100 | J14: 1050 | L14: FALSE | M14: Arts, A/V Technology & Communication | N14: Arts AV & Comm | O14: INDUSTRIAL | P14: F | Q14: See (MCL) | R14: See current Master Credentials List (MCL) | S14: TRUE | T14: 26-27 | U14: 28-29 | V14: TRUE | W14: 0650060227 | Y14: TRUE | AB14: TRUE
A15: 0743010200 | C15: =CONCATENATE(B15,A15) -> 0743010200 | D15: 0743010200 | E15: 0743010200 | F15: 430102 | G15: Correctional Officer (Traditional Correctional BRTP) | H15: CAR | I15: P430102 | J15: 0420 | L15: FALSE | M15: Law, Public Safety & Security | N15: Law Public S S | O15: PUBLIC SERVICE | P15: F | Q15: See (MCL) | R15: See current Master Credentials List (MCL) | S15: TRUE | T15: 25-26 | U15: 29-30 | V15: FALSE | W15: 0743010213 | Y15: TRUE | AB15: TRUE
A16: 0743010203 | C16: =CONCATENATE(B16,A16) -> 0743010203 | D16: 0743010203 | E16: 0743010203 | F16: 430102 | G16: Crossover from Correctional Officer to Correctional Probation Officer | H16: CAR | I16: P430132 | J16: 0290 | L16: FALSE | M16: Law, Public Safety & Security | N16: Law Public S S | O16: PUBLIC SERVICE | P16: F | Q16: See (MCL) | R16: See current Master Credentials List (MCL) | S16: TRUE | T16: 25-26 | U16: 29-30 | V16: TRUE | W16: 0743010215 | Y16: TRUE | AB16: TRUE
A17: 0743010204 | C17: =CONCATENATE(B17,A17) -> 0743010204 | D17: 0743010204 | E17: 0743010204 | F17: 430102 | G17: Crossover from Correctional Probation Officer to Correctional BRTP | H17: CAR | I17: P430142 | J17: 0158 | L17: FALSE | M17: Law, Public Safety & Security | N17: Law Public S S | O17: PUBLIC SERVICE | P17: F | Q17: See (MCL) | R17: See current Master Credentials List (MCL) | S17: TRUE | T17: 25-26 | U17: 29-30 | V17: TRUE | W17: 0743010216 | Y17: TRUE | AB17: TRUE
A18: 0743010205 | C18: =CONCATENATE(B18,A18) -> 0743010205 | D18: 0743010205 | E18: 0743010205 | F18: 430102 | G18: Crossover from Law Enforcement Officer to Correctional Officer | H18: CAR | I18: P430152 | J18: 0198 | L18: FALSE | M18: Law, Public Safety & Security | N18: Law Public S S | O18: PUBLIC SERVICE | P18: F | Q18: See (MCL) | R18: See current Master Credentials List (MCL) | S18: TRUE | T18: 25-26 | U18: 29-30 | V18: TRUE | W18: 0743010214 | Y18: TRUE | AB18: TRUE
A19: 0743010210 | C19: =CONCATENATE(B19,A19) -> 0743010210 | D19: 0743010210 | E19: 0743010210 | F19: 430102 | G19: FBRTP: Corrections Basic Recruit Training for Special Operations Recruits | H19: CAR | I19: P430255 | J19: 0214 | L19: FALSE | M19: Law, Public Safety & Security | N19: Law Public S S | O19: PUBLIC SERVICE | P19: F | Q19: See (MCL) | R19: See current Master Credentials List (MCL) | S19: TRUE | T19: 25-26 | U19: 29-30 | V19: TRUE | W19: 0743010217 | Y19: TRUE | AB19: TRUE
A20: 0743010703 | C20: =CONCATENATE(B20,A20) -> 0743010703 | D20: 0743010703 | E20: 0743010703 | F20: 430107 | G20: Crossover from Correctional Probation Officer to Law Enforcement Officer | H20: CAR | I20: P430107 | J20: 0452 | L20: FALSE | M20: Law, Public Safety & Security | N20: Law Public S S | O20: PUBLIC SERVICE | P20: F | Q20: See (MCL) | R20: See current Master Credentials List (MCL) | S20: TRUE | T20: 25-26 | U20: 29-30 | V20: TRUE | W20: 0743010712 | Y20: TRUE | AB20: TRUE
A21: 1615061307 | C21: =CONCATENATE(B21,A21) -> 1615061307 | D21: 1615061307 | E21: 1615061307 | F21: 150613 | G21: Manufacturing Technology | H21: AS | K21: 0064 | L21: FALSE | M21: Manufacturing | N21: Manufacturing | O21: INDUSTRIAL | P21: F | Q21: See (MCL) | R21: See current Master Credentials List (MCL) | S21: TRUE | T21: 26-27 | U21: 28-29 | V21: FALSE | Y21: TRUE | AB21: TRUE
A22: 1615080101 | C22: =CONCATENATE(B22,A22) -> 1615080101 | D22: 1615080101 | E22: 1615080101 | F22: 150801 | G22: Simulation Technology | H22: AS | K22: 0068 | L22: FALSE | M22: Manufacturing | N22: Manufacturing | O22: INDUSTRIAL | P22: F | Q22: See (MCL) | R22: See current Master Credentials List (MCL) | S22: TRUE | T22: 26-27 | U22: 26-27 | V22: FALSE | Y22: TRUE | AB22: TRUE
A23: 1649010404 | C23: =CONCATENATE(B23,A23) -> 1649010404 | D23: 1649010404 | E23: 1649010404 | F23: 490104 | G23: Aviation Operations | H23: AS | K23: 0060 | L23: FALSE | M23: Transportation, Distribution & Logistics | N23: Tran Dist Log | O23: INDUSTRIAL | P23: F | Q23: See (MCL) | R23: See current Master Credentials List (MCL) | S23: TRUE | T23: 26-27 | U23: 26-27 | V23: FALSE | Y23: TRUE | AB23: TRUE
